Workbook
Name \E: #REF!
Name \E: #REF!
Name \E: #REF!
Name \E: #REF!
Name \E: #REF!
Name \E: #REF!
Name __: NA()
Name ____: #REF!
Name ____: #REF!
Name ____: #REF!
Name _____________________________________________________________________xlnm.Print_Area_1: [1]консалт!#REF!
Name _____________________________________________________________________xlnm.Print_Area_1: [1]консалт!#REF!
Name _____________________________________________________________________xlnm.Print_Area_1: [1]консалт!#REF!
Name ___________________________________________________________________xlnm.Print_Area_1: [1]консалт!#REF!
Name ___________________________________________________________________xlnm.Print_Area_1: [1]консалт!#REF!
Name ___________________________________________________________________xlnm.Print_Area_1: [1]консалт!#REF!
Name _________________________________________________________________xlnm.Print_Area_1: [1]консалт!#REF!
Name _________________________________________________________________xlnm.Print_Area_1: [1]консалт!#REF!
Name _________________________________________________________________xlnm.Print_Area_1: [1]консалт!#REF!
Name ________________________________________________________________xlnm.Print_Area_1: [1]консалт!#REF!
Name ________________________________________________________________xlnm.Print_Area_1: [1]консалт!#REF!
Name ________________________________________________________________xlnm.Print_Area_1: [1]консалт!#REF!
Name _______________________________________________________________xlnm.Print_Area_1: [1]консалт!#REF!
Name _______________________________________________________________xlnm.Print_Area_1: [1]консалт!#REF!
Name _______________________________________________________________xlnm.Print_Area_1: [1]консалт!#REF!
Name ______________________________________________________________xlnm.Database: #N/A
Name ______________________________________________________________xlnm.Database_1: #N/A
Name ______________________________________________________________xlnm.Print_Area_1: [1]консалт!#REF!
Name ______________________________________________________________xlnm.Print_Area_1: [1]консалт!#REF!
Name ______________________________________________________________xlnm.Print_Area_1: [1]консалт!#REF!
Name _____________________________________________________________xlnm.Database: #N/A
Name _____________________________________________________________xlnm.Database_1: #N/A
Name _____________________________________________________________xlnm.Print_Area_1: [1]консалт!#REF!
Name _____________________________________________________________xlnm.Print_Area_1: [1]консалт!#REF!
Name _____________________________________________________________xlnm.Print_Area_1: [1]консалт!#REF!
Name ____________________________________________________________xlnm.Database: #N/A
Name ____________________________________________________________xlnm.Database_1: #N/A
Name ____________________________________________________________xlnm.Print_Area_1: [1]консалт!#REF!
Name ____________________________________________________________xlnm.Print_Area_1: [1]консалт!#REF!
Name ____________________________________________________________xlnm.Print_Area_1: [1]консалт!#REF!
Name ___________________________________________________________xlnm.Database: #N/A
Name ___________________________________________________________xlnm.Database_1: #N/A
Name ___________________________________________________________xlnm.Print_Area_1: [1]консалт!#REF!
Name ___________________________________________________________xlnm.Print_Area_1: [1]консалт!#REF!
Name ___________________________________________________________xlnm.Print_Area_1: [1]консалт!#REF!
Name __________________________________________________________xlnm.Database: #N/A
Name __________________________________________________________xlnm.Database_1: #N/A
Name __________________________________________________________xlnm.Print_Area_1: [1]консалт!#REF!
Name __________________________________________________________xlnm.Print_Area_1: [1]консалт!#REF!
Name __________________________________________________________xlnm.Print_Area_1: [1]консалт!#REF!
Name _________________________________________________________xlnm.Database: #N/A
Name _________________________________________________________xlnm.Database_1: #N/A
Name _________________________________________________________xlnm.Print_Area_1: [1]консалт!#REF!
Name _________________________________________________________xlnm.Print_Area_1: [1]консалт!#REF!
Name _________________________________________________________xlnm.Print_Area_1: [1]консалт!#REF!
Name ________________________________________________________xlnm.Database: #N/A
Name ________________________________________________________xlnm.Database_1: #N/A
Name ________________________________________________________xlnm.Print_Area_1: [1]консалт!#REF!
Name ________________________________________________________xlnm.Print_Area_1: [1]консалт!#REF!
Name ________________________________________________________xlnm.Print_Area_1: [1]консалт!#REF!

Sheet  СВОД рус
A2: Информация по проекту бюджета Министерства транспорта РК на 2026-2028 годы
G3: тыс. тенге | J3: тыс. тенге
A4: Программа | B4: Подпрограмма | C4: Наименование | D4: Утв. бюджет на 2025 год | E4: Поддержано | H4: Дополнительная заявка | K4: Примечание
E5: 2026 год | F5: 2027 | G5: 2028 | H5: 2026 год | I5: 2027 год | J5: 2028 год | M5: 2025 утвержденный | N5: разница +/- | O5: 2026 утвержденный | P5: разница +/-
A6: 1 | B6: 2 | C6: 3 | D6: 4 | E6: 5 | F6: 6 | G6: 7 | H6: 8 | I6: 9 | J6: 10 | K6: 8
D7: =D9-D8 -> 457807985
C8: Без ЛРТ, ТОХ, аэропортов и метро | D8: =D9-D73-D96-D237-D475-D385 -> 695711805
A9: ВСЕГО по Министерству: | D9: =D10+D16+D70+D72+D73+D81+D382+D388+D390+D474+D475+D478+D499+D389+D385+D552 -> 1153519790 | E9: =E10+E16+E70+E72+E73+E81+E382+E388+E390+E474+E475+E478+E499+E389+E385+E552 -> 858871952 | F9: =F10+F16+F70+F72+F73+F81+F382+F388+F390+F474+F475+F478+F499+F389+F385+F552 -> 5.4849382e+08 | G9: =G10+G16+G70+G72+G73+G81+G382+G388+G390+G474+G475+G478+G499+G389+G385+G552 -> 5.6568526e+08 | H9: =H10+H16+H70+H72+H73+H81+H382+H388+H390+H474+H475+H478+H499+H389+H385+H552 -> 68891092 | I9: =I10+I16+I70+I72+I73+I81+I382+I388+I390+I474+I475+I478+I499+I389+I385+I552 -> 0 | J9: =J10+J16+J70+J72+J73+J81+J382+J388+J390+J474+J475+J478+J499+J389+J385+J552 -> 0 | K9: =K10+K16+K70+K72+K73+K81+K382+K388+K390+K474+K475+K478+K499+K389+K385+K552 -> 0 | L9: =669974096-E9 -> -188897856
A10: 001 | C10: Формирование и реализация политики государства в области транспорта и коммуникаций | D10: =SUM(D11:D15) -> 12603445 | E10: =SUM(E11:E15) -> 11943803 | F10: =SUM(F11:F15) -> 10296063 | G10: =SUM(G11:G15) -> 10297353
B11: 100 | C11: Обеспечение деятельности уполномоченного органа в области транспорта и коммуникаций | D11: 1719842 | E11: 1991993 | F11: 1422517 | G11: 1422807
B12: 104 | C12: Обеспечение функционирования информационных систем и информационно-техническое обеспечение государственных органов | D12: ='по комитетам'!E8 -> 1304815 | E12: 1527992 | F12: 730881 | G12: 731881
B13: 105 | C13: Содержание административных зданий | D13: 2162737 | E13: 1184185 | F13: 915002 | G13: 915002
B14: 111 | C14: Капитальные расходы Министерства транспорта Республики Казахстан | D14: ='по комитетам'!E10 -> 781649
B15: 123 | C15: Текущие административные расходы | D15: 6634402 | E15: 7239633 | F15: 7227663 | G15: 7227663.4
A16: 003 | C16: Развитие автомобильных дорог на республиканском уровне | D16: =D17+D24+D44+D51 -> 177919610 | E16: =E17+E24+E44+E51 -> 42435146 | F16: =F17+F24+F44+F51 -> 13503668 | G16: =G17+G24+G44+G51 -> 1156266 | M16: 45743344 | N16: =#REF!-M16 -> #REF! | O16: 49254091 | P16: =#REF!-O16 -> #REF!
B17: 004 | C17: За счет внешних займов | D17: ='по комитетам'!E20 -> 72250000 | E17: 6675435 | F17: ='по комитетам'!G20 -> 0 | G17: ='по комитетам'!H20 -> 0
C18: Реконструкция автомобильной дороги республиканского значения «Узынагаш - Отар» | D18: ='СП МТ'!D23 -> 5100000 | E18: ='по комитетам'!F21 -> 5707750 | F18: ='по комитетам'!G21 -> 0 | G18: ='по комитетам'!H21 -> 0
C19: Реконструкция и проектно-изыскательские работы коридора Центр-Юг «Астана - Караганда - Балхаш - Курты - Капшагай - Алматы» участок «Курты - Бурылбайтал» | D19: ='СП МТ'!D24 -> 2911464 | E19: ='по комитетам'!F22 -> 0 | F19: ='по комитетам'!G22 -> 0 | G19: ='по комитетам'!H22 -> 0
C20: Реконструкция и проектно-изыскательские работы коридора Центр-Юг «Астана - Караганда - Балхаш - Курты - Капшагай - Алматы» участок «Балхаш - Бурылбайтал» | D20: ='СП МТ'!D25 -> 22970750 | E20: ='по комитетам'!F23 -> 3655000 | F20: ='по комитетам'!G23 -> 0 | G20: ='по комитетам'!H23 -> 0
C21: Реконструкция автомобильной дороги республиканского значения «Гр. РФ (на Орск) - Актобе - Атырау - гр. РФ (на Астрахань)» участок «Кандыагаш - Макат» | D21: ='СП МТ'!D26 -> 909546 | F21: ='по комитетам'!G24 -> 0 | G21: ='по комитетам'!H24 -> 0
C22: Реконструкция и проектно-изыскательские работы международного транзитного коридора «Западная Европа - Западный Китай» | D22: ='СП МТ'!D27 -> 1530000 | F22: ='по комитетам'!G25 -> 0 | G22: ='по комитетам'!H25 -> 0
C23: Строительство Восточного обхода г.Туркестан | D23: ='СП МТ'!D28 -> 12363414 | F23: ='по комитетам'!G26 -> 0 | G23: ='по комитетам'!H26 -> 0
B24: 005 | C24: За счет внутренних источников | D24: =SUM(D25:D43) -> 0 | E24: 32097089 | F24: 13503668 | G24: 1156266
C25: РП «Реконструкция автомобильной дороги республиканского значения М-51 «гр. РФ (на Челябинск)-гр. РФ (на Новосибирск) через г.г. Петропавловск, Омск» км 465-525 на участке транзитного коридора «Щучинск-Кокшетау-Петропавловск- гр. РФ, II участок км 496-465» Корректировка сметной документации | D25: ='СП МТ'!D30 -> 0 | F25: ='по комитетам'!G28 -> 0 | G25: ='по комитетам'!H28 -> 0
C26: Реконструкция и проектно-изыскательские работы автомобильной дороги руспубликанского значения "Астана-Петропавловск" транзитного коридора "Боровое-Кокшетау-Петропавловск-граница РФ" | D26: ='СП МТ'!D31 -> 0 | F26: ='по комитетам'!G29 -> 0 | G26: ='по комитетам'!H29 -> 0
C27: Реконструкция и проектно-изыскательские работы коридора Центр-Восток "Астана- Павлодар- Калбатау- Усть-Каменогорск", в том числе Восточный обход г.Павлодар | D27: ='СП МТ'!D32 -> 0 | F27: ='по комитетам'!G30 -> 0 | G27: ='по комитетам'!H30 -> 0
C28: Строительство моста через р.Иртыш на автомобильной дороге республиканского значения "Кызылорда-Павлодар-Успенка-гр. РФ" км 1381 | D28: ='СП МТ'!D33 -> 0 | F28: ='по комитетам'!G31 -> 0 | G28: ='по комитетам'!H31 -> 0
C29: Реконструкция и проектно-изыскательские работы коридора Центр-Юг "Астана- Караганда-Балхаш-Курты-Капшагай-Алматы" | D29: ='СП МТ'!D34 -> 0 | F29: ='по комитетам'!G32 -> 0 | G29: ='по комитетам'!H32 -> 0
C30: Реконструкция и проектно-изыскательские работы автомобильной дороги руспубликанского значения "Усть-Каменогорск- Зыряновск- Большенарымское- Катон-Карагай- Рахмановские ключи" | D30: ='СП МТ'!D35 -> 0 | F30: ='по комитетам'!G33 -> 0 | G30: ='по комитетам'!H33 -> 0
C31: Реконструкция и проектно-изыскательские работы автомобильной дороги республиканского значения "Карабутак-Комсомольское-Денисовка-Рудный-Костанай" | D31: ='СП МТ'!D36 -> 0 | F31: ='по комитетам'!G34 -> 0 | G31: ='по комитетам'!H34 -> 0
C32: Реконструкция и проектно-изыскательские работы автомобильной дороги республиканского значения "Ушарал-Достык" | D32: ='СП МТ'!D37 -> 0 | F32: ='по комитетам'!G35 -> 0 | G32: ='по комитетам'!H35 -> 0
C33: Реконструкция и проектно-изыскательские работы автомобильной дороги республиканского значения "Кызылорда - Павлодар - Успенка - гр. РФ" участок "Жезказган-Караганды" | D33: ='СП МТ'!D38 -> 0 | F33: ='по комитетам'!G36 -> 0 | G33: ='по комитетам'!H36 -> 0
C34: Реконструкция и проектно-изыскательские работы автомобильной дороги республиканского значения «Атырау - Уральск» | D34: ='СП МТ'!D39 -> 0 | F34: ='по комитетам'!G37 -> 0 | G34: ='по комитетам'!H37 -> 0
C35: Реконструкция и проектно-изыскательские работы автомобильной дороги республиканского значения "Гр. РФ (на Орск) - Актобе - Атырау -гр. РФ ( на Астрахань)" | D35: ='СП МТ'!D40 -> 0 | F35: ='по комитетам'!G38 -> 0 | G35: ='по комитетам'!H38 -> 0
C36: Реконструкция и проектно-изыскательские работы автомобильной дороги республиканского значения "Уральск-Оренбург" участок "Подстепное-Федоровка- гр РФ. (на Илек)" протяженностью 144 км | D36: ='СП МТ'!D41 -> 0 | F36: ='по комитетам'!G39 -> 0 | G36: ='по комитетам'!H39 -> 0
... C40: Строительство мостового перехода через Бухтарминское водохранилище в Куручмском районе ВКО | D40: ='СП МТ'!D45 -> 0 | F40: ='по комитетам'!G43 -> 0 | G40: ='по комитетам'!H43 -> 0
C41: Строительство мостовых переходов через р. Урал на автомобильной дороге республиканского значения М-32 «Граница РФ (на Самару) – Шымкент, через Уральск, Актобе, Кызылорду | D41: ='СП МТ'!D46 -> 0 | E41: ='по комитетам'!F44 -> 0 | F41: ='по комитетам'!G44 -> 0 | G41: ='по комитетам'!H44 -> 0
C42: Реконструкция автодороги "Каражал-Атасу", 0-28 км | D42: ='СП МТ'!D47 -> 0 | F42: ='по комитетам'!G45 -> 0 | G42: ='по комитетам'!H45 -> 0
C43: Реконструкция и проектно-изыскательские работы автомобильной дороги «Актобе-Карабутак-Улгайсын» | D43: ='СП МТ'!D48 -> 0 | E43: ='по комитетам'!F46 -> 14000000 | F43: ='по комитетам'!G46 -> 13503668 | G43: ='по комитетам'!H46 -> 1156266
B44: 016 | C44: За счет софинансирования внешних займов из республиканского бюджета | D44: =SUM(D45:D50) -> 4860106 | E44: 3662622 | F44: ='по комитетам'!G47 -> 0 | G44: ='по комитетам'!H47 -> 0
C45: Реконструкция автомобильной дороги республиканского значения «Узынагаш - Отар» | D45: ='по комитетам'!E48 -> 2170954 | E45: ='по комитетам'!F48 -> 1007250 | F45: ='по комитетам'!G48 -> 0 | G45: ='по комитетам'!H48 -> 0
C46: Реконструкция и проектно-изыскательские работы коридора Центр-Юг «Астана - Караганда - Балхаш - Курты - Капшагай - Алматы» участок «Курты - Бурылбайтал» | D46: ='по комитетам'!E49 -> 1050000 | E46: ='по комитетам'!F49 -> 0 | F46: ='по комитетам'!G49 -> 0 | G46: ='по комитетам'!H49 -> 0
C47: Реконструкция и проектно-изыскательские работы коридора Центр-Юг «Астана - Караганда - Балхаш - Курты - Капшагай - Алматы» участок «Балхаш - Бурылбайтал» | D47: ='по комитетам'!E50 -> 1639152 | E47: ='по комитетам'!F50 -> 645000 | F47: ='по комитетам'!G50 -> 0 | G47: ='по комитетам'!H50 -> 0
C48: Реконструкция автомобильной дороги республиканского значения «Гр. РФ (на Орск) - Актобе - Атырау - гр. РФ (на Астрахань)» участок «Кандыагаш - Макат» | D48: ='по комитетам'!E51 -> 0 | E48: ='по комитетам'!F51 -> 0 | F48: ='по комитетам'!G51 -> 0 | G48: ='по комитетам'!H51 -> 0
C49: Реконструкция и проектно-изыскательские работы международного транзитного коридора «Западная Европа - Западный Китай» | D49: ='по комитетам'!E52 -> 0 | E49: ='по комитетам'!F52 -> 0 | F49: ='по комитетам'!G52 -> 0 | G49: ='по комитетам'!H52 -> 0
C50: Строительство Восточного обхода г.Туркестан | D50: ='по комитетам'!E53 -> 0 | E50: ='по комитетам'!F53 -> 0 | F50: ='по комитетам'!G53 -> 0 | G50: ='по комитетам'!H53 -> 0
B51: 032 | C51: За счет целевого трансферта из Национального фонда Республики Казахстан | D51: 100809504 | E51: =SUM(E52:E69) -> 0 | F51: ='по комитетам'!G54 -> 0 | G51: ='по комитетам'!H54 -> 0
C52: Реконструкция и проектно-изыскательские работы автомобильной дороги республиканского значения «Ушарал - Достык» | D52: ='по комитетам'!E55 -> 4495552 | E52: ='по комитетам'!F55 -> 0 | F52: ='СП МТ'!L57 -> 0 | G52: ='СП МТ'!N57 -> 0
C53: Реконструкция и проектно-изыскательские работы автомобильной дороги республиканского значения «Карабутак - Комсомольское - Денисовка - Рудный - Костанай» | D53: ='по комитетам'!E56 -> 0 | E53: ='по комитетам'!F56 -> 0 | F53: ='СП МТ'!L58 -> 0 | G53: ='СП МТ'!N58 -> 0
C54: Реконструкция и проектно-изыскательские работы автомобильной дороги республиканского значения «Подстепное - Федоровка - гр. РФ» 0-144 км | D54: ='по комитетам'!E57 -> 9244302 | E54: ='по комитетам'!F57 -> 0 | F54: ='СП МТ'!L59 -> 0 | G54: ='СП МТ'!N59 -> 0
C55: Реконструкция и проектно-изыскательские работы автомобильной дороги республиканского значения «Атырау - Уральск» | D55: ='по комитетам'!E58 -> 0 | E55: ='по комитетам'!F58 -> 0 | F55: ='СП МТ'!L60 -> 0 | G55: ='СП МТ'!N60 -> 0
C56: Реконструкция и проектно-изыскательские работы автомобильной дороги «Актобе - Карабутак - Улгайсын» | D56: ='по комитетам'!E59 -> 20187038 | E56: ='по комитетам'!F59 -> 0 | F56: ='СП МТ'!L61 -> 0 | G56: ='СП МТ'!N61 -> 0
C57: Реконструкция автомобильной дороги республиканского значения «Кызылорда - Павлодар - Успенка - гр. РФ» участок «Жезказган - Караганды» | D57: ='по комитетам'!E60 -> 0 | E57: ='по комитетам'!F60 -> 0 | F57: ='СП МТ'!L62 -> 0 | G57: ='СП МТ'!N62 -> 0
C58: Реконструкция и проектно-изыскательские работы коридора Центр-Юг "Астана - Караганда - Балхаш - Курты - Капшагай - Алматы" | D58: ='по комитетам'!E61 -> 0 | E58: ='по комитетам'!F61 -> 0 | F58: ='СП МТ'!L63 -> 0 | G58: ='СП МТ'!N63 -> 0
C59: РП «Реконструкция автомобильной дороги республиканского значения М-51 «гр. РФ (на Челябинск)-гр. РФ (на Новосибирск) через г.г. Петропавловск, Омск» км 465-525 на участке транзитного коридора «Щучинск-Кокшетау-Петропавловск-гр. РФ, II участок км 496-465» Корректировка сметной документации | D59: ='по комитетам'!E62 -> 23000000 | E59: ='по комитетам'!F62 -> 0 | F59: ='СП МТ'!L64 -> 0 | G59: ='СП МТ'!N64 -> 0
C60: Строительство моста через р.Иртыш на автомобильной дороге республиканского значения "Кызылорда-Павлодар-Успенка-гр.РФ" км 1381 | D60: ='по комитетам'!E63 -> 21642741 | E60: ='по комитетам'!F63 -> 0 | F60: ='СП МТ'!L65 -> 0 | G60: ='СП МТ'!N65 -> 0
C61: Реконструкция и проектно-изыскательские работы автомобильной дороги республиканского значения "Гр. РФ (на Орск) - Актобе - Атырау - гр. РФ (на Астрахань)" | D61: ='по комитетам'!E64 -> 0 | E61: ='по комитетам'!F64 -> 0 | F61: ='СП МТ'!L66 -> 0 | G61: ='СП МТ'!N66 -> 0
C62: Реконструкция и проектно-изыскательские работы коридора Центр-Восток "Астана-Павлодар-Калбатау-Усть-Каменогорск", в том числе Восточный обход г. Павлодар | D62: ='по комитетам'!E65 -> 900000 | E62: ='по комитетам'!F65 -> 0
C63: Реконструкция и проектно-изыскательские работы автомобильной дороги республиканского значения "Усть-Каменогорск - Зыряновск - Большенарымское - Катон-Карагай - Рахмановские ключи" | D63: ='по комитетам'!E66 -> 12918630 | E63: ='по комитетам'!F66 -> 0
C64: Реконструкция и проектно-изыскательские работы автомобильной дороги республиканского значения «Центр-Запад» | D64: ='по комитетам'!E67 -> 0 | E64: ='по комитетам'!F67 -> 0
C65: Строительство мостового перехода через Бухтарминское водохранилище в Куручмском районе ВКО | D65: ='по комитетам'!E68 -> 4000000 | E65: ='по комитетам'!F68 -> 0
C66: Реконструкция автомобильной дороги республиканского значения «Узынагаш - Отар» | D66: ='по комитетам'!E69 -> 1579046 | E66: ='по комитетам'!F69 -> 0
C67: Реконструкция и проектно-изыскательские работы коридора Центр-Юг «Астана - Караганда - Балхаш - Курты - Капшагай - Алматы» участок «Курты - Бурылбайтал» | D67: ='по комитетам'!E70 -> 3300000 | E67: ='по комитетам'!F70 -> 0
C68: Реконструкция и проектно-изыскательские работы коридора Центр-Юг «Астана - Караганда - Балхаш - Курты - Капшагай - Алматы» участок «Балхаш - Бурылбайтал» | D68: ='по комитетам'!E71 -> 3010848 | E68: ='по комитетам'!F71 -> 0
C69: Реконструкция и проектно-изыскательские работы автомобильной дороги республиканского значения «Кызылорда-Жезказган» | D69: ='СП МТ'!D70 -> 0 | E69: ='СП МТ'!H70 -> 0 | F69: ='СП МТ'!L70 -> 0 | G69: ='СП МТ'!N70 -> 0
A70: 013 | C70: Субсидирование регулярных авиаперевозок | D70: =D71 -> 6668737 | E70: =E71 -> 6712237 | F70: =F71 -> 6418439 | G70: =G71 -> 6418439 | M70: 6500000 | N70: =#REF!-M70 -> #REF! | O70: 6500000 | P70: =#REF!-O70 -> #REF!
B71: 030 | C71: За счет средств республиканского бюджета | D71: 6668737 | E71: 6712237 | F71: 6418439 | G71: 6418439
A72: 015 | C72: Субсидирование железнодорожных пассажирских перевозок по социально значимым межобластным сообщениям | D72: 54411984 | E72: =54411984+10000000 -> 64411984 | F72: 54401984 | G72: 54401984 | M72: 37327971 | N72: =#REF!-M72 -> #REF! | O72: 40527885 | P72: =#REF!-O72 -> #REF!
A73: 034 | C73: Реализация мероприятий в рамках проекта «Новая транспортная система города Астаны. LRT (участок от аэропорта до нового железнодорожного вокзала)» | D73: 332416045 | E73: =E75+E74 -> 66708068 | F73: =SUM(F76:F80) -> 0 | G73: =SUM(G76:G80) -> 0 | M73: 0 | N73: =#REF!-M73 -> #REF! | O73: 0
B74: 104 | C74: Целевые трансферты на развитие бюджету города Астаны на увеличение уставного капитала юридических лиц на строительство в рамках проекта «Новая транспортная система города Астаны. LRT (участок от аэропорта до нового железнодорожного вокзала) | E74: ='по комитетам'!F570 -> 50000000
B75: 101 | C75: Целевые текущие трансферты бюджету города Астаны на увеличение уставного капитала юридических лиц на строительство в рамках проекта «Новая транспортная система города Астаны. LRT (участок от аэропорта до нового железнодорожного вокзала) за счет средств целевого трансферта из РБ | E75: 16708068
B76: 102 | C76: Целевые трансферты на развитие бюджету города Астаны на увеличение уставного капитала юридических лиц на строительство в рамках проекта «Новая транспортная система города Астаны. LRT (участок от аэропорта до нового железнодорожного вокзала) за счет средств целевого трансферта из Национального Фонда Республики Казахстан | D76: ='по комитетам'!E572 -> 332416045 | F76: ='по комитетам'!G572 -> 0 | G76: ='по комитетам'!H572 -> 0 | K76: ='СП МТ'!L483 -> 0
B77: 103 | C77: Целевые трансферты на развитие бюджету города Астаны на увеличение уставного капитала юридических лиц на строительство в рамках проекта «Новая транспортная система города Астаны. LRT (участок от аэропорта до нового железнодорожного вокзала)» | G77: ='по комитетам'!H573 -> 0 | K77: ='СП МТ'!L484 -> 328 875 246 тыс. тенге - на СМР по ЕРС-контракту
B78: 000 | C78: Обязательства по облигационному займу | G78: ='по комитетам'!H573 -> 0
B79: 000 | C79: Обязательства по краткосроному займу в рамках ЕРС контракта | F79: ='по комитетам'!G574 -> 0 | G79: ='по комитетам'!H574 -> 0
B80: 000 | C80: Обязательства за предоставление гарантии по краткосрочному займу | D80: ='СП МТ'!D485 -> 0 | F80: ='по комитетам'!G575 -> 0 | G80: ='по комитетам'!H575 -> 0 | K80: ='СП МТ'!L485 -> 0
A81: 091 | C81: Ремонт и организация содержания, направленная на улучшение качества автомобильных дорог общего пользования | D81: =D82+D83+D84+D91+D96+D237+D381 -> 158619744 | E81: =E82+E83+E84+E91+E96+E237+E381 -> 54356984 | F81: =F82+F83+F84+F91+F96+F237+F381 -> 44242627 | G81: =G82+G83+G84+G91+G96+G237+G381 -> 44242627 | M81: 20164492 | N81: =#REF!-M81 -> #REF! | O81: 19412256 | P81: =#REF!-O81 -> #REF!
B82: 101 | C82: Обеспечение качества выполнения дорожно-строительных и ремонтных работ | D82: ='СП МТ'!D72 -> 2807186 | E82: 2703885 | F82: 2703885 | G82: 2703885
B83: 102 | C83: Услуги по организации работ по строительству, реконструкции, ремонту и содержанию автомобильных дорог | D83: ='СП МТ'!D73 -> 3144876 | E83: 3144876 | F83: 3144876 | G83: 3144876
B84: 106 | C84: Целевые текущие трансферты областным бюджетам, бюджетам городов республиканского значения, столицы на изъятие земельных участков для государственных нужд | D84: ='по комитетам'!E76 -> 0 | F84: ='по комитетам'!G76 -> 0 | G84: ='по комитетам'!H76 -> 0
C85: Алматинская область | D85: ='СП МТ'!D75 -> 124351 | E85: ='по комитетам'!F77 -> 0
C86: Атырауская область | D86: ='СП МТ'!D76 -> 0
C87: Жамбылская область | D87: ='СП МТ'!D77 -> 0
C88: город Алматы | D88: ='СП МТ'!D78 -> 0
C89: город Астана | D89: ='СП МТ'!D79 -> 0 | E89: ='по комитетам'!F81 -> 0 | F89: ='по комитетам'!G81 -> 0 | G89: ='по комитетам'!H81 -> 0
C90: город Шымкент | D90: ='СП МТ'!D80 -> 0 | E90: ='по комитетам'!F82 -> 0 | F90: ='по комитетам'!G82 -> 0 | G90: ='по комитетам'!H82 -> 0
B91: 108 | C91: Капитальный, средний и текущий ремонт, содержание, озеленение, диагностика и инструментальное обследование автомобильных дорог республиканского значения за счет средств республиканского бюджета | D91: =SUM(D92:D95) -> 55020143 | E91: 48508223 | F91: =SUM(F92:F95) -> 38393866 | G91: =SUM(G92:G95) -> 38393866
C92: Капитальный ремонт | D92: ='по комитетам'!E84 -> 20000000 | E92: 5000000
C93: Средний ремонт | D93: ='по комитетам'!E85 -> 0 | E93: ='по комитетам'!F85 -> 0 | F93: ='по комитетам'!G85 -> 0 | G93: ='по комитетам'!H85 -> 0
C94: Содержание | D94: 33758143 | E94: 37768866 | F94: 37768866 | G94: 37768866
C95: Актуализация нормативно-технических документов в соответствии с планом структуризации нормативной базы дорожной отрасли, наполнение единой базы дорожно-строительных материалов и новых технологии | D95: 1262000 | E95: 625000 | F95: 625000 | G95: 625000
B96: 110 | C96: Целевые трансферты на развитие областным бюджетам, бюджетам городов республиканского значения, столицы на развитие транспортной инфраструктуры за счет средств республиканского бюджета | D96: 4586602
C97: Акмолинская область | D97: ='СП МТ'!D87 -> 0 | E97: =SUM(E98:E101) -> 0 | F97: ='по комитетам'!G89 -> 0 | G97: ='по комитетам'!H89 -> 0
C98: Строительство и реконструкция развития дорожной сети поселка Бурабай (III очередь) Автомобильные дороги Улица Джамбула, Казахстанская, Интернациональная Акмолинская область, Бурабайский район» | E98: ='по комитетам'!F92 -> 0 | F98: ='по комитетам'!G90 -> 0 | G98: ='по комитетам'!H90 -> 0
C99: Реконструкция дороги областного значения КС-26 "Щучинск- Боровое" - Наурызбай батыр - граница области" км 0-8 (8 км) Бурабайского района, Акмолинской области | E99: ='по комитетам'!F93 -> 0 | F99: ='по комитетам'!G91 -> 0 | G99: ='по комитетам'!H91 -> 0
C100: «Строительство гравийно-щебеночной подъездной дороги к озеру Караунгир Бурабайского района Акмолинской области» | F100: ='по комитетам'!G92 -> 0 | G100: ='по комитетам'!H92 -> 0
C101: Реконструкция автомобильной дороги областного значения КС-9 "Степногорск-Азат" км 0-41 (41 км) Акмолинской области | E101: ='по комитетам'!F95 -> 0 | F101: ='по комитетам'!G93 -> 0 | G101: ='по комитетам'!H93 -> 0
C102: Актюбинская область | D102: ='СП МТ'!D92 -> 505133 | E102: =SUM(E103:E112) -> 0 | F102: ='по комитетам'!G94 -> 0 | G102: ='по комитетам'!H94 -> 0
C103: Строительство автомобильной дороги «Большой Южный обход города Актобе» | D103: ='СП МТ'!D93 -> 0 | E103: ='по комитетам'!F97 -> 0 | F103: ='по комитетам'!G95 -> 0 | G103: ='по комитетам'!H95 -> 0
C104: Строительство автомобильной дороги, соединяющей автодорогу «Самара-Шымкент» с автодорогой «Актобе-Мартук-гр.РФ» (Западный обход города Актобе) | D104: ='СП МТ'!D94 -> 0 | E104: ='по комитетам'!F98 -> 0 | F104: ='по комитетам'!G96 -> 0 | G104: ='по комитетам'!H96 -> 0
...

Sheet СВОД гос
A2: Көлік министрлігінің 2026-2028 жылдарға арналған республикалық бюджет бойынша ақпарат
G3: мын теңге
A4: ББ | B4: КБ | C4: Атауы | D4: 2025 жыл РБ | E4: Қолдау тапты | H4: КМ ұсынысы (ЖСТ) | K4: Ескерту
E5: 2026 жыл | F5: 2027 жыл | G5: 2028 жыл | H5: 2026 жыл | I5: 2027 жыл | J5: 2028 жыл
A6: 1 | B6: 2 | C6: 3 | D6: 4 | E6: 5 | F6: 6 | G6: 7 | H6: 8 | I6: 9 | J6: 10 | K6: 11
D7: =D9-D8 -> -952411880
D8: 2105931670
A9: Барлығы Министрлік бойынша: | D9: =D10+D16+D65+D67+D68+D76+D354+D360+D362+D446+D447+D450+D471+D361+D357+D524 -> 1153519790 | E9: =E10+E16+E65+E67+E68+E76+E354+E360+E362+E446+E447+E450+E471+E361+E357+E524 -> 858871952 | F9: =F10+F16+F65+F67+F68+F76+F354+F360+F362+F446+F447+F450+F471+F361+F357+F524 -> 5.4849382e+08 | G9: =G10+G16+G65+G67+G68+G76+G354+G360+G362+G446+G447+G450+G471+G361+G357+G524 -> 5.6568526e+08 | H9: =H10+H16+H65+H67+H68+H76+H354+H360+H362+H446+H447+H450+H471+H361+H357+H524 -> 0 | I9: =I10+I16+I65+I67+I68+I76+I354+I360+I362+I446+I447+I450+I471+I361+I357+I524 -> 0 | J9: =J10+J16+J65+J67+J68+J76+J354+J360+J362+J446+J447+J450+J471+J361+J357+J524 -> 0
A10: 001 | C10: Көлік және коммуникация саласындағы мемлекеттік саясатты қалыптастыру және іске асыру | D10: =' СВОД рус'!D10 -> 12603445 | E10: =' СВОД рус'!E10 -> 11943803 | F10: =' СВОД рус'!F10 -> 10296063 | G10: =' СВОД рус'!G10 -> 10297353
B11: 100 | C11: Көлік және коммуникация саласындағы уәкілетті органның қызметін қамтамасыз ету | D11: =' СВОД рус'!D11 -> 1719842 | E11: =' СВОД рус'!E11 -> 1991993 | F11: =' СВОД рус'!F11 -> 1422517 | G11: =' СВОД рус'!G11 -> 1422807
B12: 104 | C12: Ақпараттық жүйелердің жұмыс істеуін қамтамасыз ету және мемлекеттік органдарды ақпараттық-техникалық қамтамасыз ету | D12: =' СВОД рус'!D12 -> 1304815 | E12: =' СВОД рус'!E12 -> 1527992 | F12: =' СВОД рус'!F12 -> 730881 | G12: =' СВОД рус'!G12 -> 731881
B13: 105 | C13: Әкімшілік ғимараттарды күтіп-ұстау | D13: =' СВОД рус'!D13 -> 2162737 | E13: =' СВОД рус'!E13 -> 1184185 | F13: =' СВОД рус'!F13 -> 915002 | G13: =' СВОД рус'!G13 -> 915002
B14: 111 | C14: Қазақстан Республикасы Көлік министрлігінің күрделі шығыстары | D14: =' СВОД рус'!D14 -> 781649 | E14: =' СВОД рус'!E14 -> 0 | F14: =' СВОД рус'!F14 -> 0 | G14: =' СВОД рус'!G14 -> 0
B15: 123 | C15: Ағымдағы әкімшілік шығыстар | D15: =' СВОД рус'!D15 -> 6634402 | E15: =' СВОД рус'!E15 -> 7239633 | F15: =' СВОД рус'!F15 -> 7227663 | G15: =' СВОД рус'!G15 -> 7227663.4
A16: 003 | C16: Республикалық деңгейде автомобиль жолдарын дамыту | D16: =' СВОД рус'!D16 -> 177919610 | E16: =' СВОД рус'!E16 -> 42435146 | F16: =' СВОД рус'!F16 -> 13503668 | G16: =' СВОД рус'!G16 -> 1156266
B17: 004 | C17: Cыртқы қарыздар есебiнен | D17: =' СВОД рус'!D17 -> 72250000 | E17: =' СВОД рус'!E17 -> 6675435 | F17: =' СВОД рус'!F17 -> 0 | G17: =' СВОД рус'!G17 -> 0
C18: Реконструкция автомобильной дороги республиканского значения «Узынагаш - Отар» | D18: =' СВОД рус'!D18 -> 5100000 | E18: =' СВОД рус'!E18 -> 5707750 | F18: =' СВОД рус'!F18 -> 0 | G18: =' СВОД рус'!G18 -> 0
C19: Реконструкция и проектно-изыскательские работы коридора Центр-Юг «Астана - Караганда - Балхаш - Курты - Капшагай - Алматы» участок «Курты - Бурылбайтал» | D19: =' СВОД рус'!D19 -> 2911464 | E19: =' СВОД рус'!E19 -> 0 | F19: =' СВОД рус'!F19 -> 0 | G19: =' СВОД рус'!G19 -> 0
C20: Реконструкция и проектно-изыскательские работы коридора Центр-Юг «Астана - Караганда - Балхаш - Курты - Капшагай - Алматы» участок «Балхаш - Бурылбайтал» | D20: =' СВОД рус'!D20 -> 22970750 | E20: =' СВОД рус'!E20 -> 3655000 | F20: =' СВОД рус'!F20 -> 0 | G20: =' СВОД рус'!G20 -> 0
C21: Реконструкция автомобильной дороги республиканского значения «Гр. РФ (на Орск) - Актобе - Атырау - гр. РФ (на Астрахань)» участок «Кандыагаш - Макат» | D21: =' СВОД рус'!D21 -> 909546 | E21: =' СВОД рус'!E21 -> 0 | F21: =' СВОД рус'!F21 -> 0 | G21: =' СВОД рус'!G21 -> 0
C22: Реконструкция и проектно-изыскательские работы международного транзитного коридора «Западная Европа - Западный Китай» | D22: =' СВОД рус'!D22 -> 1530000 | E22: =' СВОД рус'!E22 -> 0 | F22: =' СВОД рус'!F22 -> 0 | G22: =' СВОД рус'!G22 -> 0
C23: Строительство Восточного обхода г.Туркестан | D23: =' СВОД рус'!D23 -> 12363414 | E23: =' СВОД рус'!E23 -> 0 | F23: =' СВОД рус'!F23 -> 0 | G23: =' СВОД рус'!G23 -> 0
B24: 005 | C24: Ішкі көздер есебінен | D24: =' СВОД рус'!D24 -> 0 | E24: =' СВОД рус'!E24 -> 32097089 | F24: =' СВОД рус'!F24 -> 13503668 | G24: =' СВОД рус'!G24 -> 1156266
C25: РП «Реконструкция автомобильной дороги республиканского значения М-51 «гр. РФ (на Челябинск)-гр. РФ (на Новосибирск) через г.г. Петропавловск, Омск» км 465-525 на участке транзитного коридора «Щучинск-Кокшетау-Петропавловск- гр. РФ, II участок км 496-465» Корректировка сметной документации | D25: =' СВОД рус'!D25 -> 0 | E25: =' СВОД рус'!E25 -> 0 | F25: =' СВОД рус'!F25 -> 0 | G25: =' СВОД рус'!G25 -> 0
C26: Реконструкция и проектно-изыскательские работы автомобильной дороги руспубликанского значения "Астана-Петропавловск" транзитного коридора "Боровое-Кокшетау-Петропавловск-граница РФ" | D26: =' СВОД рус'!D26 -> 0 | E26: =' СВОД рус'!E26 -> 0 | F26: =' СВОД рус'!F26 -> 0 | G26: =' СВОД рус'!G26 -> 0
C27: Реконструкция и проектно-изыскательские работы коридора Центр-Восток "Астана- Павлодар- Калбатау- Усть-Каменогорск", в том числе Восточный обход г.Павлодар | D27: =' СВОД рус'!D27 -> 0 | E27: =' СВОД рус'!E27 -> 0 | F27: =' СВОД рус'!F27 -> 0 | G27: =' СВОД рус'!G27 -> 0
C28: Строительство моста через р.Иртыш на автомобильной дороге республиканского значения "Кызылорда-Павлодар-Успенка-гр. РФ" км 1381 | D28: =' СВОД рус'!D28 -> 0 | E28: =' СВОД рус'!E28 -> 0 | F28: =' СВОД рус'!F28 -> 0 | G28: =' СВОД рус'!G28 -> 0
C29: Реконструкция и проектно-изыскательские работы коридора Центр-Восток "Астана- Караганда-Балхаш-Курты-Капшагай-Алматы" | D29: =' СВОД рус'!D29 -> 0 | E29: =' СВОД рус'!E29 -> 0 | F29: =' СВОД рус'!F29 -> 0 | G29: =' СВОД рус'!G29 -> 0
C30: Реконструкция и проектно-изыскательские работы автомобильной дороги руспубликанского значения "Усть-Каменогорск- Зыряновск- Большенарымское- Катон-Карагай- Рахмановские ключи" | D30: =' СВОД рус'!D30 -> 0 | E30: =' СВОД рус'!E30 -> 0 | F30: =' СВОД рус'!F30 -> 0 | G30: =' СВОД рус'!G30 -> 0
C31: Реконструкция и проектно-изыскательские работы автомобильной дороги республиканского значения "Карабутак-Комсомольское-Денисовка-Рудный-Костанай" | D31: =' СВОД рус'!D31 -> 0 | E31: =' СВОД рус'!E31 -> 0 | F31: =' СВОД рус'!F31 -> 0 | G31: =' СВОД рус'!G31 -> 0
C32: Реконструкция и проектно-изыскательские работы автомобильной дороги республиканского значения "Ушарал-Достык" | D32: =' СВОД рус'!D32 -> 0 | E32: =' СВОД рус'!E32 -> 0 | F32: =' СВОД рус'!F32 -> 0 | G32: =' СВОД рус'!G32 -> 0
C33: Реконструкция и проектно-изыскательские работы автомобильной дороги республиканского значения "Кызылорда - Павлодар - Успенка - гр. РФ" участок "Жезказган-Караганды" | D33: =' СВОД рус'!D33 -> 0 | E33: =' СВОД рус'!E33 -> 0 | F33: =' СВОД рус'!F33 -> 0 | G33: =' СВОД рус'!G33 -> 0
C34: Реконструкция и проектно-изыскательские работы автомобильной дороги республиканского значения «Атырау - Уральск» | D34: =' СВОД рус'!D34 -> 0 | E34: =' СВОД рус'!E34 -> 0 | F34: =' СВОД рус'!F34 -> 0 | G34: =' СВОД рус'!G34 -> 0
C35: Реконструкция и проектно-изыскательские работы автомобильной дороги республиканского значения "Гр. РФ (на Орск) - Актобе - Атырау -гр. РФ ( на Астрахань)" | D35: =' СВОД рус'!D35 -> 0 | E35: =' СВОД рус'!E35 -> 0 | F35: =' СВОД рус'!F35 -> 0 | G35: =' СВОД рус'!G35 -> 0
C36: Реконструкция и проектно-изыскательские работы автомобильной дороги республиканского значения "Уральск-Оренбург" участок "Подстепное-Федоровка- гр РФ. (на Илек)" протяженностью 144 км | D36: =' СВОД рус'!D36 -> 0 | E36: =' СВОД рус'!E36 -> 0 | F36: =' СВОД рус'!F36 -> 0 | G36: =' СВОД рус'!G36 -> 0
C37: Реконструкция и проектно-изыскательские работы автомобильной дороги республиканского значения "Семей - Усть-Каменогорск" протяженностью 195 км" | D37: =' СВОД рус'!D37 -> 0 | E37: =' СВОД рус'!E37 -> 0 | F37: =' СВОД рус'!F37 -> 0 | G37: =' СВОД рус'!G37 -> 0
C38: Реконструкция и проектно-изыскательские работы автомобильной дороги «Актобе-Карабутак-Улгайсын» | D38: =' СВОД рус'!D43 -> 0 | E38: =' СВОД рус'!E38 -> 0 | F38: =' СВОД рус'!F38 -> 0 | G38: =' СВОД рус'!G38 -> 0
B39: 016 | C39: Республикалық бюджеттен сыртқы қарыздарды қоса қаржыландыру есебінен | D39: =' СВОД рус'!D44 -> 4860106 | E39: =' СВОД рус'!E44 -> 3662622 | F39: =' СВОД рус'!F44 -> 0 | G39: =' СВОД рус'!G44 -> 0
C40: Реконструкция автомобильной дороги республиканского значения «Узынагаш - Отар» | D40: =' СВОД рус'!D45 -> 2170954 | E40: =' СВОД рус'!E40 -> 0 | F40: =' СВОД рус'!F40 -> 0 | G40: =' СВОД рус'!G40 -> 0
C41: Реконструкция и проектно-изыскательские работы коридора Центр-Юг «Астана - Караганда - Балхаш - Курты - Капшагай - Алматы» участок «Курты - Бурылбайтал» | D41: =' СВОД рус'!D46 -> 1050000 | E41: =' СВОД рус'!E41 -> 0 | F41: =' СВОД рус'!F41 -> 0 | G41: =' СВОД рус'!G41 -> 0
C42: Реконструкция и проектно-изыскательские работы коридора Центр-Юг «Астана - Караганда - Балхаш - Курты - Капшагай - Алматы» участок «Балхаш - Бурылбайтал» | D42: =' СВОД рус'!D47 -> 1639152 | E42: =' СВОД рус'!E42 -> 0 | F42: =' СВОД рус'!F42 -> 0 | G42: =' СВОД рус'!G42 -> 0
C43: Реконструкция автомобильной дороги республиканского значения «Гр. РФ (на Орск) - Актобе - Атырау - гр. РФ (на Астрахань)» участок «Кандыагаш - Макат» | D43: =' СВОД рус'!D48 -> 0 | E43: =' СВОД рус'!E43 -> 14000000 | F43: =' СВОД рус'!F43 -> 13503668 | G43: =' СВОД рус'!G43 -> 1156266
C44: Реконструкция и проектно-изыскательские работы международного транзитного коридора «Западная Европа - Западный Китай» | D44: =' СВОД рус'!D49 -> 0 | E44: =' СВОД рус'!E44 -> 3662622 | F44: =' СВОД рус'!F44 -> 0 | G44: =' СВОД рус'!G44 -> 0
C45: Строительство Восточного обхода г.Туркестан | D45: =' СВОД рус'!D50 -> 0 | E45: =' СВОД рус'!E45 -> 1007250 | F45: =' СВОД рус'!F45 -> 0 | G45: =' СВОД рус'!G45 -> 0
B46: 032 | C46: Қазақстан Республикасының Ұлттық қорынан бөлінетін нысаналы трансферт есебінен | D46: =' СВОД рус'!D51 -> 100809504 | E46: =' СВОД рус'!E51 -> 0 | F46: =' СВОД рус'!F51 -> 0 | G46: =' СВОД рус'!G51 -> 0
C47: Реконструкция и проектно-изыскательские работы автомобильной дороги республиканского значения «Ушарал - Достык» | D47: =' СВОД рус'!D52 -> 4495552 | E47: =' СВОД рус'!E47 -> 645000 | F47: =' СВОД рус'!F47 -> 0 | G47: =' СВОД рус'!G47 -> 0
C48: Реконструкция и проектно-изыскательские работы автомобильной дороги республиканского значения «Карабутак - Комсомольское - Денисовка - Рудный - Костанай» | D48: =' СВОД рус'!D53 -> 0 | E48: =' СВОД рус'!E48 -> 0 | F48: =' СВОД рус'!F48 -> 0 | G48: =' СВОД рус'!G48 -> 0
C49: Реконструкция и проектно-изыскательские работы автомобильной дороги республиканского значения «Подстепное - Федоровка - гр. РФ» 0-144 км | D49: =' СВОД рус'!D54 -> 9244302 | E49: =' СВОД рус'!E49 -> 0 | F49: =' СВОД рус'!F49 -> 0 | G49: =' СВОД рус'!G49 -> 0
C50: Реконструкция и проектно-изыскательские работы автомобильной дороги республиканского значения «Атырау - Уральск» | D50: =' СВОД рус'!D55 -> 0 | E50: =' СВОД рус'!E50 -> 0 | F50: =' СВОД рус'!F50 -> 0 | G50: =' СВОД рус'!G50 -> 0
C51: Реконструкция и проектно-изыскательские работы автомобильной дороги «Актобе - Карабутак - Улгайсын» | D51: =' СВОД рус'!D56 -> 20187038 | E51: =' СВОД рус'!E51 -> 0 | F51: =' СВОД рус'!F51 -> 0 | G51: =' СВОД рус'!G51 -> 0
C52: Реконструкция автомобильной дороги республиканского значения «Кызылорда - Павлодар - Успенка - гр. РФ» участок «Жезказган - Караганды» | D52: =' СВОД рус'!D57 -> 0 | E52: =' СВОД рус'!E52 -> 0 | F52: =' СВОД рус'!F52 -> 0 | G52: =' СВОД рус'!G52 -> 0
C53: Реконструкция и проектно-изыскательские работы коридора Центр-Юг "Астана - Караганда - Балхаш - Курты - Капшагай - Алматы" | D53: =' СВОД рус'!D58 -> 0 | E53: =' СВОД рус'!E53 -> 0 | F53: =' СВОД рус'!F53 -> 0 | G53: =' СВОД рус'!G53 -> 0
C54: РП «Реконструкция автомобильной дороги республиканского значения М-51 «гр. РФ (на Челябинск)-гр. РФ (на Новосибирск) через г.г. Петропавловск, Омск» км 465-525 на участке транзитного коридора «Щучинск-Кокшетау-Петропавловск-гр. РФ, II участок км 496-465» Корректировка сметной документации | D54: =' СВОД рус'!D59 -> 23000000 | E54: =' СВОД рус'!E54 -> 0 | F54: =' СВОД рус'!F54 -> 0 | G54: =' СВОД рус'!G54 -> 0
C55: Строительство моста через р.Иртыш на автомобильной дороге республиканского значения "Кызылорда-Павлодар-Успенка-гр.РФ" км 1381 | D55: =' СВОД рус'!D60 -> 21642741 | E55: =' СВОД рус'!E55 -> 0 | F55: =' СВОД рус'!F55 -> 0 | G55: =' СВОД рус'!G55 -> 0
C56: Реконструкция и проектно-изыскательские работы автомобильной дороги республиканского значения "Гр. РФ (на Орск) - Актобе - Атырау - гр. РФ (на Астрахань)" | D56: =' СВОД рус'!D61 -> 0 | E56: =' СВОД рус'!E56 -> 0 | F56: =' СВОД рус'!F56 -> 0 | G56: =' СВОД рус'!G56 -> 0
C57: Реконструкция и проектно-изыскательские работы автомобильной дороги республиканского значения «Кызылорда-Жезказган» | D57: =' СВОД рус'!D69 -> 0 | E57: =' СВОД рус'!E57 -> 0 | F57: =' СВОД рус'!F57 -> 0 | G57: =' СВОД рус'!G57 -> 0
C58: Актюбинская область | D58: =' СВОД рус'!#REF! -> #REF! | E58: =' СВОД рус'!E58 -> 0 | F58: =' СВОД рус'!F58 -> 0 | G58: =' СВОД рус'!G58 -> 0
C59: Атырауская область | D59: =' СВОД рус'!#REF! -> #REF! | E59: =' СВОД рус'!E59 -> 0 | F59: =' СВОД рус'!F59 -> 0 | G59: =' СВОД рус'!G59 -> 0
C60: Жамбылская область | D60: =' СВОД рус'!#REF! -> #REF! | E60: =' СВОД рус'!E60 -> 0 | F60: =' СВОД рус'!F60 -> 0 | G60: =' СВОД рус'!G60 -> 0
C61: Западно-Казахстанская область | D61: =' СВОД рус'!#REF! -> #REF! | E61: =' СВОД рус'!E61 -> 0 | F61: =' СВОД рус'!F61 -> 0 | G61: =' СВОД рус'!G61 -> 0
C62: Кызылординская область | D62: =' СВОД рус'!#REF! -> #REF! | E62: =' СВОД рус'!E62 -> 0 | F62: =' СВОД рус'!F62 -> 0 | G62: =' СВОД рус'!G62 -> 0
C63: Павлодарская область | D63: =' СВОД рус'!#REF! -> #REF! | E63: =' СВОД рус'!E63 -> 0 | F63: =' СВОД рус'!F63 -> 0 | G63: =' СВОД рус'!G63 -> 0
C64: Туркестанская область | D64: =' СВОД рус'!#REF! -> #REF! | E64: =' СВОД рус'!E64 -> 0 | F64: =' СВОД рус'!F64 -> 0 | G64: =' СВОД рус'!G64 -> 0
A65: 013 | C65: Тұрақты авиатасымалдарды субсидиялау | D65: =' СВОД рус'!D70 -> 6668737 | E65: =' СВОД рус'!E70 -> 6712237 | F65: =' СВОД рус'!F70 -> 6418439 | G65: =' СВОД рус'!G70 -> 6418439
B66: 030 | C66: Республикалық бюджеттің қаражаты есебінен | D66: =' СВОД рус'!D71 -> 6668737 | E66: =' СВОД рус'!E71 -> 6712237 | F66: =' СВОД рус'!F71 -> 6418439 | G66: =' СВОД рус'!G71 -> 6418439
A67: 015 | C67: Әлеуметтік маңызы бар облысаралық қатынастар бойынша теміржол жолаушылар тасымалдарын субсидиялау | D67: =' СВОД рус'!D72 -> 54411984 | E67: =' СВОД рус'!E72 -> 64411984 | F67: =' СВОД рус'!F72 -> 54401984 | G67: =' СВОД рус'!G72 -> 54401984
A68: 034 | C68: «Астана қаласының жаңа көлік жүйесі. LRT (әуежайдан жаңа теміржол вокзалына дейінгі учаске)» жобасы шеңберінде іс-шараларды іске асыру | D68: =' СВОД рус'!D73 -> 332416045 | E68: =' СВОД рус'!E73 -> 66708068 | F68: =' СВОД рус'!F73 -> 0 | G68: =' СВОД рус'!G73 -> 0
B69: 104 | C69: Астана қаласының бюджетінежаңа көлік жүйесі. LRT (әуежайдан жаңа теміржол вокзалына дейінгі учаске)» жобасы шеңберінде құрылысқа заңды тұлғалардың жарғылық капиталын ұлғайтуға берілетін нысаналы даму трансферттер | E69: =' СВОД рус'!E74 -> 50000000
B70: 101 | C70: Астана қаласының бюджетіне «Астана қаласының жаңа көлік жүйесі. LRT (әуежайдан жаңа теміржол вокзалына дейінгі учаске)» жобасы шеңберінде құрылыс үшін заңды тұлғалардың жарғылық капиталын ұлғайтуға берілетін нысаналы ағымдағы трансферттер | E70: =' СВОД рус'!E75 -> 16708068
B71: 102 | C71: Қазақстан Республикасының Ұлттық қорынан берілетін нысаналы трансферт есебінен Астана қаласының бюджетіне «Астана қаласының жаңа көлік жүйесі. LRT (әуежайдан жаңа теміржол вокзалына дейінгі учаске)» жобасы шеңберінде құрылысқа заңды тұлғалардың жарғылық капиталын ұлғайтуға берілетін нысаналы даму трансферттері | D71: =' СВОД рус'!D76 -> 332416045 | E71: =' СВОД рус'!E76 -> 0 | F71: =' СВОД рус'!F76 -> 0 | G71: =' СВОД рус'!G76 -> 0
B72: 105 | C72: Астана қаласының бюджетіне «Астана қаласының жаңа көлік жүйесі. LRT (әуежайдан жаңа теміржол вокзалына дейінгі учаске)» жобасы шеңберінде құрылысқа заңды тұлғалардың жарғылық капиталын ұлғайтуға берілетін нысаналы даму трансферттері | D72: =' СВОД рус'!D77 -> 0 | E72: =' СВОД рус'!E77 -> 0 | F72: =' СВОД рус'!F77 -> 0 | G72: =' СВОД рус'!G77 -> 0
B73: 000 | C73: Облигациялық қарыз бойынша міндеттемелер | E73: =' СВОД рус'!E78 -> 0 | F73: =' СВОД рус'!F78 -> 0
B74: 000 | C74: ЕРС келісімшарт шеңберінде қысқа мерзімді қарыз бойынша міндеттемелер | E74: =' СВОД рус'!E79 -> 0 | F74: =' СВОД рус'!F79 -> 0
B75: 000 | C75: Қысқа мерзімді қарыз бойынша кепілдік бергені үшін міндеттемелер | D75: =' СВОД рус'!D80 -> 0 | E75: =' СВОД рус'!E80 -> 0 | F75: =' СВОД рус'!F80 -> 0 | G75: =' СВОД рус'!G80 -> 0
A76: 091 | C76: Ортақ пайдаланымдағы автомобиль жолдарын жөндеу және олардың сапасын жақсартуға бағытталған күтіп-ұстауды ұйымдастыру | D76: =' СВОД рус'!D81 -> 158619744 | E76: =' СВОД рус'!E81 -> 54356984 | F76: =' СВОД рус'!F81 -> 44242627 | G76: =' СВОД рус'!G81 -> 44242627 | H76: =' СВОД рус'!H81 -> 0 | I76: =' СВОД рус'!I81 -> 0 | J76: =' СВОД рус'!J81 -> 0
B77: 101 | C77: Жол-құрылыс және жөндеу жұмыстарын орындаудың сапасын қамтамасыз ету | D77: =' СВОД рус'!D82 -> 2807186 | E77: =' СВОД рус'!E82 -> 2703885 | F77: =' СВОД рус'!F82 -> 2703885 | G77: =' СВОД рус'!G82 -> 2703885
B78: 102 | C78: Автомобиль жолдарын салу, реконструкциялау, жөндеу және күтіп-ұстау бойынша жұмыстарды ұйымдастыру жөніндегі қызметтер | D78: =' СВОД рус'!D83 -> 3144876 | E78: =' СВОД рус'!E83 -> 3144876 | F78: =' СВОД рус'!F83 -> 3144876 | G78: =' СВОД рус'!G83 -> 3144876
B79: 106 | C79: Облыстық бюджеттерге, республикалық маңызы бар қалалардың, астананың бюджеттеріне жер учаскелерін мемлекет мұқтажы үшін алып қоюға берілетін ағымдағы нысаналы трансферттері | D79: =' СВОД рус'!D84 -> 0 | E79: =' СВОД рус'!E84 -> 0 | F79: =' СВОД рус'!F84 -> 0 | G79: =' СВОД рус'!G84 -> 0
C80: Алматинская область | D80: =' СВОД рус'!D85 -> 124351 | E80: =' СВОД рус'!E85 -> 0 | F80: =' СВОД рус'!F85 -> 0 | G80: =' СВОД рус'!G85 -> 0
C81: Атырауская область | D81: =' СВОД рус'!D86 -> 0 | E81: =' СВОД рус'!E86 -> 0 | F81: =' СВОД рус'!F86 -> 0 | G81: =' СВОД рус'!G86 -> 0
C82: Жамбылская область | D82: =' СВОД рус'!D87 -> 0 | E82: =' СВОД рус'!E87 -> 0 | F82: =' СВОД рус'!F87 -> 0 | G82: =' СВОД рус'!G87 -> 0
C83: город Алматы | D83: =' СВОД рус'!D88 -> 0 | E83: =' СВОД рус'!E88 -> 0 | F83: =' СВОД рус'!F88 -> 0 | G83: =' СВОД рус'!G88 -> 0
C84: город Астана | D84: =' СВОД рус'!D89 -> 0 | E84: =' СВОД рус'!E89 -> 0 | F84: =' СВОД рус'!F89 -> 0 | G84: =' СВОД рус'!G89 -> 0
C85: город Шымкент | D85: =' СВОД рус'!D90 -> 0 | E85: =' СВОД рус'!E90 -> 0 | F85: =' СВОД рус'!F90 -> 0 | G85: =' СВОД рус'!G90 -> 0
B86: 108 | C86: Республикалық бюджет қаражат есебінен республикалық маңызы бар автомобиль жолдарын күрделі, орташа және ағымдағы жөндеу, күтіп-ұстау, көгалдандыру, диагностикалау және аспаптық құралдармен тексеру | D86: =' СВОД рус'!D91 -> 55020143 | E86: =' СВОД рус'!E91 -> 48508223 | F86: =' СВОД рус'!F91 -> 38393866 | G86: =' СВОД рус'!G91 -> 38393866
C87: Күрделі жөндеу | D87: =' СВОД рус'!D92 -> 20000000 | E87: =' СВОД рус'!E92 -> 5000000 | F87: =' СВОД рус'!F92 -> 0 | G87: =' СВОД рус'!G92 -> 0
C88: Орташа жөндеу | D88: =' СВОД рус'!D93 -> 0 | E88: =' СВОД рус'!E93 -> 0 | F88: =' СВОД рус'!F93 -> 0 | G88: =' СВОД рус'!G93 -> 0
C89: Ұстау | D89: =' СВОД рус'!D94 -> 33758143 | E89: =' СВОД рус'!E94 -> 37768866 | F89: =' СВОД рус'!F94 -> 37768866 | G89: =' СВОД рус'!G94 -> 37768866
C90: Жол салалық нормативтік базасын құрылымдау эоспарына сәйкес нормативтік-техникалық құжаттарды өзектендіру, жол құрылыс материалдары мен жаңа технологиялардың біріңғай базасын толтыру | D90: =' СВОД рус'!D95 -> 1262000 | E90: =' СВОД рус'!E95 -> 625000 | F90: =' СВОД рус'!F95 -> 625000 | G90: =' СВОД рус'!G95 -> 625000
B91: 110 | C91: Республикалық бюджет қаражат есебінен облыстық бюджеттерге, республикалық маңызы бар қалалардың, астананың бюджеттеріне көліктік инфрақұрылымды дамытуға берілетін нысаналы даму трансферттері | D91: =' СВОД рус'!D96 -> 4586602 | E91: =' СВОД рус'!E96 -> 0 | F91: =' СВОД рус'!F96 -> 0 | G91: =' СВОД рус'!G96 -> 0 | H91: =' СВОД рус'!H96 -> 0 | I91: =' СВОД рус'!I96 -> 0 | J91: =' СВОД рус'!J96 -> 0
C92: Ақмола облысы | D92: =' СВОД рус'!D97 -> 0 | E92: =' СВОД рус'!E97 -> 0 | F92: =' СВОД рус'!F97 -> 0 | G92: =' СВОД рус'!G97 -> 0 | H92: =' СВОД рус'!H97 -> 0 | I92: =' СВОД рус'!I97 -> 0 | J92: =' СВОД рус'!J97 -> 0
C93: Строительство и реконструкция развития дорожной сети поселка Бурабай (III очередь) Автомобильные дороги Улица Джамбула, Казахстанская, Интернациональная Акмолинская область, Бурабайский район» | D93: =' СВОД рус'!D98 -> 0 | E93: =' СВОД рус'!E98 -> 0 | F93: =' СВОД рус'!F98 -> 0 | G93: =' СВОД рус'!G98 -> 0 | H93: =' СВОД рус'!H98 -> 0 | I93: =' СВОД рус'!I98 -> 0 | J93: =' СВОД рус'!J98 -> 0
C94: Реконструкция дороги областного значения КС-26 "Щучинск- Боровое" - Наурызбай батыр - граница области" км 0-8 (8 км) Бурабайского района, Акмолинской области | D94: =' СВОД рус'!D99 -> 0 | E94: =' СВОД рус'!E99 -> 0 | F94: =' СВОД рус'!F99 -> 0 | G94: =' СВОД рус'!G99 -> 0 | H94: =' СВОД рус'!H99 -> 0 | I94: =' СВОД рус'!I99 -> 0 | J94: =' СВОД рус'!J99 -> 0
C95: «Строительство гравийно-щебеночной подъездной дороги к озеру Караунгир Бурабайского района Акмолинской области» | D95: =' СВОД рус'!D100 -> 0 | E95: =' СВОД рус'!E100 -> 0 | F95: =' СВОД рус'!F100 -> 0 | G95: =' СВОД рус'!G100 -> 0 | H95: =' СВОД рус'!H100 -> 0 | I95: =' СВОД рус'!I100 -> 0 | J95: =' СВОД рус'!J100 -> 0
C96: Реконструкция автомобильной дороги областного значения КС-9 "Степногорск-Азат" км 0-41 (41 км) Акмолинской области | D96: =' СВОД рус'!D101 -> 0 | E96: =' СВОД рус'!E101 -> 0 | F96: =' СВОД рус'!F101 -> 0 | G96: =' СВОД рус'!G101 -> 0 | H96: =' СВОД рус'!H101 -> 0 | I96: =' СВОД рус'!I101 -> 0 | J96: =' СВОД рус'!J101 -> 0
C97: Ақтөбе облысы | D97: =' СВОД рус'!D102 -> 505133 | E97: =' СВОД рус'!E102 -> 0 | F97: =' СВОД рус'!F102 -> 0 | G97: =' СВОД рус'!G102 -> 0 | H97: =' СВОД рус'!H102 -> 0 | I97: =' СВОД рус'!I102 -> 0 | J97: =' СВОД рус'!J102 -> 0
C98: Строительство автомобильной дороги «Большой Южный обход города Актобе» | D98: =' СВОД рус'!D103 -> 0 | E98: =' СВОД рус'!E103 -> 0 | F98: =' СВОД рус'!F103 -> 0 | G98: =' СВОД рус'!G103 -> 0 | H98: =' СВОД рус'!H103 -> 0 | I98: =' СВОД рус'!I103 -> 0 | J98: =' СВОД рус'!J103 -> 0
C99: Строительство автомобильной дороги, соединяющей автодорогу «Самара-Шымкент» с автодорогой «Актобе-Мартук-гр.РФ» (Западный обход города Актобе) | D99: =' СВОД рус'!D104 -> 0 | E99: =' СВОД рус'!E104 -> 0 | F99: =' СВОД рус'!F104 -> 0 | G99: =' СВОД рус'!G104 -> 0 | H99: =' СВОД рус'!H104 -> 0 | I99: =' СВОД рус'!I104 -> 0 | J99: =' СВОД рус'!J104 -> 0
C100: Реконструкция автомобильной дороги «Шалкар-Бозой-граница РУ (на Нукус)» участок 115-145 | D100: =' СВОД рус'!D105 -> 0 | E100: =' СВОД рус'!E105 -> 0 | F100: =' СВОД рус'!F105 -> 0 | G100: =' СВОД рус'!G105 -> 0 | H100: =' СВОД рус'!H105 -> 0 | I100: =' СВОД рус'!I105 -> 0 | J100: =' СВОД рус'!J105 -> 0
C101: Реконструкция автомобильной дороги «Шалкар-Бозой-граница РУ (на Нукус)» участок 145-175 км | D101: =' СВОД рус'!D106 -> 0 | E101: =' СВОД рус'!E106 -> 0 | F101: =' СВОД рус'!F106 -> 0 | G101: =' СВОД рус'!G106 -> 0 | H101: =' СВОД рус'!H106 -> 0 | I101: =' СВОД рус'!I106 -> 0 | J101: =' СВОД рус'!J106 -> 0
...

Sheet  СВОД рус (3)
A2: Информация по проекту бюджета Министерства транспорта РК на 2026-2028 годы
G3: тыс. тенге
A4: Программа | B4: Подпрограмма | C4: Наименование | D4: Утв. бюджет на 2025 год | E4: Предложение МТ | H4: Примечание
E5: 2026 год | F5: 2027 год | G5: 2028 год | J5: 2025 утвержденный | K5: разница +/- | L5: 2026 утвержденный | M5: разница +/-
A6: 1 | B6: 2 | C6: 3 | D6: 4 | E6: 5 | F6: 7 | G6: 9 | H6: 8
C7: Без ЦТ | E7: =E10+E16+E70+E72+E73+E80+E81+E89+E380+E383+E386+E387+E388+E472+E473+E475+E496+E549 -> 837631275 | F7: =F10+F16+F70+F72+F73+F80+F81+F89+F380+F383+F386+F387+F388+F472+F473+F475+F496+F549 -> 5.4849382e+08 | G7: =G10+G16+G70+G72+G73+G80+G81+G89+G380+G383+G386+G387+G388+G472+G473+G475+G496+G549 -> 5.6568526e+08
C8: ЦТ | D8: =D82+D94+D235+D379 -> 92412624 | E8: =E82+E94+E235+E379 -> 46526920 | F8: =F82+F94+F235+F379 -> 54215599 | G8: =G82+G94+G235+G379 -> 17532212
A9: ВСЕГО по Министерству: | D9: =D10+D16+D70+D72+D73+D79+D380+D386+D388+D472+D473+D475+D496+D387+D383+D549 -> 1153717864 | E9: =E10+E16+E70+E72+E73+E79+E380+E386+E388+E472+E473+E475+E496+E387+E383+E549 -> 884158195 | F9: =F10+F16+F70+F72+F73+F79+F380+F386+F388+F472+F473+F475+F496+F387+F383+F549 -> 6.0270942e+08 | G9: =G10+G16+G70+G72+G73+G79+G380+G386+G388+G472+G473+G475+G496+G387+G383+G549 -> 5.8321747e+08 | H9: =H10+H16+H70+H72+H73+H79+H380+H386+H388+H472+H473+H475+H496+H387+H383+H549 -> #VALUE!
A10: 001 | C10: Формирование и реализация политики государства в области транспорта и коммуникаций | D10: =SUM(D11:D15) -> 13051817 | E10: =SUM(E11:E15) -> 10827650 | F10: =SUM(F11:F15) -> 10296063 | G10: =SUM(G11:G15) -> 10297353
B11: 100 | C11: Обеспечение деятельности уполномоченного органа в области транспорта и коммуникаций | D11: ='по комитетам'!E7 -> 1686238 | E11: ='по комитетам'!F7 -> 1611564 | F11: ='по комитетам'!G7 -> 1422517 | G11: ='по комитетам'!H7 -> 1422807
B12: 104 | C12: Обеспечение функционирования информационных систем и информационно-техническое обеспечение государственных органов | D12: ='по комитетам'!E8 -> 1304815 | E12: ='по комитетам'!F8 -> 1064596 | F12: ='по комитетам'!G8 -> 730881 | G12: ='по комитетам'!H8 -> 731881
B13: 105 | C13: Содержание административных зданий | D13: ='по комитетам'!E9 -> 2734713 | E13: ='по комитетам'!F9 -> 911857 | F13: ='по комитетам'!G9 -> 915002 | G13: ='по комитетам'!H9 -> 915002
B14: 111 | C14: Капитальные расходы Министерства транспорта Республики Казахстан | D14: ='по комитетам'!E10 -> 781649 | E14: ='по комитетам'!F10 -> 0 | F14: ='по комитетам'!G10 -> 0 | G14: ='по комитетам'!H10 -> 0
B15: 123 | C15: Текущие административные расходы | D15: ='по комитетам'!E11 -> 6544402 | E15: ='по комитетам'!F11 -> 7239633 | F15: ='по комитетам'!G11 -> 7227663 | G15: ='по комитетам'!H11 -> 7227663.4
A16: 003 | C16: Развитие автомобильных дорог на республиканском уровне | D16: =D17+D24+D44+D51 -> 181388263 | E16: =E17+E24+E44+E51 -> 48549503 | F16: =F17+F24+F44+F51 -> 13503668 | G16: =G17+G24+G44+G51 -> 1156266 | J16: 45743344 | K16: =#REF!-J16 -> #REF! | L16: 49254091 | M16: =#REF!-L16 -> #REF!
B17: 004 | C17: За счет внешних займов | D17: ='по комитетам'!E20 -> 72250000 | E17: =SUM(E18:E23) -> 9362750 | F17: ='по комитетам'!G20 -> 0 | G17: ='по комитетам'!H20 -> 0
C18: Реконструкция автомобильной дороги республиканского значения «Узынагаш - Отар» | D18: ='СП МТ'!D23 -> 5100000 | E18: ='по комитетам'!F21 -> 5707750 | F18: ='по комитетам'!G21 -> 0 | G18: ='по комитетам'!H21 -> 0
C19: Реконструкция и проектно-изыскательские работы коридора Центр-Юг «Астана - Караганда - Балхаш - Курты - Капшагай - Алматы» участок «Курты - Бурылбайтал» | D19: ='СП МТ'!D24 -> 2911464 | E19: ='по комитетам'!F22 -> 0 | F19: ='по комитетам'!G22 -> 0 | G19: ='по комитетам'!H22 -> 0
C20: Реконструкция и проектно-изыскательские работы коридора Центр-Юг «Астана - Караганда - Балхаш - Курты - Капшагай - Алматы» участок «Балхаш - Бурылбайтал» | D20: ='СП МТ'!D25 -> 22970750 | E20: ='по комитетам'!F23 -> 3655000 | F20: ='по комитетам'!G23 -> 0 | G20: ='по комитетам'!H23 -> 0
C21: Реконструкция автомобильной дороги республиканского значения «Гр. РФ (на Орск) - Актобе - Атырау - гр. РФ (на Астрахань)» участок «Кандыагаш - Макат» | D21: ='СП МТ'!D26 -> 909546 | F21: ='по комитетам'!G24 -> 0 | G21: ='по комитетам'!H24 -> 0
C22: Реконструкция и проектно-изыскательские работы международного транзитного коридора «Западная Европа - Западный Китай» | D22: ='СП МТ'!D27 -> 1530000 | F22: ='по комитетам'!G25 -> 0 | G22: ='по комитетам'!H25 -> 0
C23: Строительство Восточного обхода г.Туркестан | D23: ='СП МТ'!D28 -> 12363414 | F23: ='по комитетам'!G26 -> 0 | G23: ='по комитетам'!H26 -> 0
B24: 005 | C24: За счет внутренних источников | D24: =SUM(D25:D43) -> 0 | E24: ='по комитетам'!F27 -> 37534503 | F24: ='по комитетам'!G27 -> 13503668 | G24: ='по комитетам'!H27 -> 1156266
C25: РП «Реконструкция автомобильной дороги республиканского значения М-51 «гр. РФ (на Челябинск)-гр. РФ (на Новосибирск) через г.г. Петропавловск, Омск» км 465-525 на участке транзитного коридора «Щучинск-Кокшетау-Петропавловск- гр. РФ, II участок км 496-465» Корректировка сметной документации | D25: ='СП МТ'!D30 -> 0 | F25: ='по комитетам'!G28 -> 0 | G25: ='по комитетам'!H28 -> 0
C26: Реконструкция и проектно-изыскательские работы автомобильной дороги руспубликанского значения "Астана-Петропавловск" транзитного коридора "Боровое-Кокшетау-Петропавловск-граница РФ" | D26: ='СП МТ'!D31 -> 0 | F26: ='по комитетам'!G29 -> 0 | G26: ='по комитетам'!H29 -> 0
C27: Реконструкция и проектно-изыскательские работы коридора Центр-Восток "Астана- Павлодар- Калбатау- Усть-Каменогорск", в том числе Восточный обход г.Павлодар | D27: ='СП МТ'!D32 -> 0 | F27: ='по комитетам'!G30 -> 0 | G27: ='по комитетам'!H30 -> 0
C28: Строительство моста через р.Иртыш на автомобильной дороге республиканского значения "Кызылорда-Павлодар-Успенка-гр. РФ" км 1381 | D28: ='СП МТ'!D33 -> 0 | F28: ='по комитетам'!G31 -> 0 | G28: ='по комитетам'!H31 -> 0
C29: Реконструкция и проектно-изыскательские работы коридора Центр-Юг "Астана- Караганда-Балхаш-Курты-Капшагай-Алматы" | D29: ='СП МТ'!D34 -> 0 | F29: ='по комитетам'!G32 -> 0 | G29: ='по комитетам'!H32 -> 0
C30: Реконструкция и проектно-изыскательские работы автомобильной дороги руспубликанского значения "Усть-Каменогорск- Зыряновск- Большенарымское- Катон-Карагай- Рахмановские ключи" | D30: ='СП МТ'!D35 -> 0 | F30: ='по комитетам'!G33 -> 0 | G30: ='по комитетам'!H33 -> 0
C31: Реконструкция и проектно-изыскательские работы автомобильной дороги республиканского значения "Карабутак-Комсомольское-Денисовка-Рудный-Костанай" | D31: ='СП МТ'!D36 -> 0 | F31: ='по комитетам'!G34 -> 0 | G31: ='по комитетам'!H34 -> 0
C32: Реконструкция и проектно-изыскательские работы автомобильной дороги республиканского значения "Ушарал-Достык" | D32: ='СП МТ'!D37 -> 0 | F32: ='по комитетам'!G35 -> 0 | G32: ='по комитетам'!H35 -> 0
C33: Реконструкция и проектно-изыскательские работы автомобильной дороги республиканского значения "Кызылорда - Павлодар - Успенка - гр. РФ" участок "Жезказган-Караганды" | D33: ='СП МТ'!D38 -> 0 | F33: ='по комитетам'!G36 -> 0 | G33: ='по комитетам'!H36 -> 0
C34: Реконструкция и проектно-изыскательские работы автомобильной дороги республиканского значения «Атырау - Уральск» | D34: ='СП МТ'!D39 -> 0 | F34: ='по комитетам'!G37 -> 0 | G34: ='по комитетам'!H37 -> 0
C35: Реконструкция и проектно-изыскательские работы автомобильной дороги республиканского значения "Гр. РФ (на Орск) - Актобе - Атырау -гр. РФ ( на Астрахань)" | D35: ='СП МТ'!D40 -> 0 | F35: ='по комитетам'!G38 -> 0 | G35: ='по комитетам'!H38 -> 0
C36: Реконструкция и проектно-изыскательские работы автомобильной дороги республиканского значения "Уральск-Оренбург" участок "Подстепное-Федоровка- гр РФ. (на Илек)" протяженностью 144 км | D36: ='СП МТ'!D41 -> 0 | F36: ='по комитетам'!G39 -> 0 | G36: ='по комитетам'!H39 -> 0
... C40: Строительство мостового перехода через Бухтарминское водохранилище в Куручмском районе ВКО | D40: ='СП МТ'!D45 -> 0 | F40: ='по комитетам'!G43 -> 0 | G40: ='по комитетам'!H43 -> 0
C41: Строительство мостовых переходов через р. Урал на автомобильной дороге республиканского значения М-32 «Граница РФ (на Самару) – Шымкент, через Уральск, Актобе, Кызылорду | D41: ='СП МТ'!D46 -> 0 | E41: ='по комитетам'!F44 -> 0 | F41: ='по комитетам'!G44 -> 0 | G41: ='по комитетам'!H44 -> 0
C42: Реконструкция автодороги "Каражал-Атасу", 0-28 км | D42: ='СП МТ'!D47 -> 0 | F42: ='по комитетам'!G45 -> 0 | G42: ='по комитетам'!H45 -> 0
C43: Реконструкция и проектно-изыскательские работы автомобильной дороги «Актобе-Карабутак-Улгайсын» | D43: ='СП МТ'!D48 -> 0 | E43: ='по комитетам'!F46 -> 14000000 | F43: ='по комитетам'!G46 -> 13503668 | G43: ='по комитетам'!H46 -> 1156266
B44: 016 | C44: За счет софинансирования внешних займов из республиканского бюджета | D44: =SUM(D45:D50) -> 4860106 | E44: =SUM(E45:E50) -> 1652250 | F44: ='по комитетам'!G47 -> 0 | G44: ='по комитетам'!H47 -> 0
C45: Реконструкция автомобильной дороги республиканского значения «Узынагаш - Отар» | D45: ='по комитетам'!E48 -> 2170954 | E45: ='по комитетам'!F48 -> 1007250 | F45: ='по комитетам'!G48 -> 0 | G45: ='по комитетам'!H48 -> 0
C46: Реконструкция и проектно-изыскательские работы коридора Центр-Юг «Астана - Караганда - Балхаш - Курты - Капшагай - Алматы» участок «Курты - Бурылбайтал» | D46: ='по комитетам'!E49 -> 1050000 | E46: ='по комитетам'!F49 -> 0 | F46: ='по комитетам'!G49 -> 0 | G46: ='по комитетам'!H49 -> 0
C47: Реконструкция и проектно-изыскательские работы коридора Центр-Юг «Астана - Караганда - Балхаш - Курты - Капшагай - Алматы» участок «Балхаш - Бурылбайтал» | D47: ='по комитетам'!E50 -> 1639152 | E47: ='по комитетам'!F50 -> 645000 | F47: ='по комитетам'!G50 -> 0 | G47: ='по комитетам'!H50 -> 0
C48: Реконструкция автомобильной дороги республиканского значения «Гр. РФ (на Орск) - Актобе - Атырау - гр. РФ (на Астрахань)» участок «Кандыагаш - Макат» | D48: ='по комитетам'!E51 -> 0 | E48: ='по комитетам'!F51 -> 0 | F48: ='по комитетам'!G51 -> 0 | G48: ='по комитетам'!H51 -> 0
C49: Реконструкция и проектно-изыскательские работы международного транзитного коридора «Западная Европа - Западный Китай» | D49: ='по комитетам'!E52 -> 0 | E49: ='по комитетам'!F52 -> 0 | F49: ='по комитетам'!G52 -> 0 | G49: ='по комитетам'!H52 -> 0
C50: Строительство Восточного обхода г.Туркестан | D50: ='по комитетам'!E53 -> 0 | E50: ='по комитетам'!F53 -> 0 | F50: ='по комитетам'!G53 -> 0 | G50: ='по комитетам'!H53 -> 0
B51: 032 | C51: За счет целевого трансферта из Национального фонда Республики Казахстан | D51: =SUM(D52:D69) -> 104278157 | E51: =SUM(E52:E69) -> 0 | F51: ='по комитетам'!G54 -> 0 | G51: ='по комитетам'!H54 -> 0
C52: Реконструкция и проектно-изыскательские работы автомобильной дороги республиканского значения «Ушарал - Достык» | D52: ='по комитетам'!E55 -> 4495552 | E52: ='по комитетам'!F55 -> 0 | F52: ='СП МТ'!L57 -> 0 | G52: ='СП МТ'!N57 -> 0
C53: Реконструкция и проектно-изыскательские работы автомобильной дороги республиканского значения «Карабутак - Комсомольское - Денисовка - Рудный - Костанай» | D53: ='по комитетам'!E56 -> 0 | E53: ='по комитетам'!F56 -> 0 | F53: ='СП МТ'!L58 -> 0 | G53: ='СП МТ'!N58 -> 0
C54: Реконструкция и проектно-изыскательские работы автомобильной дороги республиканского значения «Подстепное - Федоровка - гр. РФ» 0-144 км | D54: ='по комитетам'!E57 -> 9244302 | E54: ='по комитетам'!F57 -> 0 | F54: ='СП МТ'!L59 -> 0 | G54: ='СП МТ'!N59 -> 0
C55: Реконструкция и проектно-изыскательские работы автомобильной дороги республиканского значения «Атырау - Уральск» | D55: ='по комитетам'!E58 -> 0 | E55: ='по комитетам'!F58 -> 0 | F55: ='СП МТ'!L60 -> 0 | G55: ='СП МТ'!N60 -> 0
C56: Реконструкция и проектно-изыскательские работы автомобильной дороги «Актобе - Карабутак - Улгайсын» | D56: ='по комитетам'!E59 -> 20187038 | E56: ='по комитетам'!F59 -> 0 | F56: ='СП МТ'!L61 -> 0 | G56: ='СП МТ'!N61 -> 0
C57: Реконструкция автомобильной дороги республиканского значения «Кызылорда - Павлодар - Успенка - гр. РФ» участок «Жезказган - Караганды» | D57: ='по комитетам'!E60 -> 0 | E57: ='по комитетам'!F60 -> 0 | F57: ='СП МТ'!L62 -> 0 | G57: ='СП МТ'!N62 -> 0
C58: Реконструкция и проектно-изыскательские работы коридора Центр-Юг "Астана - Караганда - Балхаш - Курты - Капшагай - Алматы" | D58: ='по комитетам'!E61 -> 0 | E58: ='по комитетам'!F61 -> 0 | F58: ='СП МТ'!L63 -> 0 | G58: ='СП МТ'!N63 -> 0
C59: РП «Реконструкция автомобильной дороги республиканского значения М-51 «гр. РФ (на Челябинск)-гр. РФ (на Новосибирск) через г.г. Петропавловск, Омск» км 465-525 на участке транзитного коридора «Щучинск-Кокшетау-Петропавловск-гр. РФ, II участок км 496-465» Корректировка сметной документации | D59: ='по комитетам'!E62 -> 23000000 | E59: ='по комитетам'!F62 -> 0 | F59: ='СП МТ'!L64 -> 0 | G59: ='СП МТ'!N64 -> 0
C60: Строительство моста через р.Иртыш на автомобильной дороге республиканского значения "Кызылорда-Павлодар-Успенка-гр.РФ" км 1381 | D60: ='по комитетам'!E63 -> 21642741 | E60: ='по комитетам'!F63 -> 0 | F60: ='СП МТ'!L65 -> 0 | G60: ='СП МТ'!N65 -> 0
C61: Реконструкция и проектно-изыскательские работы автомобильной дороги республиканского значения "Гр. РФ (на Орск) - Актобе - Атырау - гр. РФ (на Астрахань)" | D61: ='по комитетам'!E64 -> 0 | E61: ='по комитетам'!F64 -> 0 | F61: ='СП МТ'!L66 -> 0 | G61: ='СП МТ'!N66 -> 0
C62: Реконструкция и проектно-изыскательские работы коридора Центр-Восток "Астана-Павлодар-Калбатау-Усть-Каменогорск", в том числе Восточный обход г. Павлодар | D62: ='по комитетам'!E65 -> 900000 | E62: ='по комитетам'!F65 -> 0
C63: Реконструкция и проектно-изыскательские работы автомобильной дороги республиканского значения "Усть-Каменогорск - Зыряновск - Большенарымское - Катон-Карагай - Рахмановские ключи" | D63: ='по комитетам'!E66 -> 12918630 | E63: ='по комитетам'!F66 -> 0
C64: Реконструкция и проектно-изыскательские работы автомобильной дороги республиканского значения «Центр-Запад» | D64: ='по комитетам'!E67 -> 0 | E64: ='по комитетам'!F67 -> 0
C65: Строительство мостового перехода через Бухтарминское водохранилище в Куручмском районе ВКО | D65: ='по комитетам'!E68 -> 4000000 | E65: ='по комитетам'!F68 -> 0
C66: Реконструкция автомобильной дороги республиканского значения «Узынагаш - Отар» | D66: ='по комитетам'!E69 -> 1579046 | E66: ='по комитетам'!F69 -> 0
C67: Реконструкция и проектно-изыскательские работы коридора Центр-Юг «Астана - Караганда - Балхаш - Курты - Капшагай - Алматы» участок «Курты - Бурылбайтал» | D67: ='по комитетам'!E70 -> 3300000 | E67: ='по комитетам'!F70 -> 0
C68: Реконструкция и проектно-изыскательские работы коридора Центр-Юг «Астана - Караганда - Балхаш - Курты - Капшагай - Алматы» участок «Балхаш - Бурылбайтал» | D68: ='по комитетам'!E71 -> 3010848 | E68: ='по комитетам'!F71 -> 0
C69: Реконструкция и проектно-изыскательские работы автомобильной дороги республиканского значения «Кызылорда-Жезказган» | D69: ='СП МТ'!D70 -> 0 | E69: ='СП МТ'!H70 -> 0 | F69: ='СП МТ'!L70 -> 0 | G69: ='СП МТ'!N70 -> 0
A70: 013 | C70: Субсидирование регулярных авиаперевозок | D70: =D71 -> 6418439 | E70: =E71 -> 6418439 | F70: =F71 -> 6418439 | G70: =G71 -> 6418439 | J70: 6500000 | K70: =#REF!-J70 -> #REF! | L70: 6500000 | M70: =#REF!-L70 -> #REF!
B71: 030 | C71: За счет средств республиканского бюджета | D71: 6418439 | E71: ='по комитетам'!F591 -> 6418439 | F71: ='по комитетам'!G591 -> 6418439 | G71: ='по комитетам'!H591 -> 6418439 | H71: ='СП МТ'!L501 -> Субсидируются следующие авиамаршруты: 1 Туркестан-Актау 2 Туркестан-Актобе 3 Туркестан-Караганда 4 Туркестан – Уральск 5 Туркестан – Костанай 6 Жезказган – Караганда 7 Жезказган – Шымкент 8 Балхаш – Алматы 9 Балхаш – Астана 10 Жезказган – Усть-Каменогорск 11 Алматы – Кокшетау 12 Кокшетау – Актау 13 Кокшетау - Шымкент 14 Урджар – Астана 15 Урджар – Алматы 16 Петропавловск – Астана 17 Петропавловск – Алматы 18 Алматы – Ушарал 19 Астана – Ушарал 20 Павлодар – Астана 21 Тараз – Алматы 22 Тараз - Атырау 23 Усть-Каменогорск – Караганда 24 Кызылорда - Кокшетау 25 Кокшетау - Атырау 26 Актобе - Кокшетау 27 Усть-Каменогорск – Урджар 28 Зайсан - Алматы 29 Шымкент - Актобе 30 Шымкент - Павлодар 31 Шымкент - Костанай 32 Шымкент - Усть-Каменогорск 33 Караганда - Шымкент 34 Караганда - Актобе 35 Караганда - Атырау 36 Балхаш - Шымкент 37 Балхаш - Жезказган 38 Балхаш - Туркестан 39 Петропавловск - Шымкент 40 Петропавловск - Туркестан 41 Туркестан - Атырау 42 Туркестан - Кокшетау 43 Туркестан - Павлодар 44 Туркестан - Семей 45 Туркестан - Усть-Каменогорск 46 Туркестан - Талдыкорган 47 Туркестан - Ушарал
A72: 015 | C72: Субсидирование железнодорожных пассажирских перевозок по социально значимым межобластным сообщениям | D72: 54411984 | E72: ='по комитетам'!F568 -> 64411984 | F72: ='по комитетам'!G568 -> 54401984 | G72: ='по комитетам'!H568 -> 54401984 | H72: ='СП МТ'!L481 -> 116 393 979 тыс.тенге, из них: 1) 77 355 693 тыс. тенге- АО "Пассажирские перевозки", 2) 4 573 517 тыс. тенге АО "Пригородные перевозки" 3) 18 823 124 тыс. тенге - АО "Пассажирские локомотивы" 4) 15 641 645 тыс.тенге - Частные перевозчики | J72: 37327971 | K72: =#REF!-J72 -> #REF! | L72: 40527885 | M72: =#REF!-L72 -> #REF!
A73: 034 | C73: Реализация мероприятий в рамках проекта «Новая транспортная система города Астаны. LRT (участок от аэропорта до нового железнодорожного вокзала)» | D73: 332416045 | E73: =SUM(E74:E78) -> 16708068 | F73: =SUM(F74:F78) -> 0 | G73: =SUM(G74:G78) -> 0 | J73: 0 | K73: =#REF!-J73 -> #REF! | L73: 0
B74: 102 | C74: Целевые трансферты на развитие бюджету города Астаны на увеличение уставного капитала юридических лиц на строительство в рамках проекта «Новая транспортная система города Астаны. LRT (участок от аэропорта до нового железнодорожного вокзала) за счет средств целевого трансферта из Национального Фонда Республики Казахстан | D74: ='по комитетам'!E572 -> 332416045 | E74: ='по комитетам'!F571 -> 16708068 | F74: ='по комитетам'!G572 -> 0 | G74: ='по комитетам'!H572 -> 0 | H74: ='СП МТ'!L483 -> 0
B75: 103 | C75: Целевые трансферты на развитие бюджету города Астаны на увеличение уставного капитала юридических лиц на строительство в рамках проекта «Новая транспортная система города Астаны. LRT (участок от аэропорта до нового железнодорожного вокзала)» | G75: ='по комитетам'!H573 -> 0 | H75: ='СП МТ'!L484 -> 328 875 246 тыс. тенге - на СМР по ЕРС-контракту
B76: 000 | C76: Обязательства по облигационному займу | E76: ='по комитетам'!F573 -> 0 | F76: ='по комитетам'!G573 -> 0 | G76: ='по комитетам'!H573 -> 0
B77: 000 | C77: Обязательства по краткосроному займу в рамках ЕРС контракта | E77: ='по комитетам'!F574 -> 0 | F77: ='по комитетам'!G574 -> 0 | G77: ='по комитетам'!H574 -> 0
B78: 000 | C78: Обязательства за предоставление гарантии по краткосрочному займу | D78: ='СП МТ'!D485 -> 0 | E78: ='по комитетам'!F575 -> 0 | F78: ='по комитетам'!G575 -> 0 | G78: ='по комитетам'!H575 -> 0 | H78: ='СП МТ'!L485 -> 0
A79: 091 | C79: Ремонт и организация содержания, направленная на улучшение качества автомобильных дорог общего пользования | D79: =D80+D81+D82+D89+D94+D235+D379 -> 154551091 | E79: =E80+E81+E82+E89+E94+E235+E379 -> 90769547 | F79: =F80+F81+F82+F89+F94+F235+F379 -> 98458226 | G79: =G80+G81+G82+G89+G94+G235+G379 -> 61774839 | J79: 20164492 | K79: =#REF!-J79 -> #REF! | L79: 19412256 | M79: =#REF!-L79 -> #REF!
B80: 101 | C80: Обеспечение качества выполнения дорожно-строительных и ремонтных работ | D80: ='СП МТ'!D72 -> 2807186 | E80: ='по комитетам'!F74 -> 2703885 | F80: ='по комитетам'!G74 -> 2703885 | G80: ='по комитетам'!H74 -> 2703885
B81: 102 | C81: Услуги по организации работ по строительству, реконструкции, ремонту и содержанию автомобильных дорог | D81: ='СП МТ'!D73 -> 3144876 | E81: ='по комитетам'!F75 -> 3144876 | F81: ='по комитетам'!G75 -> 3144876 | G81: ='по комитетам'!H75 -> 3144876
B82: 106 | C82: Целевые текущие трансферты областным бюджетам, бюджетам городов республиканского значения, столицы на изъятие земельных участков для государственных нужд | D82: ='по комитетам'!E76 -> 0 | E82: ='по комитетам'!F76 -> 0 | F82: ='по комитетам'!G76 -> 0 | G82: ='по комитетам'!H76 -> 0
C83: Алматинская область | D83: ='СП МТ'!D75 -> 124351 | E83: ='по комитетам'!F77 -> 0
C84: Атырауская область | D84: ='СП МТ'!D76 -> 0
C85: Жамбылская область | D85: ='СП МТ'!D77 -> 0
C86: город Алматы | D86: ='СП МТ'!D78 -> 0
C87: город Астана | D87: ='СП МТ'!D79 -> 0 | E87: ='по комитетам'!F81 -> 0 | F87: ='по комитетам'!G81 -> 0 | G87: ='по комитетам'!H81 -> 0
C88: город Шымкент | D88: ='СП МТ'!D80 -> 0 | E88: ='по комитетам'!F82 -> 0 | F88: ='по комитетам'!G82 -> 0 | G88: ='по комитетам'!H82 -> 0
B89: 108 | C89: Капитальный, средний и текущий ремонт, содержание, озеленение, диагностика и инструментальное обследование автомобильных дорог республиканского значения за счет средств республиканского бюджета | D89: =SUM(D90:D93) -> 56186405 | E89: =SUM(E90:E93) -> 38393866 | F89: =SUM(F90:F93) -> 38393866 | G89: =SUM(G90:G93) -> 38393866
C90: Капитальный ремонт | D90: ='по комитетам'!E84 -> 20000000 | E90: ='по комитетам'!F84 -> 0 | F90: ='по комитетам'!G84 -> 0 | G90: ='по комитетам'!H84 -> 0
C91: Средний ремонт | D91: ='по комитетам'!E85 -> 0 | E91: ='по комитетам'!F85 -> 0 | F91: ='по комитетам'!G85 -> 0 | G91: ='по комитетам'!H85 -> 0
C92: Содержание | D92: ='по комитетам'!E86 -> 34924405 | E92: ='по комитетам'!F86 -> 37768866 | F92: ='по комитетам'!G86 -> 37768866 | G92: ='по комитетам'!H86 -> 37768866
C93: Актуализация нормативно-технических документов в соответствии с планом структуризации нормативной базы дорожной отрасли, наполнение единой базы дорожно-строительных материалов и новых технологии | D93: 1262000 | E93: ='по комитетам'!F87 -> 625000 | F93: ='по комитетам'!G87 -> 625000 | G93: ='по комитетам'!H87 -> 625000
B94: 110 | C94: Целевые трансферты на развитие областным бюджетам, бюджетам городов республиканского значения, столицы на развитие транспортной инфраструктуры за счет средств республиканского бюджета | D94: 4993439 | E94: 34046920 | F94: 10000000 | G94: 17532212
C95: Акмолинская область | D95: ='СП МТ'!D87 -> 0 | E95: =SUM(E96:E99) -> 0 | F95: ='по комитетам'!G89 -> 0 | G95: ='по комитетам'!H89 -> 0
C96: Строительство и реконструкция развития дорожной сети поселка Бурабай (III очередь) Автомобильные дороги Улица Джамбула, Казахстанская, Интернациональная Акмолинская область, Бурабайский район» | E96: ='по комитетам'!F92 -> 0 | F96: ='по комитетам'!G90 -> 0 | G96: ='по комитетам'!H90 -> 0
C97: Реконструкция дороги областного значения КС-26 "Щучинск- Боровое" - Наурызбай батыр - граница области" км 0-8 (8 км) Бурабайского района, Акмолинской области | E97: ='по комитетам'!F93 -> 0 | F97: ='по комитетам'!G91 -> 0 | G97: ='по комитетам'!H91 -> 0
C98: «Строительство гравийно-щебеночной подъездной дороги к озеру Караунгир Бурабайского района Акмолинской области» | F98: ='по комитетам'!G92 -> 0 | G98: ='по комитетам'!H92 -> 0
C99: Реконструкция автомобильной дороги областного значения КС-9 "Степногорск-Азат" км 0-41 (41 км) Акмолинской области | E99: ='по комитетам'!F95 -> 0 | F99: ='по комитетам'!G93 -> 0 | G99: ='по комитетам'!H93 -> 0
C100: Актюбинская область | D100: ='СП МТ'!D92 -> 505133 | E100: =SUM(E101:E110) -> 0 | F100: ='по комитетам'!G94 -> 0 | G100: ='по комитетам'!H94 -> 0
C101: Строительство автомобильной дороги «Большой Южный обход города Актобе» | D101: ='СП МТ'!D93 -> 0 | E101: ='по комитетам'!F97 -> 0 | F101: ='по комитетам'!G95 -> 0 | G101: ='по комитетам'!H95 -> 0
C102: Строительство автомобильной дороги, соединяющей автодорогу «Самара-Шымкент» с автодорогой «Актобе-Мартук-гр.РФ» (Западный обход города Актобе) | D102: ='СП МТ'!D94 -> 0 | E102: ='по комитетам'!F98 -> 0 | F102: ='по комитетам'!G96 -> 0 | G102: ='по комитетам'!H96 -> 0
C103: Реконструкция автомобильной дороги «Шалкар-Бозой-граница РУ (на Нукус)» участок 115-145 | D103: ='СП МТ'!D95 -> 0 | E103: ='по комитетам'!F99 -> 0 | F103: ='по комитетам'!G97 -> 0 | G103: ='по комитетам'!H97 -> 0
C104: Реконструкция автомобильной дороги «Шалкар-Бозой-граница РУ (на Нукус)» участок 145-175 км | D104: ='СП МТ'!D96 -> 0 | E104: ='по комитетам'!F100 -> 0 | F104: ='по комитетам'!G98 -> 0 | G104: ='по комитетам'!H98 -> 0
...

Sheet СП МТ
A1: Информация по проекту бюджета Министерства транспорта РК на 2025-2027 годы
A2: тыс. тенге
A3: Программа | B3: Подпрограмма | C3: Наименование | D3: Скор-ный бюджет на 2024 год | E3: 2025 год | H3: 2026 год | J3: 2027 год | L3: Примечание
E4: Заявка | F4: Утвержденный | G4: Лимит МТ | H4: Заявка | I4: Лимит | J4: Заявка | K4: Лимит
A5: ВСЕГО по Министерству: | D5: =D6+D14+D474+D493++D506+D509+D512 -> 758920289 | E5: =E6+E14+E474+E493++E506+E509+E512 -> 1.9385556e+09 | F5: =F6+F14+F474+F493+F506+F509+F512 -> 408044515 | G5: =G6+G14+G474+G493+G506+G509+G512 -> 4.0804452e+08 | H5: =H6+H14+H474+H493++H506+H509+H512 -> 1.7176605e+09 | I5: =I6+I14+I474+I493++I506+I509+I512 -> 3.9782363e+08 | J5: =J6+J14+J474+J493++J506+J509+J512 -> 1.7059727e+09 | K5: =K6+K14+K474+K493++K506+K509+K512 -> 3.9782363e+08 | N5: =G5-408044515 -> 0.15000004
A6: 001 | C6: Формирование и реализация политики государства в области транспорта и коммуникаций | D6: =SUM(D7:D11) -> 10800252 | E6: =SUM(E7:E11) -> 15878818 | F6: =SUM(F7:F11) -> 9286805 | G6: =SUM(G7:G11) -> 13905934 | H6: =SUM(H7:H11) -> 11635140 | I6: =SUM(I7:I11) -> 7461189.2 | J6: =SUM(J7:J11) -> 11947972 | K6: =SUM(K7:K11) -> 7559667.4
B7: 100 | C7: Обеспечение деятельности уполномоченного органа в области транспорта и коммуникаций | D7: 881606 | E7: 994768 | F7: 905319 | G7: 997572 | H7: 1006358 | I7: =H7*15.22% -> 153167.69 | J7: 1015972 | K7: =J7*17.23% -> 175051.98
B8: 104 | C8: Обеспечение функционирования информационных систем и информационно-техническое обеспечение государственных органов | D8: 1002160 | E8: 1649322 | F8: 978204 | G8: 1175716 | H8: 1391481 | I8: =H8*15.22% -> 211783.41 | J8: 1454948 | K8: =J8*17.23% -> 250687.54
B9: 105 | C9: Содержание здания административно-технологического комплекса «Transport tower» | D9: 1668673 | E9: 4814642 | F9: 591334 | G9: 4814642 | H9: 776410 | I9: =H9*15.22% -> 118169.6 | J9: 815230 | K9: =J9*17.23% -> 140464.13
B10: 111 | C10: Капитальные расходы Министерства транспорта Республики Казахстан | D10: 450529 | E10: 747205 | F10: 21940 | G10: 373602 | H10: 629478 | I10: =H10*15.22% -> 95806.552 | J10: 645396 | K10: =J10*17.23% -> 111201.73
B11: 123 | C11: Текущие административные расходы | D11: 6797284 | E11: 7672881 | F11: =6544402+245606 -> 6790008 | G11: 6544402 | H11: 7831413 | I11: 6882262 | J11: 8016426 | K11: 6882262
E12: =E14-E13 -> 1.0290305e+08 | F12: =F14-F13 -> -830667549 | G12: =G14-G13 -> -8.2795871e+08 | H12: =H14-H13 -> 1.1041398e+08 | J12: =J14-J13 -> 66647229
E13: 1133967317 | F13: 1133967317 | G13: 1133967317 | H13: 1211419318 | J13: 1241575003
A14: Комитет автомобильных дорог | D14: =D15+D21+D71+D314+D315+D399+D419 -> 591846904 | E14: =E15+E21+E71+E314+E315+E399+E419 -> 1.2368704e+09 | F14: =F15+F21+F71+F314+F315+F399+F419 -> 303299768 | G14: =G15+G21+G71+G314+G315+G399+G419 -> 3.0600861e+08 | H14: =H15+H21+H71+H314+H315+H399+H419 -> 1.3218333e+09 | I14: =I15+I21+I71+I314+I315+I399+I419 -> 3.5474906e+08 | J14: =J15+J21+J71+J314+J315+J399+J419 -> 1.3082222e+09 | K14: =K15+K21+K71+K314+K315+K399+K419 -> 3.4888603e+08
A15: 001 | C15: Формирование и реализация политики государства в области транспорта и коммуникаций | D15: =D16+D17+D18+D19+D20 -> 0
B16: 100 | C16: Обеспечение деятельности уполномоченного органа в области транспорта и коммуникаций
B17: 104 | C17: Обеспечение функционирования информационных систем и информационно-техническое обеспечение государственных органов
B18: 105 | C18: Содержание здания административно-технологического комплекса «Transport tower»
B19: 111 | C19: Капитальные расходы Министерства транспорта Республики Казахстан
B20: 123 | C20: Текущие административные расходы
A21: 003 | C21: Развитие автомобильных дорог на республиканском уровне | D21: =D22+D29+D49+D56 -> 149938659 | E21: =E22+E29+E49+E56 -> 241890065 | F21: =F22+F29+F49+F56 -> 45743344 | G21: =G22+G29+G49+G56 -> 45743344 | H21: =H22+H29+H49+H56 -> 144136907 | I21: =I22+I29+I49+I56 -> 21911122 | J21: =J22+J29+J49+J56 -> 183518233 | K21: =K22+K29+K49+K56 -> 31620192 | N21: =G21-F21 -> -0.35
B22: 004 | C22: За счет внешних займов | D22: =SUM(D23:D28) -> 45785174 | E22: =SUM(E23:E28) -> 72250000 | F22: 6238031 | G22: 12289624 | H22: =SUM(H23:H28) -> 0 | I22: =H22*15.22% -> 0 | J22: =SUM(J23:J28) -> 0
C23: Реконструкция автомобильной дороги республиканского значения «Узынагаш - Отар» | D23: 5100000 | E23: 21250000
C24: Реконструкция и проектно-изыскательские работы коридора Центр-Юг «Астана - Караганда - Балхаш - Курты - Капшагай - Алматы» участок «Курты - Бурылбайтал» | D24: 2911464 | E24: 24650000
C25: Реконструкция и проектно-изыскательские работы коридора Центр-Юг «Астана - Караганда - Балхаш - Курты - Капшагай - Алматы» участок «Балхаш - Бурылбайтал» | D25: 22970750 | E25: 26350000
C26: Реконструкция автомобильной дороги республиканского значения «Гр. РФ (на Орск) - Актобе - Атырау - гр. РФ (на Астрахань)» участок «Кандыагаш - Макат» | D26: 909546
C27: Реконструкция и проектно-изыскательские работы международного транзитного коридора «Западная Европа - Западный Китай» | D27: 1530000
C28: Строительство Восточного обхода г.Туркестан | D28: 12363414
B29: 005 | C29: За счет внутренних источников | D29: =SUM(D30:D48) -> 0 | E29: =SUM(E30:E48) -> 156890065 | F29: 1088485 | G29: 30641184 | H29: =SUM(H30:H48) -> 144136907 | I29: =H29*15.22%-26515 -> 21911122 | J29: =SUM(J30:J48) -> 183518233 | K29: =J29*17.23% -> 31620192
C30: РП «Реконструкция автомобильной дороги республиканского значения М-51 «гр. РФ (на Челябинск)-гр. РФ (на Новосибирск) через г.г. Петропавловск, Омск» км 465-525 на участке транзитного коридора «Щучинск-Кокшетау-Петропавловск- гр. РФ, II участок км 496-465» Корректировка сметной документации
C31: Реконструкция и проектно-изыскательские работы автомобильной дороги руспубликанского значения "Астана-Петропавловск" транзитного коридора "Боровое-Кокшетау-Петропавловск-граница РФ"
C32: Реконструкция и проектно-изыскательские работы коридора Центр-Восток "Астана- Павлодар- Калбатау- Усть-Каменогорск", в том числе Восточный обход г.Павлодар
C33: Строительство моста через р.Иртыш на автомобильной дороге республиканского значения "Кызылорда-Павлодар-Успенка-гр. РФ" км 1381 | E33: 17642741
C34: Реконструкция и проектно-изыскательские работы коридора Центр-Юг "Астана- Караганда-Балхаш-Курты-Капшагай-Алматы"
C35: Реконструкция и проектно-изыскательские работы автомобильной дороги руспубликанского значения "Усть-Каменогорск- Зыряновск- Большенарымское- Катон-Карагай- Рахмановские ключи" | E35: 12918630
C36: Реконструкция и проектно-изыскательские работы автомобильной дороги республиканского значения "Карабутак-Комсомольское-Денисовка-Рудный-Костанай"
C37: Реконструкция и проектно-изыскательские работы автомобильной дороги республиканского значения "Ушарал-Достык" | E37: 4495552
C38: Реконструкция и проектно-изыскательские работы автомобильной дороги республиканского значения "Кызылорда - Павлодар - Успенка - гр. РФ" участок "Жезказган-Караганды"
C39: Реконструкция и проектно-изыскательские работы автомобильной дороги республиканского значения «Атырау - Уральск» | E39: 270000 | H39: 566584 | J39: 70000000
C40: Реконструкция и проектно-изыскательские работы автомобильной дороги республиканского значения "Гр. РФ (на Орск) - Актобе - Атырау -гр. РФ ( на Астрахань)"
C41: Реконструкция и проектно-изыскательские работы автомобильной дороги республиканского значения "Уральск-Оренбург" участок "Подстепное-Федоровка- гр РФ. (на Илек)" протяженностью 144 км | E41: 9244302
C42: Реконструкция и проектно-изыскательские работы автомобильной дороги республиканского значения "Семей - Усть-Каменогорск" протяженностью 195 км"
C43: Разработка проектно-сметной документации по реконструкции автомобильной дороги "Павлодар-Успенка-гр.РФ" км 0-152 | E43: 30000000 | H43: 30000000 | J43: 30000000
C44: Реконструкция и разработка проектно-сметной документации по автомобильной дороги "гр.Актюбинской области и г.Кызылорда км 1240-1806 | H44: 40000000 | J44: 40000000
C45: Строительство мостового перехода через Бухтарминское водохранилище в Куручмском районе ВКО | E45: 4000000
C46: Строительство мостовых переходов через р. Урал на автомобильной дороге республиканского значения М-32 «Граница РФ (на Самару) – Шымкент, через Уральск, Актобе, Кызылорду | E46: 24131802 | H46: 23570323 | J46: 23570323
C47: Реконструкция автодороги "Каражал-Атасу", 0-28 км | E47: 4000000
C48: Реконструкция и проектно-изыскательские работы автомобильной дороги «Актобе-Карабутак-Улгайсын» | E48: 50187038 | H48: 50000000 | J48: 19947910
B49: 016 | C49: За счет софинансирования внешних займов из республиканского бюджета | D49: =SUM(D50:D55) -> 8035816 | E49: =SUM(E50:E55) -> 12750000 | F49: 38416828 | G49: =D49*35% -> 2812535.6 | H49: =SUM(H50:H55) -> 0 | I49: =H49*15.22% -> 0 | J49: =SUM(J50:J55) -> 0
C50: Реконструкция автомобильной дороги республиканского значения «Узынагаш - Отар» | D50: 900000 | E50: 3750000
C51: Реконструкция и проектно-изыскательские работы коридора Центр-Юг «Астана - Караганда - Балхаш - Курты - Капшагай - Алматы» участок «Курты - Бурылбайтал» | D51: 469867 | E51: 4350000
C52: Реконструкция и проектно-изыскательские работы коридора Центр-Юг «Астана - Караганда - Балхаш - Курты - Капшагай - Алматы» участок «Балхаш - Бурылбайтал» | D52: 4110581 | E52: 4650000
C53: Реконструкция автомобильной дороги республиканского значения «Гр. РФ (на Орск) - Актобе - Атырау - гр. РФ (на Астрахань)» участок «Кандыагаш - Макат» | D53: 214286
C54: Реконструкция и проектно-изыскательские работы международного транзитного коридора «Западная Европа - Западный Китай» | D54: 270000
C55: Строительство Восточного обхода г.Туркестан | D55: 2071082
B56: 032 | C56: За счет целевого трансферта из Национального фонда Республики Казахстан | D56: =SUM(D57:D70) -> 96117669 | E56: =SUM(E57:E70) -> 0 | F56: 0 | H56: =SUM(H57:H70) -> 0 | I56: =H56*15.22% -> 0 | J56: =SUM(J57:J70) -> 0
C57: Реконструкция и проектно-изыскательские работы автомобильной дороги республиканского значения «Ушарал - Достык» | D57: 3183796
C58: Реконструкция и проектно-изыскательские работы автомобильной дороги республиканского значения «Карабутак - Комсомольское - Денисовка - Рудный - Костанай» | D58: 10000
C59: Реконструкция и проектно-изыскательские работы автомобильной дороги республиканского значения «Подстепное - Федоровка - гр. РФ» 0-144 км | D59: 16000000
C60: Реконструкция и проектно-изыскательские работы автомобильной дороги республиканского значения «Атырау - Уральск»
C61: Реконструкция и проектно-изыскательские работы автомобильной дороги «Актобе - Карабутак - Улгайсын» | D61: 16000000
C62: Реконструкция автомобильной дороги республиканского значения «Кызылорда - Павлодар - Успенка - гр. РФ» участок «Жезказган - Караганды» | D62: 20000000
C63: Реконструкция и проектно-изыскательские работы коридора Центр-Юг "Астана - Караганда - Балхаш - Курты - Капшагай - Алматы" | D63: 4431117
C64: РП «Реконструкция автомобильной дороги республиканского значения М-51 «гр. РФ (на Челябинск)-гр. РФ (на Новосибирск) через г.г. Петропавловск, Омск» км 465-525 на участке транзитного коридора «Щучинск-Кокшетау-Петропавловск-гр. РФ, II участок км 496-465» Корректировка сметной документации | D64: 5177846
C65: Строительство моста через р.Иртыш на автомобильной дороге республиканского значения "Кызылорда-Павлодар-Успенка-гр.РФ" км 1381 | D65: 21741831
C66: Реконструкция и проектно-изыскательские работы автомобильной дороги республиканского значения "Гр. РФ (на Орск) - Актобе - Атырау - гр. РФ (на Астрахань)" | D66: 3462010
C67: Реконструкция и проектно-изыскательские работы коридора Центр-Восток "Астана-Павлодар-Калбатау-Усть-Каменогорск", в том числе Восточный обход г. Павлодар | D67: 1101497
C68: Реконструкция и проектно-изыскательские работы автомобильной дороги республиканского значения "Усть-Каменогорск - Зыряновск - Большенарымское - Катон-Карагай - Рахмановские ключи" | D68: 5000000
C69: Реконструкция и проектно-изыскательские работы автомобильной дороги республиканского значения «Центр-Запад» | D69: 9572
C70: Реконструкция и проектно-изыскательские работы автомобильной дороги республиканского значения «Кызылорда-Жезказган»
A71: 091 | C71: Ремонт и организация содержания, направленная на улучшение качества автомобильных дорог общего пользования | D71: =D72+D73+D74+D81+D86+D202+D313 -> 211963576 | E71: =E72+E73+E74+E81+E86+E202+E313 -> 5.5886498e+08 | F71: =F72+F73+F74+F81+F86+F202+F313 -> 20164492 | G71: =G72+G73+G74+G81+G86+G202+G313 -> 28843080 | H71: =H72+H73+H74+H81+H86+H202+H313 -> 4.8086087e+08 | I71: =I72+I73+I74+I81+I86+I202+I313 -> 73187024 | J71: =J72+J73+J74+J81+J86+J202+J313 -> 3.8253382e+08 | K71: =K72+K73+K74+K81+K86+K202+K313 -> 65910577
B72: 101 | C72: Обеспечение качества выполнения дорожно-строительных и ремонтных работ | D72: 2807186 | E72: 8884555 | F72: 2596743 | G72: =D72*35% -> 982515.1 | H72: 8119385 | I72: =H72*15.22% -> 1235770.4 | J72: 8398783 | K72: =J72*17.23% -> 1447110.3
B73: 102 | C73: Услуги по организации работ по строительству, реконструкции, ремонту и содержанию автомобильных дорог | D73: 3144876 | E73: 3905306 | F73: 2580021 | G73: =D73*35% -> 1100706.6 | H73: 3983334 | I73: =H73*15.22% -> 606263.43 | J73: 4066419 | K73: =J73*17.23% -> 700643.99
B74: 106 | C74: Целевые текущие трансферты областным бюджетам, бюджетам городов республиканского значения, столицы на изъятие земельных участков для государственных нужд | D74: =SUM(D75:D80) -> 124351 | E74: =SUM(E75:E80) -> 8982489 | F74: =SUM(F75:F80) -> 0 | G74: =SUM(G75:G80) -> 0 | H74: =SUM(H75:H80) -> 0 | I74: =SUM(I75:I80) -> 0 | J74: =SUM(J75:J80) -> 0 | K74: =SUM(K75:K80) -> 0
C75: Алматинская область | D75: 124351
C76: Атырауская область | G76: =D76*38.5% -> 0
C77: Жамбылская область
C78: город Алматы
C79: город Астана | E79: 6061472 | F79: =D79*38.5% -> 0
C80: город Шымкент | E80: 2921017 | F80: =D80*38.5% -> 0 | G80: =D80*38.5% -> 0
B81: 108 | C81: Капитальный, средний и текущий ремонт, содержание, озеленение, диагностика и инструментальное обследование автомобильных дорог республиканского значения за счет средств республиканского бюджета | D81: =SUM(D82:D85) -> 123954452 | E81: =SUM(E82:E85) -> 2.57932e+08 | F81: =SUM(F82:F85) -> 10178785 | G81: =SUM(G82:G85) -> 26759858 | H81: =SUM(H82:H85) -> 2.7033128e+08 | I81: =SUM(I82:I85) -> 41144421 | J81: =SUM(J82:J85) -> 2.5976124e+08 | K81: =SUM(K82:K85) -> 44756862
C82: Капитальный ремонт | D82: 40000000 | E82: 51383405 | F82: 3000000 | G82: =D82*35%-3000000 -> 11000000 | H82: 57556234 | I82: =H82*15.22% -> 8760058.9 | J82: 41959556 | K82: =J82*17.23% -> 7229631.5
C83: Средний ремонт | D83: 48692160 | E83: 1.5e+08 | F83: 5048976 | G83: =D83*35%-3036599 -> 14005657 | H83: 150000000 | I83: =H83*15.22% -> 22830000 | J83: 1.5e+08 | K83: =J83*17.23% -> 25845000
C84: Содержание | D84: 34000000 | E84: 55000000 | F84: 867517 | G84: =867517+444882 -> 1312399 | H84: 60000000 | I84: =H84*15.22% -> 9132000 | J84: 67000000 | K84: =J84*17.23% -> 11544100
C85: Изготовление государственных актов и технических паспортов на автомобильные дороги и производственные базы - КазДорНИИ | D85: 1262292 | E85: 1548595 | F85: 1262292 | G85: =D85*35% -> 441802.2 | H85: 2775044 | I85: =H85*15.22% -> 422361.7 | J85: 801686.46 | K85: =J85*17.23% -> 138130.58
B86: 110 | C86: Целевые трансферты на развитие областным бюджетам, бюджетам городов республиканского значения, столицы на развитие транспортной инфраструктуры за счет средств республиканского бюджета | D86: =D87+D92+D103+D105+D109+D113+D118+D123+D133+D136+D145+D149+D152+D158+D170+D173+D178+D182+D195 -> 5905133 | E86: =E87+E92+E103+E105+E109+E113+E118+E123+E133+E136+E145+E149+E152+E158+E170+E173+E178+E182+E195 -> 2.7916063e+08 | F86: 4808943 | H86: =H87+H92+H103+H105+H109+H113+H118+H123+H133+H136+H145+H149+H152+H158+H170+H173+H178+H182+H195 -> 1.9842687e+08 | I86: =H86*15.22% -> 30200570 | J86: =J87+J92+J103+J105+J109+J113+J118+J123+J133+J136+J145+J149+J152+J158+J170+J173+J178+J182+J195 -> 110307377 | K86: =J86*17.23% -> 19005961
C87: Акмолинская область | D87: =SUM(D88:D91) -> 0 | E87: =SUM(E88:E91) -> 6964278 | F87: =SUM(F88:F91) -> 0 | G87: =SUM(G88:G91) -> 0 | H87: =SUM(H88:H91) -> 3500000 | J87: =SUM(J88:J91) -> 2000000
C88: Строительство и реконструкция развития дорожной сети поселка Бурабай (III очередь) Автомобильные дороги Улица Джамбула, Казахстанская, Интернациональная Акмолинская область, Бурабайский район» | E88: 685132
C89: Реконструкция дороги областного значения КС-26 "Щучинск- Боровое" - Наурызбай батыр - граница области" км 0-8 (8 км) Бурабайского района, Акмолинской области | E89: 1962326
C90: «Строительство гравийно-щебеночной подъездной дороги к озеру Караунгир Бурабайского района Акмолинской области» | E90: 316820
C91: Реконструкция автомобильной дороги областного значения КС-9 "Степногорск-Азат" км 0-41 (41 км) Акмолинской области | E91: 4000000 | H91: 3500000 | J91: 2000000
C92: Актюбинская область | D92: =SUM(D93:D102) -> 505133 | E92: =SUM(E93:E102) -> 22597305 | F92: =SUM(F93:F102) -> 0 | G92: =SUM(G93:G102) -> 0 | H92: =SUM(H93:H102) -> 16183873 | J92: =SUM(J93:J102) -> 6500000
C93: Строительство автомобильной дороги «Большой Южный обход города Актобе» | E93: 5000000 | H93: 5000000 | J93: 5000000
C94: Строительство автомобильной дороги, соединяющей автодорогу «Самара-Шымкент» с автодорогой «Актобе-Мартук-гр.РФ» (Западный обход города Актобе) | E94: 2312280 | H94: 0 | J94: 0
C95: Реконструкция автомобильной дороги «Шалкар-Бозой-граница РУ (на Нукус)» участок 115-145 | E95: 4500000 | H95: 4358236 | J95: 0
C96: Реконструкция автомобильной дороги «Шалкар-Бозой-граница РУ (на Нукус)» участок 145-175 км | E96: 4500000 | H96: 5325637 | J96: 0
C97: Строительство автомобильной дороги районного значения «Иргиз-Кутиколь-Жарма-Куйылыс», участок 30-45 км | E97: 1778374 | H97: 0 | J97: 0
C98: Строительство новой автомобильной дороги IV категории районного значения с села Шубарши до границы Атырауской области (0-17,5 км) | E98: 2215652 | H98: 0 | J98: 0
C99: Строительство автомобильной дороги "Подъезд к с. Енбекши", Темирского района Актюбинской области (1-участок) | E99: 652949 | H99: 0 | J99: 0
C100: Строительство автомобильной дороги "Подъезд к с. Енбекши", Темирского района Актюбинской области (2-участок) | E100: 837122 | H100: 0 | J100: 0
...

Sheet по комитетам
A1: Информация по проекту бюджета Министерства транспорта РК на 2026-2028 годы
H2: тыс. тенге
A3: Программа | B3: Подпрограмма | C3: Наименование | E3: Скор-ный бюджет на 2025 год | F3: Поддержка МФ | I3: Примечание
F4: 2026 год | G4: 2027 год | H4: 2028 год
A5: ВСЕГО по Министерству: | E5: =E12+E561+E584+E605+E612 -> 1153717864 | F5: =F12+F561+F584+F605+F612 -> 887631275 | G5: =G12+G561+G584+G605+G612 -> 5.4849382e+08 | H5: =H12+H561+H584+H605+H612 -> 5.6568526e+08 | I5: Имеются | J5: Не хватает | K5: 739586309 | L5: 548493817 | M5: 584796646
A6: 001 | C6: Формирование и реализация политики государства в области транспорта и коммуникаций | E6: =E7+E8+E9+E10+E11 -> 13051817 | F6: =SUM(F7:F11) -> 10827650 | G6: =SUM(G7:G11) -> 10296063 | H6: =SUM(H7:H11) -> 10297353 | K6: =F5-K5 -> 148044966 | L6: =G5-L5 -> -0.029999971 | M6: =H5-M5 -> -19111388
B7: 100 | C7: Обеспечение деятельности уполномоченного органа в области транспорта и коммуникаций | E7: =E14+E563+E586+E607+E614 -> 1686238 | F7: =F14+F563+F586+F607+F614-O7 -> 1611564 | G7: =G14+G563+G586+G607+G614-P7 -> 1422517 | H7: =H14+H563+H586+H607+H614-Q7 -> 1422807 | K7: 1611564 | L7: 1422517 | M7: 1422807
B8: 104 | C8: Обеспечение функционирования информационных систем и информационно-техническое обеспечение государственных органов | E8: =E15+E564+E587+E608+E615 -> 1304815 | F8: =F15+F564+F587+F608+F615-O8 -> 1064596 | G8: =G15+G564+G587+G608+G615-P8 -> 730881 | H8: =H15+H564+H587+H608+H615-Q8 -> 731881 | K8: 1064596 | L8: 730881 | M8: 731881
B9: 105 | C9: Содержание здания административно-технологического комплекса «Transport tower» | E9: =E16+E565+E609+E616 -> 2734713 | F9: =F16+F565+F588+F609+F616-O9 -> 911857 | G9: =G16+G565+G588+G609+G616-P9 -> 915002 | H9: =H16+H565+H588+H609+H616-Q9 -> 915002 | K9: 911857 | L9: 915002 | M9: 915002
B10: 111 | C10: Капитальные расходы Министерства транспорта Республики Казахстан | E10: =E17+E566+E588+E610+E617 -> 781649
B11: 123 | C11: Текущие административные расходы | E11: =E18+E567+E589+E611+E618 -> 6544402 | F11: 7239633 | G11: 7227663 | H11: 7227663.4
A12: Комитет автомобильных дорог | E12: =E13+E19+E73+E383+E384+E468+E494 -> 605063151 | F12: =F13+F19+F73+F383+F384+F468+F494 -> 555353127 | G12: =G13+G19+G73+G383+G384+G468+G494 -> 349627218 | H12: =H13+H19+H73+H383+H384+H468+H494 -> 339312602
A13: 001 | C13: Формирование и реализация политики государства в области транспорта и коммуникаций | E13: =E14+E15+E16+E17+E18 -> 638880 | F13: =F14+F15+F16+F17+F18 -> 695371 | G13: =G14+G15+G16+G17+G18 -> 517844 | H13: =H14+H15+H16+H17+H18 -> 515626
B14: 100 | C14: Обеспечение деятельности уполномоченного органа в области транспорта и коммуникаций | E14: 154751 | F14: 211724 | G14: 34197 | H14: 31979
B15: 104 | C15: Обеспечение функционирования информационных систем и информационно-техническое обеспечение государственных органов | E15: 28386 | F15: 9718 | G15: 9718 | H15: 9718
B16: 105 | C16: Содержание административных зданий
B17: 111 | C17: Капитальные расходы Министерства транспорта Республики Казахстан | E17: 14818
B18: 123 | C18: Текущие административные расходы | E18: 440925 | F18: 473929 | G18: 473929 | H18: 473929
A19: 003 | C19: Развитие автомобильных дорог на республиканском уровне | E19: =E20+E27+E47+E54 -> 181388263 | F19: =F20+F27+F47+F54 -> 48549503 | G19: =G20+G27+G47+G54 -> 13503668 | H19: =H20+H27+H47+H54 -> 1156266
B20: 004 | C20: За счет внешних займов | E20: =SUM(E21:E26) -> 72250000 | F20: =SUM(F21:F26) -> 9362750 | G20: =SUM(G21:G26) -> 0 | H20: =SUM(H21:H26) -> 0
C21: Реконструкция автомобильной дороги республиканского значения «Узынагаш - Отар» | D21: Ұзынағаш-Отар Республикалық маңызы бар автомобиль жолын қайта жаңарту | E21: 21250000 | F21: 5707750 | I21: гэ, приказ, ил, оз, эз, согл займ
C22: Реконструкция и проектно-изыскательские работы коридора Центр-Юг «Астана - Караганда - Балхаш - Курты - Капшагай - Алматы» участок «Курты - Бурылбайтал» | E22: 24650000
C23: Реконструкция и проектно-изыскательские работы коридора Центр-Юг «Астана - Караганда - Балхаш - Курты - Капшагай - Алматы» участок «Балхаш - Бурылбайтал» | D23: Астана-Қарағанды-Балқаш - Құрты - Қапшағай - Алматы Орталық - Оңтүстік дәлізін "Балқаш - Бурылбайтал"учаскесін қайта жаңарту және жобалау - іздестіру жұмыстары | E23: 26350000 | F23: 3655000 | I23: гэ, приказ, ил, оз, эз, согл займ
C24: Реконструкция автомобильной дороги республиканского значения «Гр. РФ (на Орск) - Актобе - Атырау - гр. РФ (на Астрахань)» участок «Кандыагаш - Макат» | E24: 0 | F24: 0
C25: Реконструкция и проектно-изыскательские работы международного транзитного коридора «Западная Европа - Западный Китай» | E25: 0 | F25: 0
C26: Строительство Восточного обхода г.Туркестан | E26: 0 | F26: 0
B27: 005 | C27: За счет внутренних источников | E27: =SUM(E28:E46) -> 0 | F27: =SUM(F28:F46) -> 37534503 | G27: =SUM(G28:G46) -> 13503668 | H27: =SUM(H28:H46) -> 1156266
C28: РП «Реконструкция автомобильной дороги республиканского значения М-51 «гр. РФ (на Челябинск)-гр. РФ (на Новосибирск) через г.г. Петропавловск, Омск» км 465-525 на участке транзитного коридора «Щучинск-Кокшетау-Петропавловск-гр. РФ, II участок км 496-465» Корректировка сметной документации | E28: 0 | F28: 0
C29: «Реконструкция автомобильной дороги республиканского значения М-51 «гр. РФ (на Челябинск)-гр. РФ (на Новосибирск) через г.г. Петропавловск, Омск» км 465-525 на участке транзитного коридора «Щучинск-Кокшетау-Петропавловск-гр. РФ, II участок км 496-465». Корректировка сметной документации»" | D29: «Республикалық маңызы бар «Щучинск – Көкшетау – Петропавл – РФ шекарасы» транзиттік дәлізі учаскесінде 465-525 км Петропавл, Омск қалалары арқылы РФ шекарасы (Челябинскіге) - РФ шекарасы (Новосибирскке) М-51 автомобиль жолын реконструкциялау», II учаске, 496-465 км». Сметалық құжаттаманы түзету» | F29: 927459 | I29: гэ, приказ, отраслевое заключение | J29: Эконом заключение, информ лист
C30: «Реконструкция коридора Центр - Восток «Астана – Павлодар – Калбатау – Усть - Каменогорск», участок автомобильной дороги «Павлодар - Семей» км 419-432. «Строительство ДЭУ-62 (производственная база)» | D30: "Орталық – Шығыс дәлізі «Астана – Павлодар – Қалбатау – Өскемен», 419-432 км «Павлодар – Семей» автомобиль жолының учаскесін реконструкциялау. «ЖПУ-62 салу (өндірістік база)» | E30: 0 | F30: 38850 | I30: гэ, приказ, отраслевое закл, эконом закл, пояснительная записка | J30: информ лист
C31: "Строительство моста через р. Иртыш на автомобильной дороге республиканского значения «Кызылорда-Павлодар_x0002_Успенка-гр.РФ» км1381". Корректировка | D31: «1381 км «Қызылорда – Павлодар – Успенка – РФ шекарасы» республикалық маңызы бар автомобиль жолында Ертіс өзені арқылы өтетін көпір салу». Түзету жоба | E31: 0 | F31: 18959080 | I31: ГЭ, приказ, отраслевое закл, эконом закл, информ лист
C32: Реконструкция и проектно-изыскательские работы коридора Центр-Юг "Астана- Караганда-Балхаш-Курты-Капшагай-Алматы" | E32: 0 | F32: 0
C33: Реконструкция автомобильной дороги руспубликанского значения "Усть-Каменогорск- Зыряновск- Большенарымское- Катон-Карагай- Рахмановские ключи" | D33: «Өскемен – Зыряновск – Үлкен Нарын – Катон-Қарағай – Рахман қайнары» республикалық маңызы бар автомобиль жолын реконструкциялау | E33: 0 | F33: 989857 | I33: ГЭ, приказ, отраслевое закл, ТЭО, пояснительная записка | J33: Эконом заключение, информ лист
C34: Реконструкция и проектно-изыскательские работы автомобильной дороги республиканского значения "Карабутак-Комсомольское-Денисовка-Рудный-Костанай" | E34: 0 | F34: 0
C35: Реконструкция и проектно-изыскательские работы автомобильной дороги республиканского значения "Ушарал-Достык" | E35: 0 | F35: 0
C36: Реконструкция и проектно-изыскательские работы автомобильной дороги республиканского значения "Кызылорда - Павлодар - Успенка - гр. РФ" участок "Жезказган-Караганды" | E36: 0 | F36: 0
C37: Реконструкция и проектно-изыскательские работы автомобильной дороги республиканского значения «Атырау - Уральск» | E37: 0 | F37: 0
C38: Реконструкция и проектно-изыскательские работы автомобильной дороги республиканского значения "Гр. РФ (на Орск) - Актобе - Атырау -гр. РФ ( на Астрахань)" | E38: 0 | F38: 0
C39: Реконструкция и проектно-изыскательские работы автомобильной дороги республиканского значения «Подстепное - Федоровка - гр. РФ» 0-144 км | D39: Республикалық маңызы бар "Подстепное - Федоровка - гр. РФ " 0-144 км | E39: 0 | F39: 2619257 | I39: ГЭ, приказ, отраслевое закл, ТЭО, эконом закл | J39: информ лист
C40: Реконструкция и проектно-изыскательские работы автомобильной дороги республиканского значения "Семей - Усть-Каменогорск" протяженностью 195 км" | E40: 0 | F40: 0
C41: Разработка проектно-сметной документации по реконструкции автомобильной дороги "Павлодар-Успенка-гр.РФ" км 0-152 | E41: 0 | F41: 0
C42: Реконструкция и разработка проектно-сметной документации по автомобильной дороги "гр.Актюбинской области и г.Кызылорда км 1240-1806 | E42: 0 | F42: 0
C43: Строительство мостового перехода через Бухтарминское водохранилище в Куручмском районе ВКО
C44: Строительство мостовых переходов через р. Урал на автомобильной дороге республиканского значения М-32 «Граница РФ (на Самару) – Шымкент, через Уральск, Актобе, Кызылорду | E44: 0 | F44: 0
C45: Реконструкция автодороги "Каражал-Атасу", 0-28 км | E45: 0 | F45: 0
C46: Реконструкция и проектно-изыскательские работы автомобильной дороги «Актобе-Карабутак-Улгайсын» | D46: Ақтөбе-Қарабұтақ-Ұлғайсын автомобиль жолын реконструкциялау және жобалау-іздестіру жұмыстары | E46: 0 | F46: 14000000 | G46: 13503668 | H46: 1156266 | I46: ГЭ, приказ, отраслевое закл, эконом закл, информ лист, протокол ПМ Мамина А.
B47: 016 | C47: За счет софинансирования внешних займов из республиканского бюджета | E47: =SUM(E48:E53) -> 4860106 | F47: =SUM(F48:F53) -> 1652250 | G47: =SUM(G48:G53) -> 0 | H47: =SUM(H48:H53) -> 0
C48: Реконструкция автомобильной дороги республиканского значения «Узынагаш - Отар» | D48: Ұзынағаш-Отар Республикалық маңызы бар автомобиль жолын қайта жаңарту | E48: 2170954 | F48: 1007250 | I48: гэ, приказ, ил, оз, эз, согл займ
C49: Реконструкция и проектно-изыскательские работы коридора Центр-Юг «Астана - Караганда - Балхаш - Курты - Капшагай - Алматы» участок «Курты - Бурылбайтал» | E49: 1050000
C50: Реконструкция и проектно-изыскательские работы коридора Центр-Юг «Астана - Караганда - Балхаш - Курты - Капшагай - Алматы» участок «Балхаш - Бурылбайтал» | D50: Астана-Қарағанды-Балқаш - Құрты - Қапшағай - Алматы Орталық - Оңтүстік дәлізін "Балқаш - Бурылбайтал"учаскесін қайта жаңарту және жобалау - іздестіру жұмыстары | E50: 1639152 | F50: 645000 | I50: гэ, приказ, ил, оз, эз, согл займ
C51: Реконструкция автомобильной дороги республиканского значения «Гр. РФ (на Орск) - Актобе - Атырау - гр. РФ (на Астрахань)» участок «Кандыагаш - Макат» | E51: 0 | F51: 0
C52: Реконструкция и проектно-изыскательские работы международного транзитного коридора «Западная Европа - Западный Китай» | E52: 0 | F52: 0
C53: Строительство Восточного обхода г.Туркестан | E53: 0 | F53: 0
B54: 032 | C54: За счет целевого трансферта из Национального фонда Республики Казахстан | E54: =SUM(E55:E72) -> 104278157 | F54: =SUM(F55:F72) -> 0
C55: Реконструкция и проектно-изыскательские работы автомобильной дороги республиканского значения «Ушарал - Достык» | E55: 4495552
C56: Реконструкция и проектно-изыскательские работы автомобильной дороги республиканского значения «Карабутак - Комсомольское - Денисовка - Рудный - Костанай» | E56: 0
C57: Реконструкция и проектно-изыскательские работы автомобильной дороги республиканского значения «Подстепное - Федоровка - гр. РФ» 0-144 км | E57: 9244302
C58: Реконструкция и проектно-изыскательские работы автомобильной дороги республиканского значения «Атырау - Уральск» | E58: 0
C59: Реконструкция и проектно-изыскательские работы автомобильной дороги «Актобе - Карабутак - Улгайсын» | E59: 20187038
C60: Реконструкция автомобильной дороги республиканского значения «Кызылорда - Павлодар - Успенка - гр. РФ» участок «Жезказган - Караганды» | E60: 0
C61: Реконструкция и проектно-изыскательские работы коридора Центр-Юг "Астана - Караганда - Балхаш - Курты - Капшагай - Алматы" | E61: 0
C62: РП «Реконструкция автомобильной дороги республиканского значения М-51 «гр. РФ (на Челябинск)-гр. РФ (на Новосибирск) через г.г. Петропавловск, Омск» км 465-525 на участке транзитного коридора «Щучинск-Кокшетау-Петропавловск-гр. РФ, II участок км 496-465» Корректировка сметной документации | E62: 23000000
C63: Строительство моста через р.Иртыш на автомобильной дороге республиканского значения "Кызылорда-Павлодар-Успенка-гр.РФ" км 1381 | E63: 21642741
C64: Реконструкция и проектно-изыскательские работы автомобильной дороги республиканского значения "Гр. РФ (на Орск) - Актобе - Атырау - гр. РФ (на Астрахань)" | E64: 0
C65: Реконструкция и проектно-изыскательские работы коридора Центр-Восток "Астана-Павлодар-Калбатау-Усть-Каменогорск", в том числе Восточный обход г. Павлодар | E65: 900000
C66: Реконструкция и проектно-изыскательские работы автомобильной дороги республиканского значения "Усть-Каменогорск - Зыряновск - Большенарымское - Катон-Карагай - Рахмановские ключи" | E66: 12918630
... C72: Реконструкция и проектно-изыскательские работы автомобильной дороги республиканского значения «Кызылорда-Жезказган» | E72: 0
A73: 091 | C73: Ремонт и организация содержания, направленная на улучшение качества автомобильных дорог общего пользования | E73: =E74+E75+E76+E83+E88+E231+E382 -> 154551091 | F73: =F74+F75+F76+F83+F88+F231+F382 -> 44242627 | G73: =G74+G75+G76+G83+G88+G231+G382 -> 44242627 | H73: =H74+H75+H76+H83+H88+H231+H382 -> 44242627
B74: 101 | C74: Обеспечение качества выполнения дорожно-строительных и ремонтных работ | E74: 2807186 | F74: 2703885 | G74: 2703885 | H74: 2703885 | I74: Расчет на 2026-2028 г, нормативы НДЦС РК, приказ №223-НК от 01.12.22 г, Приказ МИИР №426 от 25.06.2019 г., отчет ПР 2024 г., поянсительная записка, план развития НЦКДА
B75: 102 | C75: Услуги по организации работ по строительству, реконструкции, ремонту и содержанию автомобильных дорог | E75: 3144876 | F75: 3144876 | G75: 3144876 | H75: 3144876 | I75: расчет на 2026-2028 г, поянсительная записка, план развития КАЖ, подтверждающие доки
B76: 106 | C76: Целевые текущие трансферты областным бюджетам, бюджетам городов республиканского значения, столицы на изъятие земельных участков для государственных нужд | E76: 0 | F76: =SUM(F77:F82) -> 0 | H76: =SUM(H77:H82) -> 0
C77: Карагандинская область | E77: 0
C78: Туркестанская область | E78: 0
C79: Актюбинская область | E79: 0
C80: город Алматы | E80: 0
C81: город Астана | E81: 0
C82: город Шымкент | E82: 0
B83: 108 | C83: Капитальный, средний и текущий ремонт, содержание, озеленение, диагностика и инструментальное обследование автомобильных дорог республиканского значения за счет средств республиканского бюджета | E83: =SUM(E84:E87) -> 56186405 | F83: =F84+F86+F87 -> 38393866 | G83: =G84+G86+G87 -> 38393866 | H83: =H84+H86+H87 -> 38393866
C84: Капитальный ремонт | E84: 20000000
C85: Средний ремонт | E85: 0
C86: Содержание | E86: 34924405 | F86: 37768866 | G86: 37768866 | H86: 37768866 | I86: Расчеты, постановления и нормативы приложены
C87: Изготовление государственных актов и технических паспортов на автомобильные дороги и производственные базы - КазДорНИИ | E87: 1262000 | F87: 625000 | G87: 625000 | H87: 625000 | I87: Расчеты, постановления и нормативы приложены
B88: 110 | C88: Целевые трансферты на развитие областным бюджетам, бюджетам городов республиканского значения, столицы на развитие транспортной инфраструктуры за счет средств республиканского бюджета | E88: =E89+E94+E105+E107+E112+E116+E121+E126+E136+E140+E159+E163+E171+E177+E183+E187+E192+E201+E214 -> 4993439
C89: Акмолинская область | E89: 0
C90: Строительство и реконструкция развития дорожной сети поселка Бурабай (III очередь) Автомобильные дороги Улица Джамбула, Казахстанская, Интернациональная Акмолинская область, Бурабайский район» | E90: 0
C91: Реконструкция дороги областного значения КС-26 "Щучинск- Боровое" - Наурызбай батыр - граница области" км 0-8 (8 км) Бурабайского района, Акмолинской области | E91: 0
C92: «Строительство гравийно-щебеночной подъездной дороги к озеру Караунгир Бурабайского района Акмолинской области» | E92: 0
C93: Реконструкция автомобильной дороги областного значения КС-9 "Степногорск-Азат" км 0-41 (41 км) Акмолинской области | E93: 0
C94: Актюбинская область | E94: =SUM(E95:E104) -> 100000 | I94: =SUM(I95:I104) -> 0
C95: Строительство автомобильной дороги «Большой Южный обход города Актобе» | E95: 0
C96: Строительство автомобильной дороги, соединяющей автодорогу «Самара-Шымкент» с автодорогой «Актобе-Мартук-гр.РФ» (Западный обход города Актобе) | E96: 0
C97: Реконструкция автомобильной дороги «Шалкар-Бозой-граница РУ (на Нукус)» участок 115-145 | E97: 0
C98: Реконструкция автомобильной дороги «Шалкар-Бозой-граница РУ (на Нукус)» участок 145-175 км | E98: 0
C99: Строительство автомобильной дороги районного значения «Иргиз-Кутиколь-Жарма-Куйылыс», участок 30-45 км | E99: 0
C100: Строительство новой автомобильной дороги IV категории районного значения с села Шубарши до границы Атырауской области (0-17,5км) | E100: 100000
C101: Строительство автомобильной дороги "Подъезд к с. Енбекши", Темирского района Актюбинской области (1-участок) | E101: 0
C102: Строительство автомобильной дороги "Подъезд к с. Енбекши", Темирского района Актюбинской области (2-участок) | E102: 0
C103: Строительство автомобильной дороги "Подъезд к с. Енбекши", Темирского района Актюбинской области (3-участок) | E103: 0
C104: Строительство автомобильной дороги районного значения «Иргиз-Кутиколь-Жарма-Куйылыс», участок 45-60 км | E104: 0
C105: Алматинская область | E105: 0
...

Sheet по комитетам (2)
A1: Информация по проекту бюджета Министерства транспорта РК на 2026-2028 годы
G2: тыс. тенге
A3: Программа | B3: Подпрограмма | C3: Наименование | D3: Скор-ный бюджет на 2025 год | E3: Поддержка МФ | H3: Примечание
E4: 2026 год | F4: 2027 год | G4: 2028 год
A5: ВСЕГО по Министерству: | D5: =D12+D549+D570+D588+D595 -> 605063151 | E5: =E12+E549+E570+E588+E595 -> 421247206 | F5: =F12+F549+F570+F588+F595 -> 349627218 | G5: =G12+G549+G570+G588+G595 -> 358423990 | H5: Имеются | I5: Не хватает | J5: 669974096 | K5: 548624202 | L5: 584930948
A6: 001 | C6: Формирование и реализация политики государства в области транспорта и коммуникаций | D6: =D7+D8+D9+D10+D11 -> 638880 | E6: =SUM(E7:E11) -> 10877207 | F6: =SUM(F7:F11) -> 10426448 | G6: =SUM(G7:G11) -> 10431655 | J6: =E5-J5 -> -248726890 | K6: =F5-K5 -> -198996984 | L6: =G5-L5 -> -226506958
B7: 100 | C7: Обеспечение деятельности уполномоченного органа в области транспорта и коммуникаций | D7: =D14+D551+D572+D590+D597 -> 154751 | E7: 1642007 | F7: 1452553 | G7: 1458479
B8: 104 | C8: Обеспечение функционирования информационных систем и информационно-техническое обеспечение государственных органов | D8: =D15+D552+D573+D591+D598 -> 28386 | E8: 1070904 | F8: 831230 | G8: 830511
B9: 105 | C9: Содержание здания административно-технологического комплекса «Transport tower» | D9: =D16+D553+D592+D599 -> 0 | E9: 924663 | F9: 915002 | G9: 915002
B10: 111 | C10: Капитальные расходы Министерства транспорта Республики Казахстан | D10: =D17+D554+D574+D593+D600 -> 14818
B11: 123 | C11: Текущие административные расходы | D11: =D18+D555+D575+D594+D601 -> 440925 | E11: 7239633 | F11: 7227663 | G11: 7227663.4
A12: Комитет автомобильных дорог | D12: =D13+D19+D73+D383+D384+D468+D494 -> 605063151 | E12: =E13+E19+E73+E383+E384+E468+E494 -> 421247206 | F12: =F13+F19+F73+F383+F384+F468+F494 -> 349627218 | G12: =G13+G19+G73+G383+G384+G468+G494 -> 358423990
A13: 001 | C13: Формирование и реализация политики государства в области транспорта и коммуникаций | D13: =D14+D15+D16+D17+D18 -> 638880 | E13: =E14+E15+E16+E17+E18 -> 695371 | F13: =F14+F15+F16+F17+F18 -> 517844 | G13: =G14+G15+G16+G17+G18 -> 515626
B14: 100 | C14: Обеспечение деятельности уполномоченного органа в области транспорта и коммуникаций | D14: 154751 | E14: 211724 | F14: 34197 | G14: 31979
B15: 104 | C15: Обеспечение функционирования информационных систем и информационно-техническое обеспечение государственных органов | D15: 28386 | E15: 9718 | F15: 9718 | G15: 9718
B16: 105 | C16: Содержание административных зданий
B17: 111 | C17: Капитальные расходы Министерства транспорта Республики Казахстан | D17: 14818
B18: 123 | C18: Текущие административные расходы | D18: 440925 | E18: 473929 | F18: 473929 | G18: 473929
A19: 003 | C19: Развитие автомобильных дорог на республиканском уровне | D19: =D20+D27+D47+D54 -> 181388263 | E19: =E20+E27+E47+E54 -> 48549503 | F19: =F20+F27+F47+F54 -> 13503668 | G19: =G20+G27+G47+G54 -> 1156266
B20: 004 | C20: За счет внешних займов | D20: =SUM(D21:D26) -> 72250000 | E20: =SUM(E21:E26) -> 9362750 | F20: =SUM(F21:F26) -> 0 | G20: =SUM(G21:G26) -> 0
C21: Реконструкция автомобильной дороги республиканского значения «Узынагаш - Отар» | D21: 21250000 | E21: 5707750 | H21: гэ, приказ, ил, оз, эз, согл займ
C22: Реконструкция и проектно-изыскательские работы коридора Центр-Юг «Астана - Караганда - Балхаш - Курты - Капшагай - Алматы» участок «Курты - Бурылбайтал» | D22: 24650000
C23: Реконструкция и проектно-изыскательские работы коридора Центр-Юг «Астана - Караганда - Балхаш - Курты - Капшагай - Алматы» участок «Балхаш - Бурылбайтал» | D23: 26350000 | E23: 3655000 | H23: гэ, приказ, ил, оз, эз, согл займ
C24: Реконструкция автомобильной дороги республиканского значения «Гр. РФ (на Орск) - Актобе - Атырау - гр. РФ (на Астрахань)» участок «Кандыагаш - Макат» | D24: 0 | E24: 0
C25: Реконструкция и проектно-изыскательские работы международного транзитного коридора «Западная Европа - Западный Китай» | D25: 0 | E25: 0
C26: Строительство Восточного обхода г.Туркестан | D26: 0 | E26: 0
B27: 005 | C27: За счет внутренних источников | D27: =SUM(D28:D46) -> 0 | E27: =SUM(E28:E46) -> 37534503 | F27: =SUM(F28:F46) -> 13503668 | G27: =SUM(G28:G46) -> 1156266
C28: РП «Реконструкция автомобильной дороги республиканского значения М-51 «гр. РФ (на Челябинск)-гр. РФ (на Новосибирск) через г.г. Петропавловск, Омск» км 465-525 на участке транзитного коридора «Щучинск-Кокшетау-Петропавловск-гр. РФ, II участок км 496-465» Корректировка сметной документации | D28: 0 | E28: 0
C29: Реконструкция и проектно-изыскательские работы автомобильной дороги руспубликанского значения "Астана-Петропавловск" транзитного коридора "Боровое-Кокшетау-Петропавловск-граница РФ" | E29: 927459 | H29: гэ, приказ, отраслевое заключение | I29: Эконом заключение, информ лист
C30: Реконструкция и проектно-изыскательские работы коридора Центр-Восток "Астана- Павлодар- Калбатау- Усть-Каменогорск", в том числе Восточный обход г.Павлодар | D30: 0 | E30: 38850 | H30: гэ, приказ, отраслевое закл, эконом закл, пояснительная записка | I30: информ лист
C31: Строительство моста через р.Иртыш на автомобильной дороге республиканского значения "Кызылорда-Павлодар-Успенка-гр. РФ" км 1381 | D31: 0 | E31: 18959080 | H31: ГЭ, приказ, отраслевое закл, эконом закл, информ лист
C32: Реконструкция и проектно-изыскательские работы коридора Центр-Юг "Астана- Караганда-Балхаш-Курты-Капшагай-Алматы" | D32: 0 | E32: 0
C33: Реконструкция и проектно-изыскательские работы автомобильной дороги руспубликанского значения "Усть-Каменогорск- Зыряновск- Большенарымское- Катон-Карагай- Рахмановские ключи" | D33: 0 | E33: 989857 | H33: ГЭ, приказ, отраслевое закл, ТЭО, пояснительная записка | I33: Эконом заключение, информ лист
C34: Реконструкция и проектно-изыскательские работы автомобильной дороги республиканского значения "Карабутак-Комсомольское-Денисовка-Рудный-Костанай" | D34: 0 | E34: 0
C35: Реконструкция и проектно-изыскательские работы автомобильной дороги республиканского значения "Ушарал-Достык" | D35: 0 | E35: 0
C36: Реконструкция и проектно-изыскательские работы автомобильной дороги республиканского значения "Кызылорда - Павлодар - Успенка - гр. РФ" участок "Жезказган-Караганды" | D36: 0 | E36: 0
C37: Реконструкция и проектно-изыскательские работы автомобильной дороги республиканского значения «Атырау - Уральск» | D37: 0 | E37: 0
C38: Реконструкция и проектно-изыскательские работы автомобильной дороги республиканского значения "Гр. РФ (на Орск) - Актобе - Атырау -гр. РФ ( на Астрахань)" | D38: 0 | E38: 0
C39: Реконструкция и проектно-изыскательские работы автомобильной дороги республиканского значения "Уральск-Оренбург" участок "Подстепное-Федоровка- гр РФ. (на Илек)" протяженностью 144 км | D39: 0 | E39: 2619257 | H39: ГЭ, приказ, отраслевое закл, ТЭО, эконом закл | I39: информ лист
C40: Реконструкция и проектно-изыскательские работы автомобильной дороги республиканского значения "Семей - Усть-Каменогорск" протяженностью 195 км" | D40: 0 | E40: 0
C41: Разработка проектно-сметной документации по реконструкции автомобильной дороги "Павлодар-Успенка-гр.РФ" км 0-152 | D41: 0 | E41: 0
C42: Реконструкция и разработка проектно-сметной документации по автомобильной дороги "гр.Актюбинской области и г.Кызылорда км 1240-1806 | D42: 0 | E42: 0
C43: Строительство мостового перехода через Бухтарминское водохранилище в Куручмском районе ВКО
C44: Строительство мостовых переходов через р. Урал на автомобильной дороге республиканского значения М-32 «Граница РФ (на Самару) – Шымкент, через Уральск, Актобе, Кызылорду | D44: 0 | E44: 0
C45: Реконструкция автодороги "Каражал-Атасу", 0-28 км | D45: 0 | E45: 0
C46: Реконструкция и проектно-изыскательские работы автомобильной дороги «Актобе-Карабутак-Улгайсын» | D46: 0 | E46: 14000000 | F46: 13503668 | G46: 1156266 | H46: ГЭ, приказ, отраслевое закл, эконом закл, информ лист, протокол ПМ Мамина А.
B47: 016 | C47: За счет софинансирования внешних займов из республиканского бюджета | D47: =SUM(D48:D53) -> 4860106 | E47: =SUM(E48:E53) -> 1652250 | F47: =SUM(F48:F53) -> 0 | G47: =SUM(G48:G53) -> 0
C48: Реконструкция автомобильной дороги республиканского значения «Узынагаш - Отар» | D48: 2170954 | E48: 1007250 | H48: гэ, приказ, ил, оз, эз, согл займ
C49: Реконструкция и проектно-изыскательские работы коридора Центр-Юг «Астана - Караганда - Балхаш - Курты - Капшагай - Алматы» участок «Курты - Бурылбайтал» | D49: 1050000
C50: Реконструкция и проектно-изыскательские работы коридора Центр-Юг «Астана - Караганда - Балхаш - Курты - Капшагай - Алматы» участок «Балхаш - Бурылбайтал» | D50: 1639152 | E50: 645000 | H50: гэ, приказ, ил, оз, эз, согл займ
C51: Реконструкция автомобильной дороги республиканского значения «Гр. РФ (на Орск) - Актобе - Атырау - гр. РФ (на Астрахань)» участок «Кандыагаш - Макат» | D51: 0 | E51: 0
C52: Реконструкция и проектно-изыскательские работы международного транзитного коридора «Западная Европа - Западный Китай» | D52: 0 | E52: 0
C53: Строительство Восточного обхода г.Туркестан | D53: 0 | E53: 0
B54: 032 | C54: За счет целевого трансферта из Национального фонда Республики Казахстан | D54: =SUM(D55:D72) -> 104278157 | E54: =SUM(E55:E72) -> 0
C55: Реконструкция и проектно-изыскательские работы автомобильной дороги республиканского значения «Ушарал - Достык» | D55: 4495552
C56: Реконструкция и проектно-изыскательские работы автомобильной дороги республиканского значения «Карабутак - Комсомольское - Денисовка - Рудный - Костанай» | D56: 0
C57: Реконструкция и проектно-изыскательские работы автомобильной дороги республиканского значения «Подстепное - Федоровка - гр. РФ» 0-144 км | D57: 9244302
C58: Реконструкция и проектно-изыскательские работы автомобильной дороги республиканского значения «Атырау - Уральск» | D58: 0
C59: Реконструкция и проектно-изыскательские работы автомобильной дороги «Актобе - Карабутак - Улгайсын» | D59: 20187038
C60: Реконструкция автомобильной дороги республиканского значения «Кызылорда - Павлодар - Успенка - гр. РФ» участок «Жезказган - Караганды» | D60: 0
C61: Реконструкция и проектно-изыскательские работы коридора Центр-Юг "Астана - Караганда - Балхаш - Курты - Капшагай - Алматы" | D61: 0
C62: РП «Реконструкция автомобильной дороги республиканского значения М-51 «гр. РФ (на Челябинск)-гр. РФ (на Новосибирск) через г.г. Петропавловск, Омск» км 465-525 на участке транзитного коридора «Щучинск-Кокшетау-Петропавловск-гр. РФ, II участок км 496-465» Корректировка сметной документации | D62: 23000000
C63: Строительство моста через р.Иртыш на автомобильной дороге республиканского значения "Кызылорда-Павлодар-Успенка-гр.РФ" км 1381 | D63: 21642741
C64: Реконструкция и проектно-изыскательские работы автомобильной дороги республиканского значения "Гр. РФ (на Орск) - Актобе - Атырау - гр. РФ (на Астрахань)" | D64: 0
C65: Реконструкция и проектно-изыскательские работы коридора Центр-Восток "Астана-Павлодар-Калбатау-Усть-Каменогорск", в том числе Восточный обход г. Павлодар | D65: 900000
C66: Реконструкция и проектно-изыскательские работы автомобильной дороги республиканского значения "Усть-Каменогорск - Зыряновск - Большенарымское - Катон-Карагай - Рахмановские ключи" | D66: 12918630
... C72: Реконструкция и проектно-изыскательские работы автомобильной дороги республиканского значения «Кызылорда-Жезказган» | D72: 0
A73: 091 | C73: Ремонт и организация содержания, направленная на улучшение качества автомобильных дорог общего пользования | D73: =D74+D75+D76+D83+D88+D231+D382 -> 154551091 | E73: =E74+E75+E76+E83+E88+E231+E382 -> 44242627 | F73: =F74+F75+F76+F83+F88+F231+F382 -> 44242627 | G73: =G74+G75+G76+G83+G88+G231+G382 -> 44242627
B74: 101 | C74: Обеспечение качества выполнения дорожно-строительных и ремонтных работ | D74: 2807186 | E74: 2703885 | F74: 2703885 | G74: 2703885 | H74: Расчет на 2026-2028 г, нормативы НДЦС РК, приказ №223-НК от 01.12.22 г, Приказ МИИР №426 от 25.06.2019 г., отчет ПР 2024 г., поянсительная записка, план развития НЦКДА
B75: 102 | C75: Услуги по организации работ по строительству, реконструкции, ремонту и содержанию автомобильных дорог | D75: 3144876 | E75: 3144876 | F75: 3144876 | G75: 3144876 | H75: расчет на 2026-2028 г, поянсительная записка, план развития КАЖ, подтверждающие доки
B76: 106 | C76: Целевые текущие трансферты областным бюджетам, бюджетам городов республиканского значения, столицы на изъятие земельных участков для государственных нужд | D76: 0 | E76: =SUM(E77:E82) -> 0 | G76: =SUM(G77:G82) -> 0
C77: Карагандинская область | D77: 0
C78: Туркестанская область | D78: 0
C79: Актюбинская область | D79: 0
C80: город Алматы | D80: 0
C81: город Астана | D81: 0
C82: город Шымкент | D82: 0
B83: 108 | C83: Капитальный, средний и текущий ремонт, содержание, озеленение, диагностика и инструментальное обследование автомобильных дорог республиканского значения за счет средств республиканского бюджета | D83: =SUM(D84:D87) -> 56186405 | E83: 38393866 | F83: 38393866 | G83: 38393866
C84: Капитальный ремонт | D84: 20000000
C85: Средний ремонт | D85: 0
C86: Содержание | D86: 34924405 | E86: 53956513 | F86: =54494214+450759 -> 54944973 | G86: =55125774+445552 -> 55571326
C87: Изготовление государственных актов и технических паспортов на автомобильные дороги и производственные базы - КазДорНИИ | D87: 1262000 | E87: 1220000 | F87: 800000 | G87: 800000
B88: 110 | C88: Целевые трансферты на развитие областным бюджетам, бюджетам городов республиканского значения, столицы на развитие транспортной инфраструктуры за счет средств республиканского бюджета | D88: =D89+D94+D105+D107+D112+D116+D121+D126+D136+D140+D159+D163+D171+D177+D183+D187+D192+D201+D214 -> 4993439
C89: Акмолинская область | D89: 0
C90: Строительство и реконструкция развития дорожной сети поселка Бурабай (III очередь) Автомобильные дороги Улица Джамбула, Казахстанская, Интернациональная Акмолинская область, Бурабайский район» | D90: 0
C91: Реконструкция дороги областного значения КС-26 "Щучинск- Боровое" - Наурызбай батыр - граница области" км 0-8 (8 км) Бурабайского района, Акмолинской области | D91: 0
C92: «Строительство гравийно-щебеночной подъездной дороги к озеру Караунгир Бурабайского района Акмолинской области» | D92: 0
C93: Реконструкция автомобильной дороги областного значения КС-9 "Степногорск-Азат" км 0-41 (41 км) Акмолинской области | D93: 0
C94: Актюбинская область | D94: =SUM(D95:D104) -> 100000 | H94: =SUM(H95:H104) -> 0
C95: Строительство автомобильной дороги «Большой Южный обход города Актобе» | D95: 0
C96: Строительство автомобильной дороги, соединяющей автодорогу «Самара-Шымкент» с автодорогой «Актобе-Мартук-гр.РФ» (Западный обход города Актобе) | D96: 0
C97: Реконструкция автомобильной дороги «Шалкар-Бозой-граница РУ (на Нукус)» участок 115-145 | D97: 0
C98: Реконструкция автомобильной дороги «Шалкар-Бозой-граница РУ (на Нукус)» участок 145-175 км | D98: 0
C99: Строительство автомобильной дороги районного значения «Иргиз-Кутиколь-Жарма-Куйылыс», участок 30-45 км | D99: 0
C100: Строительство новой автомобильной дороги IV категории районного значения с села Шубарши до границы Атырауской области (0-17,5км) | D100: 100000
C101: Строительство автомобильной дороги "Подъезд к с. Енбекши", Темирского района Актюбинской области (1-участок) | D101: 0
C102: Строительство автомобильной дороги "Подъезд к с. Енбекши", Темирского района Актюбинской области (2-участок) | D102: 0
C103: Строительство автомобильной дороги "Подъезд к с. Енбекши", Темирского района Актюбинской области (3-участок) | D103: 0
C104: Строительство автомобильной дороги районного значения «Иргиз-Кутиколь-Жарма-Куйылыс», участок 45-60 км | D104: 0
C105: Алматинская область | D105: 0
...

Sheet по комитетам 1 cтр
A1: Информация по проекту бюджета Министерства транспорта РК на 2026-2028 годы
G2: тыс. тенге
A3: Программа | B3: Подпрограмма | C3: Наименование | D3: Скор-ный бюджет на 2025 год | E3: Поддержка МФ | H3: Примечание
E4: 2026 год | F4: 2027 год | G4: 2028 год
A5: ВСЕГО по Министерству: | D5: =D12+D549+D570+D589+D596 -> 1153717864 | E5: =E12+E549+E570+E589+E596 -> 669974096 | F5: =F12+F549+F570+F589+F596 -> 548624202 | G5: =G12+G549+G570+G589+G596 -> 584930948 | J5: 758035254 | K5: =D5-J5 -> 395682610
A6: 001 | C6: Формирование и реализация политики государства в области транспорта и коммуникаций | D6: =D7+D8+D9+D10+D11 -> 13051817 | E6: =E7+E8+E9+E10+E11 -> 17886404 | F6: =SUM(F7:F11) -> 14802805 | G6: =SUM(G7:G11) -> 14995366
B7: 100 | C7: Обеспечение деятельности уполномоченного органа в области транспорта и коммуникаций | D7: =D14+D551+D572+D591+D598 -> 1686238 | E7: 1983594 | F7: 1769186 | G7: 1793081
B8: 104 | C8: Обеспечение функционирования информационных систем и информационно-техническое обеспечение государственных органов | D8: =D15+D552+D573+D592+D599 -> 1304815 | E8: 1850319 | F8: 1581385 | G8: 1640509
B9: 105 | C9: Содержание здания административно-технологического комплекса «Transport tower» | D9: =D16+D553+D593+D600 -> 2734713 | E9: 2892050 | F9: 1112282 | G9: 1167000
B10: 111 | C10: Капитальные расходы Министерства транспорта Республики Казахстан | D10: =D17+D554+D574+D594+D601 -> 781649 | E10: 3145525 | F10: 2280115 | G10: 2280115
B11: 123 | C11: Текущие административные расходы | D11: =D18+D555+D575+D595+D602 -> 6544402 | E11: 8014916 | F11: 8059837 | G11: 8114661
A12: Комитет автомобильных дорог | D12: 605063151 | E12: 429488329 | F12: 344804874 | G12: 352200420
A13: 001 | C13: Формирование и реализация политики государства в области транспорта и коммуникаций | D13: =D14+D15+D16+D17+D18 -> 638880 | E13: 908415 | F13: 917094 | G13: 917094
B14: 100 | C14: Обеспечение деятельности уполномоченного органа в области транспорта и коммуникаций | D14: 154751 | E14: 115473 | F14: 119615 | G14: 119615
B15: 104 | C15: Обеспечение функционирования информационных систем и информационно-техническое обеспечение государственных органов | D15: 28386 | E15: 28237 | F15: 29466 | G15: 29466
B16: 105 | C16: Содержание административных зданий
B17: 111 | C17: Капитальные расходы Министерства транспорта Республики Казахстан | D17: 14818 | E17: 63667 | F17: 50995 | G17: 50995
B18: 123 | C18: Текущие административные расходы | D18: 440925 | E18: 701038 | F18: 717018 | G18: 717018
A19: 003 | C19: Развитие автомобильных дорог на республиканском уровне | D19: =D20+D27+D47+D54 -> 181388263 | E19: =E20+E27+E47+E54 -> 51815841 | F19: =F20+F27+F47+F54 -> 20460229 | G19: =G20+G27+G47+G54 -> 20460229
B20: 004 | C20: За счет внешних займов | D20: =SUM(D21:D26) -> 72250000 | E20: =SUM(E21:E26) -> 9362750 | F20: =SUM(F21:F26) -> 0 | G20: =SUM(G21:G26) -> 0
C21: Реконструкция автомобильной дороги республиканского значения «Узынагаш - Отар» | D21: 21250000 | E21: 5707750
C22: Реконструкция и проектно-изыскательские работы коридора Центр-Юг «Астана - Караганда - Балхаш - Курты - Капшагай - Алматы» участок «Курты - Бурылбайтал» | D22: 24650000
C23: Реконструкция и проектно-изыскательские работы коридора Центр-Юг «Астана - Караганда - Балхаш - Курты - Капшагай - Алматы» участок «Балхаш - Бурылбайтал» | D23: 26350000 | E23: 3655000
C24: Реконструкция автомобильной дороги республиканского значения «Гр. РФ (на Орск) - Актобе - Атырау - гр. РФ (на Астрахань)» участок «Кандыагаш - Макат» | D24: 0 | E24: 0
C25: Реконструкция и проектно-изыскательские работы международного транзитного коридора «Западная Европа - Западный Китай» | D25: 0 | E25: 0
C26: Строительство Восточного обхода г.Туркестан | D26: 0 | E26: 0
B27: 005 | C27: За счет внутренних источников | D27: =SUM(D28:D46) -> 0 | E27: 40800841 | F27: 20460229 | G27: 20460229
C28: РП «Реконструкция автомобильной дороги республиканского значения М-51 «гр. РФ (на Челябинск)-гр. РФ (на Новосибирск) через г.г. Петропавловск, Омск» км 465-525 на участке транзитного коридора «Щучинск-Кокшетау-Петропавловск-гр. РФ, II участок км 496-465» Корректировка сметной документации | D28: 0 | E28: 0
C29: Реконструкция и проектно-изыскательские работы автомобильной дороги руспубликанского значения "Астана-Петропавловск" транзитного коридора "Боровое-Кокшетау-Петропавловск-граница РФ"
C30: Реконструкция и проектно-изыскательские работы коридора Центр-Восток "Астана- Павлодар- Калбатау- Усть-Каменогорск", в том числе Восточный обход г.Павлодар | D30: 0 | E30: 0
C31: Строительство моста через р.Иртыш на автомобильной дороге республиканского значения "Кызылорда-Павлодар-Успенка-гр. РФ" км 1381 | D31: 0 | E31: 0
C32: Реконструкция и проектно-изыскательские работы коридора Центр-Юг "Астана- Караганда-Балхаш-Курты-Капшагай-Алматы" | D32: 0 | E32: 0
C33: Реконструкция и проектно-изыскательские работы автомобильной дороги руспубликанского значения "Усть-Каменогорск- Зыряновск- Большенарымское- Катон-Карагай- Рахмановские ключи" | D33: 0 | E33: 0
C34: Реконструкция и проектно-изыскательские работы автомобильной дороги республиканского значения "Карабутак-Комсомольское-Денисовка-Рудный-Костанай" | D34: 0 | E34: 0
C35: Реконструкция и проектно-изыскательские работы автомобильной дороги республиканского значения "Ушарал-Достык" | D35: 0 | E35: 0
C36: Реконструкция и проектно-изыскательские работы автомобильной дороги республиканского значения "Кызылорда - Павлодар - Успенка - гр. РФ" участок "Жезказган-Караганды" | D36: 0 | E36: 0
C37: Реконструкция и проектно-изыскательские работы автомобильной дороги республиканского значения «Атырау - Уральск» | D37: 0 | E37: 0
C38: Реконструкция и проектно-изыскательские работы автомобильной дороги республиканского значения "Гр. РФ (на Орск) - Актобе - Атырау -гр. РФ ( на Астрахань)" | D38: 0 | E38: 0
C39: Реконструкция и проектно-изыскательские работы автомобильной дороги республиканского значения "Уральск-Оренбург" участок "Подстепное-Федоровка- гр РФ. (на Илек)" протяженностью 144 км | D39: 0 | E39: 0
C40: Реконструкция и проектно-изыскательские работы автомобильной дороги республиканского значения "Семей - Усть-Каменогорск" протяженностью 195 км" | D40: 0 | E40: 0
C41: Разработка проектно-сметной документации по реконструкции автомобильной дороги "Павлодар-Успенка-гр.РФ" км 0-152 | D41: 0 | E41: 0
C42: Реконструкция и разработка проектно-сметной документации по автомобильной дороги "гр.Актюбинской области и г.Кызылорда км 1240-1806 | D42: 0 | E42: 0
C43: Строительство мостового перехода через Бухтарминское водохранилище в Куручмском районе ВКО
C44: Строительство мостовых переходов через р. Урал на автомобильной дороге республиканского значения М-32 «Граница РФ (на Самару) – Шымкент, через Уральск, Актобе, Кызылорду | D44: 0 | E44: 0
C45: Реконструкция автодороги "Каражал-Атасу", 0-28 км | D45: 0 | E45: 0
C46: Реконструкция и проектно-изыскательские работы автомобильной дороги «Актобе-Карабутак-Улгайсын» | D46: 0 | E46: 0
B47: 016 | C47: За счет софинансирования внешних займов из республиканского бюджета | D47: =SUM(D48:D53) -> 4860106 | E47: =SUM(E48:E53) -> 1652250 | F47: =SUM(F48:F53) -> 0 | G47: =SUM(G48:G53) -> 0
C48: Реконструкция автомобильной дороги республиканского значения «Узынагаш - Отар» | D48: 2170954 | E48: 1007250
C49: Реконструкция и проектно-изыскательские работы коридора Центр-Юг «Астана - Караганда - Балхаш - Курты - Капшагай - Алматы» участок «Курты - Бурылбайтал» | D49: 1050000
C50: Реконструкция и проектно-изыскательские работы коридора Центр-Юг «Астана - Караганда - Балхаш - Курты - Капшагай - Алматы» участок «Балхаш - Бурылбайтал» | D50: 1639152 | E50: 645000
C51: Реконструкция автомобильной дороги республиканского значения «Гр. РФ (на Орск) - Актобе - Атырау - гр. РФ (на Астрахань)» участок «Кандыагаш - Макат» | D51: 0 | E51: 0
C52: Реконструкция и проектно-изыскательские работы международного транзитного коридора «Западная Европа - Западный Китай» | D52: 0 | E52: 0
C53: Строительство Восточного обхода г.Туркестан | D53: 0 | E53: 0
B54: 032 | C54: За счет целевого трансферта из Национального фонда Республики Казахстан | D54: =SUM(D55:D72) -> 104278157 | E54: =SUM(E55:E72) -> 0
C55: Реконструкция и проектно-изыскательские работы автомобильной дороги республиканского значения «Ушарал - Достык» | D55: 4495552
C56: Реконструкция и проектно-изыскательские работы автомобильной дороги республиканского значения «Карабутак - Комсомольское - Денисовка - Рудный - Костанай» | D56: 0
C57: Реконструкция и проектно-изыскательские работы автомобильной дороги республиканского значения «Подстепное - Федоровка - гр. РФ» 0-144 км | D57: 9244302
C58: Реконструкция и проектно-изыскательские работы автомобильной дороги республиканского значения «Атырау - Уральск» | D58: 0
C59: Реконструкция и проектно-изыскательские работы автомобильной дороги «Актобе - Карабутак - Улгайсын» | D59: 20187038
C60: Реконструкция автомобильной дороги республиканского значения «Кызылорда - Павлодар - Успенка - гр. РФ» участок «Жезказган - Караганды» | D60: 0
C61: Реконструкция и проектно-изыскательские работы коридора Центр-Юг "Астана - Караганда - Балхаш - Курты - Капшагай - Алматы" | D61: 0
C62: РП «Реконструкция автомобильной дороги республиканского значения М-51 «гр. РФ (на Челябинск)-гр. РФ (на Новосибирск) через г.г. Петропавловск, Омск» км 465-525 на участке транзитного коридора «Щучинск-Кокшетау-Петропавловск-гр. РФ, II участок км 496-465» Корректировка сметной документации | D62: 23000000
C63: Строительство моста через р.Иртыш на автомобильной дороге республиканского значения "Кызылорда-Павлодар-Успенка-гр.РФ" км 1381 | D63: 21642741
C64: Реконструкция и проектно-изыскательские работы автомобильной дороги республиканского значения "Гр. РФ (на Орск) - Актобе - Атырау - гр. РФ (на Астрахань)" | D64: 0
C65: Реконструкция и проектно-изыскательские работы коридора Центр-Восток "Астана-Павлодар-Калбатау-Усть-Каменогорск", в том числе Восточный обход г. Павлодар | D65: 900000
C66: Реконструкция и проектно-изыскательские работы автомобильной дороги республиканского значения "Усть-Каменогорск - Зыряновск - Большенарымское - Катон-Карагай - Рахмановские ключи" | D66: 12918630
... C72: Реконструкция и проектно-изыскательские работы автомобильной дороги республиканского значения «Кызылорда-Жезказган» | D72: 0
A73: 091 | C73: Ремонт и организация содержания, направленная на улучшение качества автомобильных дорог общего пользования | D73: =D74+D75+D76+D83+D88+D231+D382 -> 145523573 | E73: =E74+E75+E76+E83+E88+E231+E382 -> 332702466 | F73: =F74+F75+F76+F83+F88+F231+F382 -> 181958043 | G73: =G74+G75+G76+G83+G88+G231+G382 -> 181958043
B74: 101 | C74: Обеспечение качества выполнения дорожно-строительных и ремонтных работ | D74: 2807186 | E74: 10239777 | F74: 10451248 | G74: 10451248
B75: 102 | C75: Услуги по организации работ по строительству, реконструкции, ремонту и содержанию автомобильных дорог | D75: 3144876 | E75: 3937955 | F75: 4042168 | G75: 4042168
B76: 106 | C76: Целевые текущие трансферты областным бюджетам, бюджетам городов республиканского значения, столицы на изъятие земельных участков для государственных нужд | D76: 0 | E76: =SUM(E77:E82) -> 6179000
C77: Карагандинская область | D77: 0 | E77: 241000
C78: Туркестанская область | D78: 0 | E78: 193000
C79: Актюбинская область | D79: 0 | E79: 45000
C80: город Алматы | D80: 0 | E80: 0
C81: город Астана | D81: 0 | E81: 2700000
C82: город Шымкент | D82: 0 | E82: 3000000
B83: 108 | C83: Капитальный, средний и текущий ремонт, содержание, озеленение, диагностика и инструментальное обследование автомобильных дорог республиканского значения за счет средств республиканского бюджета | D83: =SUM(D84:D87) -> 56186405 | E83: =SUM(E84:E87) -> 109516763 | F83: =SUM(F84:F87) -> 113249028 | G83: =SUM(G84:G87) -> 113249028
C84: Капитальный ремонт | D84: 20000000 | E84: 45693311 | F84: 45817927 | G84: 45817927
C85: Средний ремонт | D85: 0 | E85: 0
C86: Содержание | D86: 34924405 | E86: 62473452 | F86: 66081101 | G86: 66081101
C87: Изготовление государственных актов и технических паспортов на автомобильные дороги и производственные базы - КазДорНИИ | D87: 1262000 | E87: 1350000 | F87: 1350000 | G87: 1350000
B88: 110 | C88: Целевые трансферты на развитие областным бюджетам, бюджетам городов республиканского значения, столицы на развитие транспортной инфраструктуры за счет средств республиканского бюджета | D88: =D89+D94+D105+D107+D112+D116+D121+D126+D136+D140+D159+D163+D171+D177+D183+D187+D192+D201+D214 -> 4993439 | E88: 34046920 | F88: 10000000 | G88: 10000000
C89: Акмолинская область | D89: 0 | E89: 0 | F89: =SUM(F90:F93) -> 0 | G89: =SUM(G90:G93) -> 0
C90: Строительство и реконструкция развития дорожной сети поселка Бурабай (III очередь) Автомобильные дороги Улица Джамбула, Казахстанская, Интернациональная Акмолинская область, Бурабайский район» | D90: 0 | E90: 0
C91: Реконструкция дороги областного значения КС-26 "Щучинск- Боровое" - Наурызбай батыр - граница области" км 0-8 (8 км) Бурабайского района, Акмолинской области | D91: 0 | E91: 0
C92: «Строительство гравийно-щебеночной подъездной дороги к озеру Караунгир Бурабайского района Акмолинской области» | D92: 0 | E92: 0
C93: Реконструкция автомобильной дороги областного значения КС-9 "Степногорск-Азат" км 0-41 (41 км) Акмолинской области | D93: 0 | E93: 0
C94: Актюбинская область | D94: =SUM(D95:D104) -> 100000 | E94: =SUM(E95:E104) -> 100000 | F94: =SUM(F95:F104) -> 0 | G94: =SUM(G95:G104) -> 0 | H94: =SUM(H95:H104) -> 0
C95: Строительство автомобильной дороги «Большой Южный обход города Актобе» | D95: 0 | E95: 0
C96: Строительство автомобильной дороги, соединяющей автодорогу «Самара-Шымкент» с автодорогой «Актобе-Мартук-гр.РФ» (Западный обход города Актобе) | D96: 0 | E96: 0
C97: Реконструкция автомобильной дороги «Шалкар-Бозой-граница РУ (на Нукус)» участок 115-145 | D97: 0 | E97: 0
C98: Реконструкция автомобильной дороги «Шалкар-Бозой-граница РУ (на Нукус)» участок 145-175 км | D98: 0 | E98: 0
C99: Строительство автомобильной дороги районного значения «Иргиз-Кутиколь-Жарма-Куйылыс», участок 30-45 км | D99: 0 | E99: 0
C100: Строительство новой автомобильной дороги IV категории районного значения с села Шубарши до границы Атырауской области (0-17,5км) | D100: 100000 | E100: 100000
C101: Строительство автомобильной дороги "Подъезд к с. Енбекши", Темирского района Актюбинской области (1-участок) | D101: 0 | E101: 0
C102: Строительство автомобильной дороги "Подъезд к с. Енбекши", Темирского района Актюбинской области (2-участок) | D102: 0 | E102: 0
C103: Строительство автомобильной дороги "Подъезд к с. Енбекши", Темирского района Актюбинской области (3-участок) | D103: 0 | E103: 0
C104: Строительство автомобильной дороги районного значения «Иргиз-Кутиколь-Жарма-Куйылыс», участок 45-60 км | D104: 0 | E104: 0
C105: Алматинская область | D105: 0 | E105: 0 | F105: =F106 -> 0 | G105: =G106 -> 0
...

Sheet  СВОД рус (2)
A2: Информация по проекту бюджета Министерства транспорта РК на 2025-2027 годы
G3: тыс. тенге
A4: Программа | B4: Подпрограмма | C4: Наименование | D4: Скор. бюджет на 2024 год | E4: Поддержка МФ | H4: Примечание
E5: 2025 год | F5: 2026 год | G5: 2027 год | J5: 2025 утвержденный | K5: разница +/- | L5: 2026 утвержденный | M5: разница +/-
A6: 1 | B6: 2 | C6: 3 | D6: 4 | E6: 5 | F6: 7 | G6: 9 | H6: 8
D7: =D9-D8 -> -1325649552
D8: 2105931670
A9: ВСЕГО по Министерству: | D9: =D10+D16+D70+D72+D73+D77+D360+D365+D367+D451+D452+D454+D475+D366+D363+D528 -> 780282118 | E9: =E10+E16+E70+E72+E73+E77+E360+E365+E367+E451+E452+E454+E475+E366+E363+E528 -> 539217740 | F9: =F10+F16+F70+F72+F73+F77+F360+F365+F367+F451+F452+F454+F475+F366+F363+F528 -> 4.4223905e+08 | G9: =G10+G16+G70+G72+G73+G77+G360+G365+G367+G451+G452+G454+G475+G366+G363+G528 -> 4.2989294e+08 | H9: =H10+H16+H70+H72+H73+H77+H360+H365+H367+H451+H452+H454+H475+H366+H363+H528 -> #VALUE!
A10: 001 | C10: Формирование и реализация политики государства в области транспорта и коммуникаций | D10: =SUM(D11:D15) -> 10800252 | E10: =SUM(E11:E15) -> 10827650 | F10: =SUM(F11:F15) -> 10296063 | G10: =SUM(G11:G15) -> 10297353
B11: 100 | C11: Обеспечение деятельности уполномоченного органа в области транспорта и коммуникаций | D11: 881606 | E11: ='по комитетам'!F7 -> 1611564 | F11: ='по комитетам'!G7 -> 1422517 | G11: ='по комитетам'!H7 -> 1422807
B12: 104 | C12: Обеспечение функционирования информационных систем и информационно-техническое обеспечение государственных органов | D12: 1002160 | E12: ='по комитетам'!F8 -> 1064596 | F12: ='по комитетам'!G8 -> 730881 | G12: ='по комитетам'!H8 -> 731881
B13: 105 | C13: Содержание административных зданий | D13: 1668673 | E13: ='по комитетам'!F9 -> 911857 | F13: ='по комитетам'!G9 -> 915002 | G13: ='по комитетам'!H9 -> 915002
B14: 111 | C14: Капитальные расходы Министерства транспорта Республики Казахстан | D14: 450529 | E14: ='по комитетам'!F10 -> 0 | F14: ='по комитетам'!G10 -> 0 | G14: ='по комитетам'!H10 -> 0
B15: 123 | C15: Текущие административные расходы | D15: 6797284 | E15: ='по комитетам'!F11 -> 7239633 | F15: ='по комитетам'!G11 -> 7227663 | G15: ='по комитетам'!H11 -> 7227663.4
A16: 003 | C16: Развитие автомобильных дорог на республиканском уровне | D16: =D17+D24+D44+D51 -> 149938659 | E16: =E17+E24+E44+E51 -> 25015000 | F16: =F17+F24+F44+F51 -> 13503668 | G16: =G17+G24+G44+G51 -> 1156266 | J16: 45743344 | K16: =#REF!-J16 -> #REF! | L16: 49254091 | M16: =#REF!-L16 -> #REF!
B17: 004 | C17: За счет внешних займов | D17: =SUM(D18:D23) -> 45785174 | E17: =SUM(E18:E23) -> 9362750 | F17: ='по комитетам'!G20 -> 0 | G17: ='по комитетам'!H20 -> 0
C18: Реконструкция автомобильной дороги республиканского значения «Узынагаш - Отар» | D18: ='СП МТ'!D23 -> 5100000 | E18: ='по комитетам'!F21 -> 5707750 | F18: ='по комитетам'!G21 -> 0 | G18: ='по комитетам'!H21 -> 0
C19: Реконструкция и проектно-изыскательские работы коридора Центр-Юг «Астана - Караганда - Балхаш - Курты - Капшагай - Алматы» участок «Курты - Бурылбайтал» | D19: ='СП МТ'!D24 -> 2911464 | E19: ='по комитетам'!F22 -> 0 | F19: ='по комитетам'!G22 -> 0 | G19: ='по комитетам'!H22 -> 0
C20: Реконструкция и проектно-изыскательские работы коридора Центр-Юг «Астана - Караганда - Балхаш - Курты - Капшагай - Алматы» участок «Балхаш - Бурылбайтал» | D20: ='СП МТ'!D25 -> 22970750 | E20: ='по комитетам'!F23 -> 3655000 | F20: ='по комитетам'!G23 -> 0 | G20: ='по комитетам'!H23 -> 0
C21: Реконструкция автомобильной дороги республиканского значения «Гр. РФ (на Орск) - Актобе - Атырау - гр. РФ (на Астрахань)» участок «Кандыагаш - Макат» | D21: ='СП МТ'!D26 -> 909546 | F21: ='по комитетам'!G24 -> 0 | G21: ='по комитетам'!H24 -> 0
C22: Реконструкция и проектно-изыскательские работы международного транзитного коридора «Западная Европа - Западный Китай» | D22: ='СП МТ'!D27 -> 1530000 | F22: ='по комитетам'!G25 -> 0 | G22: ='по комитетам'!H25 -> 0
C23: Строительство Восточного обхода г.Туркестан | D23: ='СП МТ'!D28 -> 12363414 | F23: ='по комитетам'!G26 -> 0 | G23: ='по комитетам'!H26 -> 0
B24: 005 | C24: За счет внутренних источников | D24: =SUM(D25:D43) -> 0 | E24: =SUM(E25:E43) -> 14000000 | F24: ='по комитетам'!G27 -> 13503668 | G24: ='по комитетам'!H27 -> 1156266
C25: РП «Реконструкция автомобильной дороги республиканского значения М-51 «гр. РФ (на Челябинск)-гр. РФ (на Новосибирск) через г.г. Петропавловск, Омск» км 465-525 на участке транзитного коридора «Щучинск-Кокшетау-Петропавловск- гр. РФ, II участок км 496-465» Корректировка сметной документации | D25: ='СП МТ'!D30 -> 0 | F25: ='по комитетам'!G28 -> 0 | G25: ='по комитетам'!H28 -> 0
C26: Реконструкция и проектно-изыскательские работы автомобильной дороги руспубликанского значения "Астана-Петропавловск" транзитного коридора "Боровое-Кокшетау-Петропавловск-граница РФ" | D26: ='СП МТ'!D31 -> 0 | F26: ='по комитетам'!G29 -> 0 | G26: ='по комитетам'!H29 -> 0
C27: Реконструкция и проектно-изыскательские работы коридора Центр-Восток "Астана- Павлодар- Калбатау- Усть-Каменогорск", в том числе Восточный обход г.Павлодар | D27: ='СП МТ'!D32 -> 0 | F27: ='по комитетам'!G30 -> 0 | G27: ='по комитетам'!H30 -> 0
C28: Строительство моста через р.Иртыш на автомобильной дороге республиканского значения "Кызылорда-Павлодар-Успенка-гр. РФ" км 1381 | D28: ='СП МТ'!D33 -> 0 | F28: ='по комитетам'!G31 -> 0 | G28: ='по комитетам'!H31 -> 0
C29: Реконструкция и проектно-изыскательские работы коридора Центр-Юг "Астана- Караганда-Балхаш-Курты-Капшагай-Алматы" | D29: ='СП МТ'!D34 -> 0 | F29: ='по комитетам'!G32 -> 0 | G29: ='по комитетам'!H32 -> 0
C30: Реконструкция и проектно-изыскательские работы автомобильной дороги руспубликанского значения "Усть-Каменогорск- Зыряновск- Большенарымское- Катон-Карагай- Рахмановские ключи" | D30: ='СП МТ'!D35 -> 0 | F30: ='по комитетам'!G33 -> 0 | G30: ='по комитетам'!H33 -> 0
C31: Реконструкция и проектно-изыскательские работы автомобильной дороги республиканского значения "Карабутак-Комсомольское-Денисовка-Рудный-Костанай" | D31: ='СП МТ'!D36 -> 0 | F31: ='по комитетам'!G34 -> 0 | G31: ='по комитетам'!H34 -> 0
C32: Реконструкция и проектно-изыскательские работы автомобильной дороги республиканского значения "Ушарал-Достык" | D32: ='СП МТ'!D37 -> 0 | F32: ='по комитетам'!G35 -> 0 | G32: ='по комитетам'!H35 -> 0
C33: Реконструкция и проектно-изыскательские работы автомобильной дороги республиканского значения "Кызылорда - Павлодар - Успенка - гр. РФ" участок "Жезказган-Караганды" | D33: ='СП МТ'!D38 -> 0 | F33: ='по комитетам'!G36 -> 0 | G33: ='по комитетам'!H36 -> 0
C34: Реконструкция и проектно-изыскательские работы автомобильной дороги республиканского значения «Атырау - Уральск» | D34: ='СП МТ'!D39 -> 0 | F34: ='по комитетам'!G37 -> 0 | G34: ='по комитетам'!H37 -> 0
C35: Реконструкция и проектно-изыскательские работы автомобильной дороги республиканского значения "Гр. РФ (на Орск) - Актобе - Атырау -гр. РФ ( на Астрахань)" | D35: ='СП МТ'!D40 -> 0 | F35: ='по комитетам'!G38 -> 0 | G35: ='по комитетам'!H38 -> 0
C36: Реконструкция и проектно-изыскательские работы автомобильной дороги республиканского значения "Уральск-Оренбург" участок "Подстепное-Федоровка- гр РФ. (на Илек)" протяженностью 144 км | D36: ='СП МТ'!D41 -> 0 | F36: ='по комитетам'!G39 -> 0 | G36: ='по комитетам'!H39 -> 0
... C40: Строительство мостового перехода через Бухтарминское водохранилище в Куручмском районе ВКО | D40: ='СП МТ'!D45 -> 0 | F40: ='по комитетам'!G43 -> 0 | G40: ='по комитетам'!H43 -> 0
C41: Строительство мостовых переходов через р. Урал на автомобильной дороге республиканского значения М-32 «Граница РФ (на Самару) – Шымкент, через Уральск, Актобе, Кызылорду | D41: ='СП МТ'!D46 -> 0 | E41: ='по комитетам'!F44 -> 0 | F41: ='по комитетам'!G44 -> 0 | G41: ='по комитетам'!H44 -> 0
C42: Реконструкция автодороги "Каражал-Атасу", 0-28 км | D42: ='СП МТ'!D47 -> 0 | F42: ='по комитетам'!G45 -> 0 | G42: ='по комитетам'!H45 -> 0
C43: Реконструкция и проектно-изыскательские работы автомобильной дороги «Актобе-Карабутак-Улгайсын» | D43: ='СП МТ'!D48 -> 0 | E43: ='по комитетам'!F46 -> 14000000 | F43: ='по комитетам'!G46 -> 13503668 | G43: ='по комитетам'!H46 -> 1156266
B44: 016 | C44: За счет софинансирования внешних займов из республиканского бюджета | D44: =SUM(D45:D50) -> 8035816 | E44: =SUM(E45:E50) -> 1652250 | F44: ='по комитетам'!G47 -> 0 | G44: ='по комитетам'!H47 -> 0
C45: Реконструкция автомобильной дороги республиканского значения «Узынагаш - Отар» | D45: ='СП МТ'!D50 -> 900000 | E45: ='по комитетам'!F48 -> 1007250 | F45: ='по комитетам'!G48 -> 0 | G45: ='по комитетам'!H48 -> 0
C46: Реконструкция и проектно-изыскательские работы коридора Центр-Юг «Астана - Караганда - Балхаш - Курты - Капшагай - Алматы» участок «Курты - Бурылбайтал» | D46: ='СП МТ'!D51 -> 469867 | E46: ='по комитетам'!F49 -> 0 | F46: ='по комитетам'!G49 -> 0 | G46: ='по комитетам'!H49 -> 0
C47: Реконструкция и проектно-изыскательские работы коридора Центр-Юг «Астана - Караганда - Балхаш - Курты - Капшагай - Алматы» участок «Балхаш - Бурылбайтал» | D47: ='СП МТ'!D52 -> 4110581 | E47: ='по комитетам'!F50 -> 645000 | F47: ='по комитетам'!G50 -> 0 | G47: ='по комитетам'!H50 -> 0
C48: Реконструкция автомобильной дороги республиканского значения «Гр. РФ (на Орск) - Актобе - Атырау - гр. РФ (на Астрахань)» участок «Кандыагаш - Макат» | D48: ='СП МТ'!D53 -> 214286 | E48: ='по комитетам'!F51 -> 0 | F48: ='по комитетам'!G51 -> 0 | G48: ='по комитетам'!H51 -> 0
C49: Реконструкция и проектно-изыскательские работы международного транзитного коридора «Западная Европа - Западный Китай» | D49: ='СП МТ'!D54 -> 270000 | E49: ='по комитетам'!F52 -> 0 | F49: ='по комитетам'!G52 -> 0 | G49: ='по комитетам'!H52 -> 0
C50: Строительство Восточного обхода г.Туркестан | D50: ='СП МТ'!D55 -> 2071082 | E50: ='по комитетам'!F53 -> 0 | F50: ='по комитетам'!G53 -> 0 | G50: ='по комитетам'!H53 -> 0
B51: 032 | C51: За счет целевого трансферта из Национального фонда Республики Казахстан | D51: =SUM(D52:D69) -> 96117669 | E51: =SUM(E52:E69) -> 0 | F51: ='по комитетам'!G54 -> 0 | G51: ='по комитетам'!H54 -> 0
C52: Реконструкция и проектно-изыскательские работы автомобильной дороги республиканского значения «Ушарал - Достык» | D52: ='СП МТ'!D57 -> 3183796 | E52: ='по комитетам'!F55 -> 0 | F52: ='СП МТ'!L57 -> 0 | G52: ='СП МТ'!N57 -> 0
C53: Реконструкция и проектно-изыскательские работы автомобильной дороги республиканского значения «Карабутак - Комсомольское - Денисовка - Рудный - Костанай» | D53: ='СП МТ'!D58 -> 10000 | E53: ='по комитетам'!F56 -> 0 | F53: ='СП МТ'!L58 -> 0 | G53: ='СП МТ'!N58 -> 0
C54: Реконструкция и проектно-изыскательские работы автомобильной дороги республиканского значения «Подстепное - Федоровка - гр. РФ» 0-144 км | D54: ='СП МТ'!D59 -> 16000000 | E54: ='по комитетам'!F57 -> 0 | F54: ='СП МТ'!L59 -> 0 | G54: ='СП МТ'!N59 -> 0
C55: Реконструкция и проектно-изыскательские работы автомобильной дороги республиканского значения «Атырау - Уральск» | D55: ='СП МТ'!D60 -> 0 | E55: ='по комитетам'!F58 -> 0 | F55: ='СП МТ'!L60 -> 0 | G55: ='СП МТ'!N60 -> 0
C56: Реконструкция и проектно-изыскательские работы автомобильной дороги «Актобе - Карабутак - Улгайсын» | D56: ='СП МТ'!D61 -> 16000000 | E56: ='по комитетам'!F59 -> 0 | F56: ='СП МТ'!L61 -> 0 | G56: ='СП МТ'!N61 -> 0
C57: Реконструкция автомобильной дороги республиканского значения «Кызылорда - Павлодар - Успенка - гр. РФ» участок «Жезказган - Караганды» | D57: ='СП МТ'!D62 -> 20000000 | E57: ='по комитетам'!F60 -> 0 | F57: ='СП МТ'!L62 -> 0 | G57: ='СП МТ'!N62 -> 0
C58: Реконструкция и проектно-изыскательские работы коридора Центр-Юг "Астана - Караганда - Балхаш - Курты - Капшагай - Алматы" | D58: ='СП МТ'!D63 -> 4431117 | E58: ='по комитетам'!F61 -> 0 | F58: ='СП МТ'!L63 -> 0 | G58: ='СП МТ'!N63 -> 0
C59: РП «Реконструкция автомобильной дороги республиканского значения М-51 «гр. РФ (на Челябинск)-гр. РФ (на Новосибирск) через г.г. Петропавловск, Омск» км 465-525 на участке транзитного коридора «Щучинск-Кокшетау-Петропавловск-гр. РФ, II участок км 496-465» Корректировка сметной документации | D59: ='СП МТ'!D64 -> 5177846 | E59: ='по комитетам'!F62 -> 0 | F59: ='СП МТ'!L64 -> 0 | G59: ='СП МТ'!N64 -> 0
C60: Строительство моста через р.Иртыш на автомобильной дороге республиканского значения "Кызылорда-Павлодар-Успенка-гр.РФ" км 1381 | D60: ='СП МТ'!D65 -> 21741831 | E60: ='по комитетам'!F63 -> 0 | F60: ='СП МТ'!L65 -> 0 | G60: ='СП МТ'!N65 -> 0
C61: Реконструкция и проектно-изыскательские работы автомобильной дороги республиканского значения "Гр. РФ (на Орск) - Актобе - Атырау - гр. РФ (на Астрахань)" | D61: ='СП МТ'!D66 -> 3462010 | E61: ='по комитетам'!F64 -> 0 | F61: ='СП МТ'!L66 -> 0 | G61: ='СП МТ'!N66 -> 0
C62: Реконструкция и проектно-изыскательские работы коридора Центр-Восток "Астана-Павлодар-Калбатау-Усть-Каменогорск", в том числе Восточный обход г. Павлодар | D62: 1101497 | E62: ='по комитетам'!F65 -> 0
C63: Реконструкция и проектно-изыскательские работы автомобильной дороги республиканского значения "Усть-Каменогорск - Зыряновск - Большенарымское - Катон-Карагай - Рахмановские ключи" | D63: 5000000 | E63: ='по комитетам'!F66 -> 0
C64: Реконструкция и проектно-изыскательские работы автомобильной дороги республиканского значения «Центр-Запад» | D64: 9572 | E64: ='по комитетам'!F67 -> 0
C65: Строительство мостового перехода через Бухтарминское водохранилище в Куручмском районе ВКО | E65: ='по комитетам'!F68 -> 0
C66: Реконструкция автомобильной дороги республиканского значения «Узынагаш - Отар» | E66: ='по комитетам'!F69 -> 0
C67: Реконструкция и проектно-изыскательские работы коридора Центр-Юг «Астана - Караганда - Балхаш - Курты - Капшагай - Алматы» участок «Курты - Бурылбайтал» | E67: ='по комитетам'!F70 -> 0
C68: Реконструкция и проектно-изыскательские работы коридора Центр-Юг «Астана - Караганда - Балхаш - Курты - Капшагай - Алматы» участок «Балхаш - Бурылбайтал» | E68: ='по комитетам'!F71 -> 0
C69: Реконструкция и проектно-изыскательские работы автомобильной дороги республиканского значения «Кызылорда-Жезказган» | D69: ='СП МТ'!D70 -> 0 | E69: ='СП МТ'!H70 -> 0 | F69: ='СП МТ'!L70 -> 0 | G69: ='СП МТ'!N70 -> 0
A70: 013 | C70: Субсидирование регулярных авиаперевозок | D70: =D71 -> 6592990 | E70: =E71 -> 6418439 | F70: =F71 -> 6418439 | G70: =G71 -> 6418439 | J70: 6500000 | K70: =#REF!-J70 -> #REF! | L70: 6500000 | M70: =#REF!-L70 -> #REF!
B71: 030 | C71: За счет средств республиканского бюджета | D71: ='СП МТ'!D501 -> 6592990 | E71: ='по комитетам'!F591 -> 6418439 | F71: ='по комитетам'!G591 -> 6418439 | G71: ='по комитетам'!H591 -> 6418439 | H71: ='СП МТ'!L501 -> Субсидируются следующие авиамаршруты: 1 Туркестан-Актау 2 Туркестан-Актобе 3 Туркестан-Караганда 4 Туркестан – Уральск 5 Туркестан – Костанай 6 Жезказган – Караганда 7 Жезказган – Шымкент 8 Балхаш – Алматы 9 Балхаш – Астана 10 Жезказган – Усть-Каменогорск 11 Алматы – Кокшетау 12 Кокшетау – Актау 13 Кокшетау - Шымкент 14 Урджар – Астана 15 Урджар – Алматы 16 Петропавловск – Астана 17 Петропавловск – Алматы 18 Алматы – Ушарал 19 Астана – Ушарал 20 Павлодар – Астана 21 Тараз – Алматы 22 Тараз - Атырау 23 Усть-Каменогорск – Караганда 24 Кызылорда - Кокшетау 25 Кокшетау - Атырау 26 Актобе - Кокшетау 27 Усть-Каменогорск – Урджар 28 Зайсан - Алматы 29 Шымкент - Актобе 30 Шымкент - Павлодар 31 Шымкент - Костанай 32 Шымкент - Усть-Каменогорск 33 Караганда - Шымкент 34 Караганда - Актобе 35 Караганда - Атырау 36 Балхаш - Шымкент 37 Балхаш - Жезказган 38 Балхаш - Туркестан 39 Петропавловск - Шымкент 40 Петропавловск - Туркестан 41 Туркестан - Атырау 42 Туркестан - Кокшетау 43 Туркестан - Павлодар 44 Туркестан - Семей 45 Туркестан - Усть-Каменогорск 46 Туркестан - Талдыкорган 47 Туркестан - Ушарал
A72: 015 | C72: Субсидирование железнодорожных пассажирских перевозок по социально значимым межобластным сообщениям | D72: 52234797 | E72: ='по комитетам'!F568 -> 64411984 | F72: ='по комитетам'!G568 -> 54401984 | G72: ='по комитетам'!H568 -> 54401984 | H72: ='СП МТ'!L481 -> 116 393 979 тыс.тенге, из них: 1) 77 355 693 тыс. тенге- АО "Пассажирские перевозки", 2) 4 573 517 тыс. тенге АО "Пригородные перевозки" 3) 18 823 124 тыс. тенге - АО "Пассажирские локомотивы" 4) 15 641 645 тыс.тенге - Частные перевозчики | J72: 37327971 | K72: =#REF!-J72 -> #REF! | L72: 40527885 | M72: =#REF!-L72 -> #REF!
A73: 034 | C73: Реализация мероприятий в рамках проекта «Новая транспортная система города Астаны. LRT (участок от аэропорта до нового железнодорожного вокзала)» | D73: =SUM(D74:D76) -> 28427704 | E73: =SUM(E74:E76) -> 0 | F73: =SUM(F74:F76) -> 0 | G73: =SUM(G74:G76) -> 0 | J73: 0 | K73: =#REF!-J73 -> #REF! | L73: 0
B74: 102 | C74: Целевые трансферты на развитие бюджету города Астаны на увеличение уставного капитала юридических лиц на строительство в рамках проекта «Новая транспортная система города Астаны. LRT (участок от аэропорта до нового железнодорожного вокзала) за счет средств целевого трансферта из Национального Фонда Республики Казахстан | D74: ='СП МТ'!D483 -> 0 | E74: ='СП МТ'!H483 -> 0 | F74: ='СП МТ'!L483 -> 0 | G74: ='СП МТ'!N483 -> 0 | H74: ='СП МТ'!L483 -> 0
B75: 103 | C75: Целевые трансферты на развитие бюджету города Астаны на увеличение уставного капитала юридических лиц на строительство в рамках проекта «Новая транспортная система города Астаны. LRT (участок от аэропорта до нового железнодорожного вокзала)» | D75: 28427704 | E75: ='по комитетам'!F573 -> 0 | F75: ='по комитетам'!G573 -> 0 | G75: ='по комитетам'!H573 -> 0 | H75: ='СП МТ'!L484 -> 328 875 246 тыс. тенге - на СМР по ЕРС-контракту
B76: 000 | C76: Целевые текущие трансферты бюджету города Астаны на погашение вознаграждения и основного долга по облигационному займу в рамках проекта «Новая транспортная система города Астаны. LRT (участок от аэропорта до нового железнодорожного вокзала)» | D76: ='СП МТ'!D485 -> 0 | E76: ='СП МТ'!H485 -> 0 | F76: ='СП МТ'!L485 -> 0 | G76: ='СП МТ'!N485 -> 0 | H76: ='СП МТ'!L485 -> 0
A77: 091 | C77: Ремонт и организация содержания, направленная на улучшение качества автомобильных дорог общего пользования | D77: =D78+D79+D80+D87+D92+D228+D359 -> 209997015 | E77: =E78+E79+E80+E87+E92+E228+E359 -> 44242627 | F77: =F78+F79+F80+F87+F92+F228+F359 -> 44242627 | G77: =G78+G79+G80+G87+G92+G228+G359 -> 44242627 | J77: 20164492 | K77: =#REF!-J77 -> #REF! | L77: 19412256 | M77: =#REF!-L77 -> #REF!
B78: 101 | C78: Обеспечение качества выполнения дорожно-строительных и ремонтных работ | D78: ='СП МТ'!D72 -> 2807186 | E78: ='по комитетам'!F74 -> 2703885 | F78: ='по комитетам'!G74 -> 2703885 | G78: ='по комитетам'!H74 -> 2703885
B79: 102 | C79: Услуги по организации работ по строительству, реконструкции, ремонту и содержанию автомобильных дорог | D79: ='СП МТ'!D73 -> 3144876 | E79: ='по комитетам'!F75 -> 3144876 | F79: ='по комитетам'!G75 -> 3144876 | G79: ='по комитетам'!H75 -> 3144876
B80: 106 | C80: Целевые текущие трансферты областным бюджетам, бюджетам городов республиканского значения, столицы на изъятие земельных участков для государственных нужд | D80: ='СП МТ'!D74 -> 124351 | E80: ='по комитетам'!F76 -> 0 | F80: ='по комитетам'!G76 -> 0 | G80: ='по комитетам'!H76 -> 0
C81: Алматинская область | D81: ='СП МТ'!D75 -> 124351 | E81: ='по комитетам'!F77 -> 0
C82: Атырауская область | D82: ='СП МТ'!D76 -> 0
C83: Жамбылская область | D83: ='СП МТ'!D77 -> 0
C84: город Алматы | D84: ='СП МТ'!D78 -> 0
C85: город Астана | D85: ='СП МТ'!D79 -> 0 | E85: ='по комитетам'!F81 -> 0 | F85: ='по комитетам'!G81 -> 0 | G85: ='по комитетам'!H81 -> 0
C86: город Шымкент | D86: ='СП МТ'!D80 -> 0 | E86: ='по комитетам'!F82 -> 0 | F86: ='по комитетам'!G82 -> 0 | G86: ='по комитетам'!H82 -> 0
B87: 108 | C87: Капитальный, средний и текущий ремонт, содержание, озеленение, диагностика и инструментальное обследование автомобильных дорог республиканского значения за счет средств республиканского бюджета | D87: =SUM(D88:D91) -> 123954452 | E87: =SUM(E88:E91) -> 38393866 | F87: =SUM(F88:F91) -> 38393866 | G87: =SUM(G88:G91) -> 38393866
C88: Капитальный ремонт | D88: ='СП МТ'!D82 -> 40000000 | E88: ='по комитетам'!F84 -> 0 | F88: ='по комитетам'!G84 -> 0 | G88: ='по комитетам'!H84 -> 0
C89: Средний ремонт | D89: ='СП МТ'!D83 -> 48692160 | E89: ='по комитетам'!F85 -> 0 | F89: ='по комитетам'!G85 -> 0 | G89: ='по комитетам'!H85 -> 0
C90: Содержание | D90: ='СП МТ'!D84 -> 34000000 | E90: ='по комитетам'!F86 -> 37768866 | F90: ='по комитетам'!G86 -> 37768866 | G90: ='по комитетам'!H86 -> 37768866
C91: Актуализация нормативно-технических документов в соответствии с планом структуризации нормативной базы дорожной отрасли, наполнение единой базы дорожно-строительных материалов и новых технологии | D91: ='СП МТ'!D85 -> 1262292 | E91: ='по комитетам'!F87 -> 625000 | F91: ='по комитетам'!G87 -> 625000 | G91: ='по комитетам'!H87 -> 625000
B92: 110 | C92: Целевые трансферты на развитие областным бюджетам, бюджетам городов республиканского значения, столицы на развитие транспортной инфраструктуры за счет средств республиканского бюджета | D92: =D93+D98+D109+D111+D115+D119+D124+D129+D139+D142+D160+D164+D172+D178+D184+D187+D192+D200+D213 -> 3938572 | E92: ='по комитетам'!F90 -> 0 | F92: ='по комитетам'!G88 -> 0 | G92: ='по комитетам'!H88 -> 0
C93: Акмолинская область | D93: ='СП МТ'!D87 -> 0 | E93: ='по комитетам'!F91 -> 0 | F93: ='по комитетам'!G89 -> 0 | G93: ='по комитетам'!H89 -> 0
C94: Строительство и реконструкция развития дорожной сети поселка Бурабай (III очередь) Автомобильные дороги Улица Джамбула, Казахстанская, Интернациональная Акмолинская область, Бурабайский район» | E94: ='по комитетам'!F92 -> 0 | F94: ='по комитетам'!G90 -> 0 | G94: ='по комитетам'!H90 -> 0
C95: Реконструкция дороги областного значения КС-26 "Щучинск- Боровое" - Наурызбай батыр - граница области" км 0-8 (8 км) Бурабайского района, Акмолинской области | E95: ='по комитетам'!F93 -> 0 | F95: ='по комитетам'!G91 -> 0 | G95: ='по комитетам'!H91 -> 0
C96: «Строительство гравийно-щебеночной подъездной дороги к озеру Караунгир Бурабайского района Акмолинской области» | E96: ='по комитетам'!F94 -> 0 | F96: ='по комитетам'!G92 -> 0 | G96: ='по комитетам'!H92 -> 0
C97: Реконструкция автомобильной дороги областного значения КС-9 "Степногорск-Азат" км 0-41 (41 км) Акмолинской области | E97: ='по комитетам'!F95 -> 0 | F97: ='по комитетам'!G93 -> 0 | G97: ='по комитетам'!H93 -> 0
C98: Актюбинская область | D98: ='СП МТ'!D92 -> 505133 | E98: ='по комитетам'!F96 -> 0 | F98: ='по комитетам'!G94 -> 0 | G98: ='по комитетам'!H94 -> 0
C99: Строительство автомобильной дороги «Большой Южный обход города Актобе» | D99: ='СП МТ'!D93 -> 0 | E99: ='по комитетам'!F97 -> 0 | F99: ='по комитетам'!G95 -> 0 | G99: ='по комитетам'!H95 -> 0
C100: Строительство автомобильной дороги, соединяющей автодорогу «Самара-Шымкент» с автодорогой «Актобе-Мартук-гр.РФ» (Западный обход города Актобе) | D100: ='СП МТ'!D94 -> 0 | E100: ='по комитетам'!F98 -> 0 | F100: ='по комитетам'!G96 -> 0 | G100: ='по комитетам'!H96 -> 0
C101: Реконструкция автомобильной дороги «Шалкар-Бозой-граница РУ (на Нукус)» участок 115-145 | D101: ='СП МТ'!D95 -> 0 | E101: ='по комитетам'!F99 -> 0 | F101: ='по комитетам'!G97 -> 0 | G101: ='по комитетам'!H97 -> 0
C102: Реконструкция автомобильной дороги «Шалкар-Бозой-граница РУ (на Нукус)» участок 145-175 км | D102: ='СП МТ'!D96 -> 0 | E102: ='по комитетам'!F100 -> 0 | F102: ='по комитетам'!G98 -> 0 | G102: ='по комитетам'!H98 -> 0
C103: Строительство автомобильной дороги районного значения «Иргиз-Кутиколь-Жарма-Куйылыс», участок 30-45 км | D103: ='СП МТ'!D97 -> 0 | E103: ='по комитетам'!F101 -> 0 | F103: ='по комитетам'!G99 -> 0 | G103: ='по комитетам'!H99 -> 0
C104: Строительство новой автомобильной дороги IV категории районного значения с села Шубарши до границы Атырауской области (0-17,5 км) | D104: ='СП МТ'!D98 -> 0 | E104: ='по комитетам'!F102 -> 0 | F104: ='по комитетам'!G100 -> 0 | G104: ='по комитетам'!H100 -> 0
...

Sheet одной строкой
A1: Информация по проекту бюджета Министерства транспорта РК на 2025-2027 годы
A2: тыс. тенге
A3: Программа | B3: Подпрограмма | C3: Наименование | D3: Скор-ный бюджет на 2024 год | E3: Лимиты | L3: Примечание
E4: Заявка | F4: Утвержденный | G4: 2025 год | H4: Заявка | I4: 2026 год | J4: Заявка | K4: 2027 год
A5: ВСЕГО по Министерству: | D5: =D12+D472+D491+D503+D509 -> 758920289 | E5: =E12+E472+E491+E503+E509-14210 -> 1.9385556e+09 | F5: =F12+F472+F491+F503+F509 -> 408044685 | G5: =G12+G472+G491+G503+G509 -> 4.0804452e+08 | H5: =H6+H12+H472+H491 -> 1.7176605e+09 | I5: =I12+I472+I491+I503+I509 -> 3.9782363e+08 | J5: =J6+J12+J472+J491 -> 1.7059727e+09 | K5: =K12+K472+K491+K503+K509 -> 3.9782363e+08 | O5: 397823631 | P5: =K5-O5 -> 0.0046000481
A6: 001 | C6: Формирование и реализация политики государства в области транспорта и коммуникаций | D6: =SUM(D7:D11) -> 10800252 | E6: =SUM(E7:E11) -> 15878818 | F6: =SUM(F7:F11) -> 9286975 | G6: =SUM(G7:G11) -> 13905934 | H6: =SUM(H7:H11) -> 11635140 | I6: =SUM(I7:I11) -> 6882262 | J6: =SUM(J7:J11) -> 11947972 | K6: =SUM(K7:K11) -> 6882262
B7: 100 | C7: Обеспечение деятельности уполномоченного органа в области транспорта и коммуникаций | D7: 881606 | E7: 994768 | F7: 905319 | G7: 997572 | H7: 1006358 | J7: 1015972
B8: 104 | C8: Обеспечение функционирования информационных систем и информационно-техническое обеспечение государственных органов | D8: 1002160 | E8: 1649322 | F8: 978204 | G8: 1175716 | H8: 1391481 | J8: 1454948
B9: 105 | C9: Содержание здания административно-технологического комплекса «Transport tower» | D9: 1668673 | E9: 4814642 | F9: 591334 | G9: 4814642 | H9: 776410 | J9: 815230
B10: 111 | C10: Капитальные расходы Министерства транспорта Республики Казахстан | D10: 450529 | E10: 747205 | F10: 21940 | G10: 373602 | H10: 629478 | J10: 645396
B11: 123 | C11: Текущие административные расходы | D11: 6797284 | E11: 7672881 | F11: 6790178 | G11: 6544402 | H11: 7831413 | I11: 6882262 | J11: 8016426 | K11: 6882262
A12: Комитет автомобильных дорог | D12: =D13+D19+D69+D312+D313+D397+D417 -> 592394956 | E12: =E13+E19+E69+E312+E313+E397+E417 -> 1.2377828e+09 | F12: =F13+F19+F69+F312+F313+F397+F417 -> 303853688 | G12: =G13+G19+G69+G312+G313+G397+G417 -> 3.0652707e+08 | H12: =H13+H19+H69+H312+H313+H397+H417 -> 1.3218333e+09 | I12: =I13+I19+I69+I312+I313+I397+I417 -> 3.0162402e+08 | J12: =J13+J19+J69+J312+J313+J397+J417 -> 1.3082222e+09 | K12: =K13+K19+K69+K312+K313+K397+K417 -> 3.0156671e+08
A13: 001 | C13: Формирование и реализация политики государства в области транспорта и коммуникаций | D13: =D14+D15+D16+D17+D18 -> 548052 | E13: =E14+E15+E16+E17+E18 -> 912477 | F13: =F14+F15+F16+F17+F18 -> 553920 | G13: =G14+G15+G16+G17+G18 -> 518458 | H13: =H14+H15+H16+H17+H18 -> 0 | I13: =I14+I15+I16+I17+I18 -> 534921 | J13: =J14+J15+J16+J17+J18 -> 0 | K13: =K14+K15+K16+K17+K18 -> 534921
B14: 100 | C14: Обеспечение деятельности уполномоченного органа в области транспорта и коммуникаций | D14: 9146 | E14: 14261 | F14: 9337 | G14: 14261 | I14: 14261 | K14: 14261
B15: 104 | C15: Обеспечение функционирования информационных систем и информационно-техническое обеспечение государственных органов | D15: 25048 | E15: 28309 | F15: 25048 | G15: 28309 | I15: 28309 | K15: 28309
B16: 105 | C16: Содержание здания административно-технологического комплекса «Transport tower»
B17: 111 | C17: Капитальные расходы Министерства транспорта Республики Казахстан | D17: 39999 | E17: 69926 | G17: 34963 | I17: 28819 | K17: 28819
B18: 123 | C18: Текущие административные расходы | D18: 473859 | E18: 799981 | F18: 519535 | G18: 440925 | I18: 463532 | K18: 463532
A19: 003 | C19: Развитие автомобильных дорог на республиканском уровне | D19: =D20+D27+D47+D54 -> 149938659 | E19: =E20+E27+E47+E54 -> 241890065 | F19: =F20+F27+F47+F54 -> 45743344 | G19: =G20+G27+G47+G54 -> 45743344 | H19: =H20+H27+H47+H54 -> 144136907 | I19: =I20+I27+I47+I54 -> 45743344 | J19: =J20+J27+J47+J54 -> 183518233 | K19: =K20+K27+K47+K54 -> 45743344 | N19: =G19-F19 -> -0.35
B20: 004 | C20: За счет внешних займов | D20: =SUM(D21:D26) -> 45785174 | E20: =SUM(E21:E26) -> 72250000 | F20: 6238031 | G20: 12289624 | H20: =SUM(H21:H26) -> 0 | I20: =H20*15.22% -> 0 | J20: =SUM(J21:J26) -> 0
C21: Реконструкция автомобильной дороги республиканского значения «Узынагаш - Отар» | D21: 5100000 | E21: 21250000
C22: Реконструкция и проектно-изыскательские работы коридора Центр-Юг «Астана - Караганда - Балхаш - Курты - Капшагай - Алматы» участок «Курты - Бурылбайтал» | D22: 2911464 | E22: 24650000
C23: Реконструкция и проектно-изыскательские работы коридора Центр-Юг «Астана - Караганда - Балхаш - Курты - Капшагай - Алматы» участок «Балхаш - Бурылбайтал» | D23: 22970750 | E23: 26350000
C24: Реконструкция автомобильной дороги республиканского значения «Гр. РФ (на Орск) - Актобе - Атырау - гр. РФ (на Астрахань)» участок «Кандыагаш - Макат» | D24: 909546
C25: Реконструкция и проектно-изыскательские работы международного транзитного коридора «Западная Европа - Западный Китай» | D25: 1530000
C26: Строительство Восточного обхода г.Туркестан | D26: 12363414
B27: 005 | C27: За счет внутренних источников | D27: =SUM(D28:D46) -> 0 | E27: =SUM(E28:E46) -> 156890065 | F27: 1088485 | G27: 30641184 | H27: =SUM(H28:H46) -> 144136907 | I27: 45743344 | J27: =SUM(J28:J46) -> 183518233 | K27: 45743344
C28: РП «Реконструкция автомобильной дороги республиканского значения М-51 «гр. РФ (на Челябинск)-гр. РФ (на Новосибирск) через г.г. Петропавловск, Омск» км 465-525 на участке транзитного коридора «Щучинск-Кокшетау-Петропавловск- гр. РФ, II участок км 496-465» Корректировка сметной документации
C29: Реконструкция и проектно-изыскательские работы автомобильной дороги руспубликанского значения "Астана-Петропавловск" транзитного коридора "Боровое-Кокшетау-Петропавловск-граница РФ"
C30: Реконструкция и проектно-изыскательские работы коридора Центр-Восток "Астана- Павлодар- Калбатау- Усть-Каменогорск", в том числе Восточный обход г.Павлодар
C31: Строительство моста через р.Иртыш на автомобильной дороге республиканского значения "Кызылорда-Павлодар-Успенка-гр. РФ" км 1381 | E31: 17642741
C32: Реконструкция и проектно-изыскательские работы коридора Центр-Юг "Астана- Караганда-Балхаш-Курты-Капшагай-Алматы"
C33: Реконструкция и проектно-изыскательские работы автомобильной дороги руспубликанского значения "Усть-Каменогорск- Зыряновск- Большенарымское- Катон-Карагай- Рахмановские ключи" | E33: 12918630
C34: Реконструкция и проектно-изыскательские работы автомобильной дороги республиканского значения "Карабутак-Комсомольское-Денисовка-Рудный-Костанай"
C35: Реконструкция и проектно-изыскательские работы автомобильной дороги республиканского значения "Ушарал-Достык" | E35: 4495552
C36: Реконструкция и проектно-изыскательские работы автомобильной дороги республиканского значения "Кызылорда - Павлодар - Успенка - гр. РФ" участок "Жезказган-Караганды"
C37: Реконструкция и проектно-изыскательские работы автомобильной дороги республиканского значения «Атырау - Уральск» | E37: 270000 | H37: 566584 | J37: 70000000
C38: Реконструкция и проектно-изыскательские работы автомобильной дороги республиканского значения "Гр. РФ (на Орск) - Актобе - Атырау -гр. РФ ( на Астрахань)"
C39: Реконструкция и проектно-изыскательские работы автомобильной дороги республиканского значения "Уральск-Оренбург" участок "Подстепное-Федоровка- гр РФ. (на Илек)" протяженностью 144 км | E39: 9244302
C40: Реконструкция и проектно-изыскательские работы автомобильной дороги республиканского значения "Семей - Усть-Каменогорск" протяженностью 195 км"
C41: Разработка проектно-сметной документации по реконструкции автомобильной дороги "Павлодар-Успенка-гр.РФ" км 0-152 | E41: 30000000 | H41: 30000000 | J41: 30000000
C42: Реконструкция и разработка проектно-сметной документации по автомобильной дороги "гр.Актюбинской области и г.Кызылорда км 1240-1806 | H42: 40000000 | J42: 40000000
C43: Строительство мостового перехода через Бухтарминское водохранилище в Куручмском районе ВКО | E43: 4000000
C44: Строительство мостовых переходов через р. Урал на автомобильной дороге республиканского значения М-32 «Граница РФ (на Самару) – Шымкент, через Уральск, Актобе, Кызылорду | E44: 24131802 | H44: 23570323 | J44: 23570323
C45: Реконструкция автодороги "Каражал-Атасу", 0-28 км | E45: 4000000
C46: Реконструкция и проектно-изыскательские работы автомобильной дороги «Актобе-Карабутак-Улгайсын» | E46: 50187038 | H46: 50000000 | J46: 19947910
B47: 016 | C47: За счет софинансирования внешних займов из республиканского бюджета | D47: =SUM(D48:D53) -> 8035816 | E47: =SUM(E48:E53) -> 12750000 | F47: 38416828 | G47: =D47*35% -> 2812535.6 | H47: =SUM(H48:H53) -> 0 | I47: =H47*15.22% -> 0 | J47: =SUM(J48:J53) -> 0
C48: Реконструкция автомобильной дороги республиканского значения «Узынагаш - Отар» | D48: 900000 | E48: 3750000
C49: Реконструкция и проектно-изыскательские работы коридора Центр-Юг «Астана - Караганда - Балхаш - Курты - Капшагай - Алматы» участок «Курты - Бурылбайтал» | D49: 469867 | E49: 4350000
C50: Реконструкция и проектно-изыскательские работы коридора Центр-Юг «Астана - Караганда - Балхаш - Курты - Капшагай - Алматы» участок «Балхаш - Бурылбайтал» | D50: 4110581 | E50: 4650000
C51: Реконструкция автомобильной дороги республиканского значения «Гр. РФ (на Орск) - Актобе - Атырау - гр. РФ (на Астрахань)» участок «Кандыагаш - Макат» | D51: 214286
C52: Реконструкция и проектно-изыскательские работы международного транзитного коридора «Западная Европа - Западный Китай» | D52: 270000
C53: Строительство Восточного обхода г.Туркестан | D53: 2071082
B54: 032 | C54: За счет целевого трансферта из Национального фонда Республики Казахстан | D54: =SUM(D55:D68) -> 96117669 | E54: =SUM(E55:E68) -> 0 | F54: 0 | H54: =SUM(H55:H68) -> 0 | I54: =H54*15.22% -> 0 | J54: =SUM(J55:J68) -> 0
C55: Реконструкция и проектно-изыскательские работы автомобильной дороги республиканского значения «Ушарал - Достык» | D55: 3183796
C56: Реконструкция и проектно-изыскательские работы автомобильной дороги республиканского значения «Карабутак - Комсомольское - Денисовка - Рудный - Костанай» | D56: 10000
C57: Реконструкция и проектно-изыскательские работы автомобильной дороги республиканского значения «Подстепное - Федоровка - гр. РФ» 0-144 км | D57: 16000000
C58: Реконструкция и проектно-изыскательские работы автомобильной дороги республиканского значения «Атырау - Уральск»
C59: Реконструкция и проектно-изыскательские работы автомобильной дороги «Актобе - Карабутак - Улгайсын» | D59: 16000000
C60: Реконструкция автомобильной дороги республиканского значения «Кызылорда - Павлодар - Успенка - гр. РФ» участок «Жезказган - Караганды» | D60: 20000000
C61: Реконструкция и проектно-изыскательские работы коридора Центр-Юг "Астана - Караганда - Балхаш - Курты - Капшагай - Алматы" | D61: 4431117
C62: РП «Реконструкция автомобильной дороги республиканского значения М-51 «гр. РФ (на Челябинск)-гр. РФ (на Новосибирск) через г.г. Петропавловск, Омск» км 465-525 на участке транзитного коридора «Щучинск-Кокшетау-Петропавловск-гр. РФ, II участок км 496-465» Корректировка сметной документации | D62: 5177846
C63: Строительство моста через р.Иртыш на автомобильной дороге республиканского значения "Кызылорда-Павлодар-Успенка-гр.РФ" км 1381 | D63: 21741831
C64: Реконструкция и проектно-изыскательские работы автомобильной дороги республиканского значения "Гр. РФ (на Орск) - Актобе - Атырау - гр. РФ (на Астрахань)" | D64: 3462010
C65: Реконструкция и проектно-изыскательские работы коридора Центр-Восток "Астана-Павлодар-Калбатау-Усть-Каменогорск", в том числе Восточный обход г. Павлодар | D65: 1101497
C66: Реконструкция и проектно-изыскательские работы автомобильной дороги республиканского значения "Усть-Каменогорск - Зыряновск - Большенарымское - Катон-Карагай - Рахмановские ключи" | D66: 5000000
C67: Реконструкция и проектно-изыскательские работы автомобильной дороги республиканского значения «Центр-Запад» | D67: 9572
C68: Реконструкция и проектно-изыскательские работы автомобильной дороги республиканского значения «Кызылорда-Жезказган»
A69: 091 | C69: Ремонт и организация содержания, направленная на улучшение качества автомобильных дорог общего пользования | D69: =D70+D71+D72+D79+D84+D200+D311 -> 211963576 | E69: =E70+E71+E72+E79+E84+E200+E311 -> 5.5886498e+08 | F69: =F70+F71+F72+F79+F84+F200+F311 -> 20164492 | G69: =G70+G71+G72+G79+G84+G200+G311 -> 28843080 | H69: =H70+H71+H72+H79+H84+H200+H311 -> 4.8086087e+08 | I69: =I70+I71+I72+I79+I84+I200+I311 -> 25726035 | J69: =J70+J71+J72+J79+J84+J200+J311 -> 3.8253382e+08 | K69: =K70+K71+K72+K79+K84+K200+K311 -> 26031756
B70: 101 | C70: Обеспечение качества выполнения дорожно-строительных и ремонтных работ | D70: 2807186 | E70: 8884555 | F70: 2596743 | G70: =D70*35% -> 982515.1 | H70: 8119385 | I70: =H70*15.22% -> 1235770.4 | J70: 8398783 | K70: =J70*17.23% -> 1447110.3
B71: 102 | C71: Услуги по организации работ по строительству, реконструкции, ремонту и содержанию автомобильных дорог | D71: 3144876 | E71: 3905306 | F71: 2580021 | G71: =D71*35% -> 1100706.6 | H71: 3983334 | I71: =H71*15.22% -> 606263.43 | J71: 4066419 | K71: =J71*17.23% -> 700643.99
B72: 106 | C72: Целевые текущие трансферты областным бюджетам, бюджетам городов республиканского значения, столицы на изъятие земельных участков для государственных нужд | D72: =SUM(D73:D78) -> 124351 | E72: =SUM(E73:E78) -> 8982489 | F72: =SUM(F73:F78) -> 0 | G72: =SUM(G73:G78) -> 0 | H72: =SUM(H73:H78) -> 0 | I72: =SUM(I73:I78) -> 0 | J72: =SUM(J73:J78) -> 0 | K72: =SUM(K73:K78) -> 0
C73: Алматинская область | D73: 124351
C74: Атырауская область | G74: =D74*38.5% -> 0
C75: Жамбылская область
C76: город Алматы
C77: город Астана | E77: 6061472 | F77: =D77*38.5% -> 0
C78: город Шымкент | E78: 2921017 | F78: =D78*38.5% -> 0 | G78: =D78*38.5% -> 0
B79: 108 | C79: Капитальный, средний и текущий ремонт, содержание, озеленение, диагностика и инструментальное обследование автомобильных дорог республиканского значения за счет средств республиканского бюджета | D79: =SUM(D80:D83) -> 123954452 | E79: =SUM(E80:E83) -> 2.57932e+08 | F79: =SUM(F80:F83) -> 10178785 | G79: =SUM(G80:G83) -> 26759858 | H79: =SUM(H80:H83) -> 2.7033128e+08 | I79: =SUM(I80:I83) -> 23884001 | J79: =SUM(J80:J83) -> 2.5976124e+08 | K79: =SUM(K80:K83) -> 23884001
C80: Капитальный ремонт | D80: 40000000 | E80: 51383405 | F80: 3000000 | G80: =D80*35%-3000000 -> 11000000 | H80: 57556234 | I80: 11000000 | J80: 41959556 | K80: 11000000
C81: Средний ремонт | D81: 48692160 | E81: 1.5e+08 | F81: 5048976 | G81: =D81*35%-3036599 -> 14005657 | H81: 150000000 | I81: 11129800 | J81: 1.5e+08 | K81: 11129800
C82: Содержание | D82: 34000000 | E82: 55000000 | F82: 867517 | G82: =867517+444882 -> 1312399 | H82: 60000000 | I82: 1312399 | J82: 67000000 | K82: 1312399
C83: Изготовление государственных актов и технических паспортов на автомобильные дороги и производственные базы - КазДорНИИ | D83: 1262292 | E83: 1548595 | F83: 1262292 | G83: =D83*35% -> 441802.2 | H83: 2775044 | I83: 441802.2 | J83: 801686.46 | K83: 441802.2
B84: 110 | C84: Целевые трансферты на развитие областным бюджетам, бюджетам городов республиканского значения, столицы на развитие транспортной инфраструктуры за счет средств республиканского бюджета | D84: =D85+D90+D101+D103+D107+D111+D116+D121+D131+D134+D143+D147+D150+D156+D168+D171+D176+D180+D193 -> 5905133 | E84: =E85+E90+E101+E103+E107+E111+E116+E121+E131+E134+E143+E147+E150+E156+E168+E171+E176+E180+E193 -> 2.7916063e+08 | F84: 4808943 | H84: =H85+H90+H101+H103+H107+H111+H116+H121+H131+H134+H143+H147+H150+H156+H168+H171+H176+H180+H193 -> 1.9842687e+08 | J84: =J85+J90+J101+J103+J107+J111+J116+J121+J131+J134+J143+J147+J150+J156+J168+J171+J176+J180+J193 -> 110307377
C85: Акмолинская область | D85: =SUM(D86:D89) -> 0 | E85: =SUM(E86:E89) -> 6964278 | F85: =SUM(F86:F89) -> 0 | G85: =SUM(G86:G89) -> 0 | H85: =SUM(H86:H89) -> 3500000 | J85: =SUM(J86:J89) -> 2000000
C86: Строительство и реконструкция развития дорожной сети поселка Бурабай (III очередь) Автомобильные дороги Улица Джамбула, Казахстанская, Интернациональная Акмолинская область, Бурабайский район» | E86: 685132
C87: Реконструкция дороги областного значения КС-26 "Щучинск- Боровое" - Наурызбай батыр - граница области" км 0-8 (8 км) Бурабайского района, Акмолинской области | E87: 1962326
C88: «Строительство гравийно-щебеночной подъездной дороги к озеру Караунгир Бурабайского района Акмолинской области» | E88: 316820
C89: Реконструкция автомобильной дороги областного значения КС-9 "Степногорск-Азат" км 0-41 (41 км) Акмолинской области | E89: 4000000 | H89: 3500000 | J89: 2000000
C90: Актюбинская область | D90: =SUM(D91:D100) -> 505133 | E90: =SUM(E91:E100) -> 22597305 | F90: =SUM(F91:F100) -> 0 | G90: =SUM(G91:G100) -> 0 | H90: =SUM(H91:H100) -> 16183873 | J90: =SUM(J91:J100) -> 6500000
C91: Строительство автомобильной дороги «Большой Южный обход города Актобе» | E91: 5000000 | H91: 5000000 | J91: 5000000
C92: Строительство автомобильной дороги, соединяющей автодорогу «Самара-Шымкент» с автодорогой «Актобе-Мартук-гр.РФ» (Западный обход города Актобе) | E92: 2312280 | H92: 0 | J92: 0
C93: Реконструкция автомобильной дороги «Шалкар-Бозой-граница РУ (на Нукус)» участок 115-145 | E93: 4500000 | H93: 4358236 | J93: 0
C94: Реконструкция автомобильной дороги «Шалкар-Бозой-граница РУ (на Нукус)» участок 145-175 км | E94: 4500000 | H94: 5325637 | J94: 0
C95: Строительство автомобильной дороги районного значения «Иргиз-Кутиколь-Жарма-Куйылыс», участок 30-45 км | E95: 1778374 | H95: 0 | J95: 0
C96: Строительство новой автомобильной дороги IV категории районного значения с села Шубарши до границы Атырауской области (0-17,5 км) | E96: 2215652 | H96: 0 | J96: 0
C97: Строительство автомобильной дороги "Подъезд к с. Енбекши", Темирского района Актюбинской области (1-участок) | E97: 652949 | H97: 0 | J97: 0
C98: Строительство автомобильной дороги "Подъезд к с. Енбекши", Темирского района Актюбинской области (2-участок) | E98: 837122 | H98: 0 | J98: 0
C99: Строительство автомобильной дороги "Подъезд к с. Енбекши", Темирского района Актюбинской области (3-участок) | E99: 800928 | H99: 0 | J99: 0
C100: Строительство автомобильной дороги районного значения «Иргиз-Кутиколь-Жарма-Куйылыс», участок 45-60 км | D100: 505133 | E100: 0 | H100: 1500000 | J100: 1500000
...

Sheet нераспредел расходы
A1: Расходы не полежащие перераспределению
E3: тыс. тенге
A4: № БП/БПП | B4: Наименование | C4: 2025 год | D4: 2026 год | E4: 2027 год
A5: 233 | B5: Выполнение обязательств по договору доверительного управления государственным имуществом | C5: 179531062 | D5: 179531062 | E5: 179531062
A6: 120 | B6: Компенсация инвестиционных затрат по проектам ГЧП | C6: 38053400 | D6: 38053400 | E6: 38053400
A7: Всего: | C7: =C6+C5 -> 217584462 | D7: =D6+D5 -> 217584462 | E7: =E6+E5 -> 217584462

Sheet Лист1
